Workbook
Name аааааппппппрррппппппп: #REF!
Name аараооооооооооооо: #REF!
Name автом: #REF!
Name алшрльоплварл: #REF!
Name аолвлддддддддддддддддввввввввв: #REF!
Name апарв: #REF!
Name апрлдджаоырыфрпопрлпрлпрлп: #REF!
Name арлггаджаш: #REF!
Name ароррбллтблпроорапииас: #REF!
Name арррррблллпдрлдддддддддд: #REF!
Name варпаааааааааа: #REF!
Name ввпьььььлднд: #REF!
Name вед: #REF!
Name вертикальная: #REF!
Name вертикплан: #REF!
Name волен: #REF!
Name вп: #REF!
Name впырпфдыпл: #REF!
Name впьглорьтитттттттттт: #REF!
Name всввввввввввввввввввввввввв: #REF!
Name выб: #REF!
Name выпуск: #REF!
Name выьлепвввввпмп: #REF!
Name еваопродолжэрщэрзшщщх: #REF!
Name измен: #REF!
Name итого: #REF!
Name итого_сантех: #REF!
Name итого_стр: #REF!
Name итого_строит: #REF!
Name итого_технол: #REF!
Name итого_электр: #REF!
Name квота: #REF!
Name кккккккккк: #REF!
Name корек: #REF!
Name корект: #REF!
Name корректир: #REF!
Name лен: #REF!
Name лот: #REF!
Name мамиааааааааааааааааааааааааааааа: #REF!
Name ммпоослччччччччччрччапппппппппр: #REF!
Name мрол: #REF!
Name оз: #REF!
Name озелен: #REF!
Name озеленение: #REF!
Name озеленение2: #REF!
Name ОСР: #REF!
Name ОСР110: #REF!
Name ОСР111: #REF!
Name план: #REF!
Name планировка: #REF!
Name плдщхэж.юрббдлююбо: #REF!
Name площадки: #REF!
Name пос: #REF!
Name прав: #REF!
Name прлппппппппппппппрррррррр: #REF!
Name провбп: #REF!
Name проект: #REF!
Name пропппп: #REF!
Name рпоолллллбрюююююююююююю: #REF!
Name сааповвыыыыыеееееггггггггг: #REF!

Sheet Расчет СМР с ПНР "вхолостую"
A1: Расчет начальной (максимальной) цены
A2: на "Реконструкцию системы технологической водоподготовки бассейна профилактория комбината"
X3: руб.
A4: Наименование глав ССР, объектный сметных расчетов, локальных сметных расчетов, видов прочих работ | B4: Сметная стоимость строительства в базисном уровне цен на 01.01.2000г. по ССР | F4: Остаток сметной стоимости в базисном уровне цен на дату проведения процедуры закупки | J4: Сметная стоимость строительства в базисном уровне цен на 01.01.2000г., выставленная на конкурс | Q4: Текущая стоимость на момент определения начальной (максимальной) цены | R4: № обосновывающего расчета | S4: В том числе по годам строительства
J5: 2015г. | M5: 2016г. | P5: Всего | S5: 2015 г. | V5: 2016 г.
B6: СМР | C6: Оборуд. | D6: Прочие | E6: Всего | F6: СМР | G6: Оборуд. | H6: Прочие | I6: Всего | J6: СМР | K6: Оборуд. | L6: Прочие | M6: СМР | N6: Оборуд. | O6: Прочие | S6: СМР | T6: Оборуд. | U6: Прочие | V6: СМР | W6: Оборуд. | X6: Прочие
A7: 1 | B7: 2 | C7: 3 | D7: 4 | E7: 5 | F7: 6 | G7: 7 | H7: 8 | I7: 9 | J7: 10 | K7: 11 | L7: 12 | M7: 13 | N7: 14 | O7: 15 | P7: 16 | Q7: 17 | R7: 18 | S7: 19 | T7: 20 | U7: 21 | V7: 22 | W7: 23 | X7: 24
A8: Глава 2. Основные объекты строительства
A9: ОСР 02-01
A10: Демонтажные работы. Общестроительные работы | B10: 44353 | C10: 0 | D10: 0 | E10: =SUM(B10:D10) -> 44353 | F10: =B10 -> 44353 | G10: =C10 -> 0 | H10: =D10 -> 0 | I10: =SUM(F10:H10) -> 44353 | J10: =F10 -> 44353 | K10: =G10 -> 0 | L10: =H10 -> 0 | M10: 0 | N10: =G10 -> 0 | O10: =H10 -> 0 | P10: =SUM(J10:L10,M10:O10) -> 44353 | Q10: =SUM(S10:U10,V10:X10) -> 254586 | R10: 01-01-01 (14-057-АР. Дем. СМ) | S10: =ROUND(J10*5.74,0) -> 254586 | T10: =ROUND(K10*4.04,0) -> 0 | U10: =ROUND(L10*10.05,0) -> 0 | V10: =ROUND(M10*5.74*1.053,0) -> 0 | W10: =ROUND(N10*4.04*1.053,0) -> 0 | X10: =ROUND(O10*10.05*1.053,0) -> 0
A11: Демонтажные работы. Технологическая часть | B11: =16089+9449 -> 25538 | C11: 0 | D11: 0 | E11: =SUM(B11:D11) -> 25538 | F11: =B11 -> 25538 | G11: =C11 -> 0 | H11: =D11 -> 0 | I11: =SUM(F11:H11) -> 25538 | J11: 0 | K11: =G11 -> 0 | L11: =H11 -> 0 | M11: =F11 -> 25538 | N11: =G11 -> 0 | O11: =H11 -> 0 | P11: =SUM(J11:L11,M11:O11) -> 25538 | Q11: =SUM(S11:U11,V11:X11) -> 154357 | R11: 01-01-02 (14-057-ТХ. Дем. СМ) | S11: =ROUND(J11*5.74,0) -> 0 | T11: =ROUND(K11*4.04,0) -> 0 | U11: =ROUND(L11*10.05,0) -> 0 | V11: =ROUND(M11*5.74*1.053,0) -> 154357 | W11: =ROUND(N11*4.04*1.053,0) -> 0 | X11: =ROUND(O11*10.05*1.053,0) -> 0
A12: Демонтажные работы. Отопление | B12: 784 | C12: 0 | D12: 0 | E12: =SUM(B12:D12) -> 784 | F12: =B12 -> 784 | G12: =C12 -> 0 | H12: =D12 -> 0 | I12: =SUM(F12:H12) -> 784 | J12: =F12 -> 784 | K12: =G12 -> 0 | L12: =H12 -> 0 | M12: 0 | N12: =G12 -> 0 | O12: =H12 -> 0 | P12: =SUM(J12:L12,M12:O12) -> 784 | Q12: =SUM(S12:U12,V12:X12) -> 4500 | R12: 01-01-03 (14-057-ОВ. Дем. СМ) | S12: =ROUND(J12*5.74,0) -> 4500 | T12: =ROUND(K12*4.04,0) -> 0 | U12: =ROUND(L12*10.05,0) -> 0 | V12: =ROUND(M12*5.74*1.053,0) -> 0 | W12: =ROUND(N12*4.04*1.053,0) -> 0 | X12: =ROUND(O12*10.05*1.053,0) -> 0
A13: Демонтажные работы. Электрооборудование | B13: =14+1128 -> 1142 | C13: 0 | D13: 0 | E13: =SUM(B13:D13) -> 1142 | F13: =B13 -> 1142 | G13: =C13 -> 0 | H13: =D13 -> 0 | I13: =SUM(F13:H13) -> 1142 | J13: =F13 -> 1142 | K13: =G13 -> 0 | L13: =H13 -> 0 | M13: 0 | N13: =G13 -> 0 | O13: =H13 -> 0 | P13: =SUM(J13:L13,M13:O13) -> 1142 | Q13: =SUM(S13:U13,V13:X13) -> 6555 | R13: 01-01-04 (14-057-ЭМ. Дем. СМ) | S13: =ROUND(J13*5.74,0) -> 6555 | T13: =ROUND(K13*4.04,0) -> 0 | U13: =ROUND(L13*10.05,0) -> 0 | V13: =ROUND(M13*5.74*1.053,0) -> 0 | W13: =ROUND(N13*4.04*1.053,0) -> 0 | X13: =ROUND(O13*10.05*1.053,0) -> 0
A14: Демонтажные работы. Электроосвещение | B14: =8+1215 -> 1223 | C14: 0 | D14: 0 | E14: =SUM(B14:D14) -> 1223 | F14: =B14 -> 1223 | G14: =C14 -> 0 | H14: =D14 -> 0 | I14: =SUM(F14:H14) -> 1223 | J14: 0 | K14: =G14 -> 0 | L14: =H14 -> 0 | M14: =F14 -> 1223 | N14: =G14 -> 0 | O14: =H14 -> 0 | P14: =SUM(J14:L14,M14:O14) -> 1223 | Q14: =SUM(S14:U14,V14:X14) -> 7392 | R14: 01-01-04 (14-057-ЭО. Дем. СМ) | S14: =ROUND(J14*5.74,0) -> 0 | T14: =ROUND(K14*4.04,0) -> 0 | U14: =ROUND(L14*10.05,0) -> 0 | V14: =ROUND(M14*5.74*1.053,0) -> 7392 | W14: =ROUND(N14*4.04*1.053,0) -> 0 | X14: =ROUND(O14*10.05*1.053,0) -> 0
A15: Общестроительные работы | B15: =197820+13006 -> 210826 | C15: 0 | D15: 0 | E15: =SUM(B15:D15) -> 210826 | F15: =B15 -> 210826 | G15: =C15 -> 0 | H15: =D15 -> 0 | I15: =SUM(F15:H15) -> 210826 | J15: 0 | K15: =G15 -> 0 | L15: =H15 -> 0 | M15: =F15 -> 210826 | N15: =G15 -> 0 | O15: =H15 -> 0 | P15: =SUM(J15:L15,M15:O15) -> 210826 | Q15: =SUM(S15:U15,V15:X15) -> 1274279 | R15: 02-01-01 (14-057-АР. СМ) | S15: =ROUND(J15*5.74,0) -> 0 | T15: =ROUND(K15*4.04,0) -> 0 | U15: =ROUND(L15*10.05,0) -> 0 | V15: =ROUND(M15*5.74*1.053,0) -> 1274279 | W15: =ROUND(N15*4.04*1.053,0) -> 0 | X15: =ROUND(O15*10.05*1.053,0) -> 0
A16: Технологическая часть | B16: =251013+52130 -> 303143 | C16: 768498 | D16: 0 | E16: =SUM(B16:D16) -> 1071641 | F16: =B16 -> 303143 | G16: =C16 -> 768498 | H16: =D16 -> 0 | I16: =SUM(F16:H16) -> 1071641 | J16: 0 | K16: 0 | L16: =H16 -> 0 | M16: =F16 -> 303143 | N16: =G16 -> 768498 | O16: =H16 -> 0 | P16: =SUM(J16:L16,M16:O16) -> 1071641 | Q16: =SUM(S16:U16,V16:X16) -> 5101546 | R16: 02-01-02 (14-057-ТХ. СМ) | S16: =ROUND(J16*5.74,0) -> 0 | T16: =ROUND(K16*4.04,0) -> 0 | U16: =ROUND(L16*10.05,0) -> 0 | V16: =ROUND(M16*5.74*1.053,0) -> 1832263 | W16: =ROUND(N16*4.04*1.053,0) -> 3269283 | X16: =ROUND(O16*10.05*1.053,0) -> 0
A17: Отопление | B17: =125329+7135 -> 132464 | C17: 50960 | D17: 0 | E17: =SUM(B17:D17) -> 183424 | F17: =B17 -> 132464 | G17: =C17 -> 50960 | H17: =D17 -> 0 | I17: =SUM(F17:H17) -> 183424 | J17: 0 | K17: 0 | L17: =H17 -> 0 | M17: =F17 -> 132464 | N17: =G17 -> 50960 | O17: =H17 -> 0 | P17: =SUM(J17:L17,M17:O17) -> 183424 | Q17: =SUM(S17:U17,V17:X17) -> 1017432 | R17: 02-01-03 (14-057-ОВ. СМ) | S17: =ROUND(J17*5.74,0) -> 0 | T17: =ROUND(K17*4.04,0) -> 0 | U17: =ROUND(L17*10.05,0) -> 0 | V17: =ROUND(M17*5.74*1.053,0) -> 800642 | W17: =ROUND(N17*4.04*1.053,0) -> 216790 | X17: =ROUND(O17*10.05*1.053,0) -> 0
A18: Электрооборудование | B18: 21110 | C18: 9444 | D18: 0 | E18: =SUM(B18:D18) -> 30554 | F18: =B18 -> 21110 | G18: =C18 -> 9444 | H18: =D18 -> 0 | I18: =SUM(F18:H18) -> 30554 | J18: 0 | K18: 0 | L18: =H18 -> 0 | M18: =F18 -> 21110 | N18: =G18 -> 9444 | O18: =H18 -> 0 | P18: =SUM(J18:L18,M18:O18) -> 30554 | Q18: =SUM(S18:U18,V18:X18) -> 167769 | R18: 02-01-04 (14-057-ЭМ. СМ) | S18: =ROUND(J18*5.74,0) -> 0 | T18: =ROUND(K18*4.04,0) -> 0 | U18: =ROUND(L18*10.05,0) -> 0 | V18: =ROUND(M18*5.74*1.053,0) -> 127593 | W18: =ROUND(N18*4.04*1.053,0) -> 40176 | X18: =ROUND(O18*10.05*1.053,0) -> 0
A19: Электроосвещение | B19: =1157+30262 -> 31419 | C19: 0 | D19: 0 | E19: =SUM(B19:D19) -> 31419 | F19: =B19 -> 31419 | G19: =C19 -> 0 | H19: =D19 -> 0 | I19: =SUM(F19:H19) -> 31419 | J19: 0 | K19: =G19 -> 0 | L19: =H19 -> 0 | M19: =F19 -> 31419 | N19: =G19 -> 0 | O19: =H19 -> 0 | P19: =SUM(J19:L19,M19:O19) -> 31419 | Q19: =SUM(S19:U19,V19:X19) -> 189903 | R19: 02-01-05 (14-057-ЭО. СМ) | S19: =ROUND(J19*5.74,0) -> 0 | T19: =ROUND(K19*4.04,0) -> 0 | U19: =ROUND(L19*10.05,0) -> 0 | V19: =ROUND(M19*5.74*1.053,0) -> 189903 | W19: =ROUND(N19*4.04*1.053,0) -> 0 | X19: =ROUND(O19*10.05*1.053,0) -> 0
A20: Конструкции металлические. Опоры | B20: 2139 | C20: 0 | D20: 0 | E20: =SUM(B20:D20) -> 2139 | F20: =B20 -> 2139 | G20: =C20 -> 0 | H20: =D20 -> 0 | I20: =SUM(F20:H20) -> 2139 | J20: 0 | K20: =G20 -> 0 | L20: =H20 -> 0 | M20: =F20 -> 2139 | N20: =G20 -> 0 | O20: =H20 -> 0 | P20: =SUM(J20:L20,M20:O20) -> 2139 | Q20: =SUM(S20:U20,V20:X20) -> 12929 | R20: 02-01-06 (14-057-КМ. СМ) | S20: =ROUND(J20*5.74,0) -> 0 | T20: =ROUND(K20*4.04,0) -> 0 | U20: =ROUND(L20*10.05,0) -> 0 | V20: =ROUND(M20*5.74*1.053,0) -> 12929 | W20: =ROUND(N20*4.04*1.053,0) -> 0 | X20: =ROUND(O20*10.05*1.053,0) -> 0
A21: Итого по главе 2: | B21: =SUM(B10:B20) -> 774141 | C21: =SUM(C10:C20) -> 828902 | D21: =SUM(D10:D20) -> 0 | E21: =SUM(E10:E20) -> 1603043 | F21: =SUM(F10:F20) -> 774141 | G21: =SUM(G10:G20) -> 828902 | H21: =SUM(H10:H20) -> 0 | I21: =SUM(I10:I20) -> 1603043 | ... Q21: =SUM(Q10:Q20) -> 8191248 | S21: =SUM(S10:S20) -> 265641 | T21: =SUM(T10:T20) -> 0 | U21: =SUM(U10:U20) -> 0 | V21: =SUM(V10:V20) -> 4399358 | W21: =SUM(W10:W20) -> 3526249 | X21: =SUM(X10:X20) -> 0
A22: Глава 9. Прочие работы и затраты
A23: ОСР 09
A24: Пусконаладочные работы "вхолостую". Технологическая часть | B24: 0 | C24: 0 | D24: =35990-22044 -> 13946 | E24: =SUM(B24:D24) -> 13946 | F24: =B24 -> 0 | G24: =C24 -> 0 | H24: =D24 -> 13946 | I24: =SUM(F24:H24) -> 13946 | J24: =F24 -> 0 | K24: =G24 -> 0 | L24: 0 | M24: =F24 -> 0 | N24: =G24 -> 0 | O24: =H24 -> 13946 | P24: =SUM(J24:L24,M24:O24) -> 13946 | Q24: =SUM(S24:U24,V24:X24) -> 147586 | R24: 09-01 (14-057-ПНР.ТХ) | S24: =ROUND(J24*5.74,0) -> 0 | T24: =ROUND(K24*4.04,0) -> 0 | U24: =ROUND(L24*10.05,0) -> 0 | V24: =ROUND(M24*5.74*1.053,0) -> 0 | W24: =ROUND(N24*4.04*1.053,0) -> 0 | X24: =ROUND(O24*10.05*1.053,0) -> 147586
A25: Пусконаладочные работы "вхолостую". Отопление | B25: 0 | C25: 0 | D25: =303-227 -> 76 | E25: =SUM(B25:D25) -> 76 | F25: =B25 -> 0 | G25: =C25 -> 0 | H25: =D25 -> 76 | I25: =SUM(F25:H25) -> 76 | J25: =F25 -> 0 | K25: =G25 -> 0 | L25: 0 | M25: =F25 -> 0 | N25: =G25 -> 0 | O25: =H25 -> 76 | P25: =SUM(J25:L25,M25:O25) -> 76 | Q25: =SUM(S25:U25,V25:X25) -> 804 | R25: 09-02 (14-057-ПНР.ОВ) | S25: =ROUND(J25*5.74,0) -> 0 | T25: =ROUND(K25*4.04,0) -> 0 | U25: =ROUND(L25*10.05,0) -> 0 | V25: =ROUND(M25*5.74*1.053,0) -> 0 | W25: =ROUND(N25*4.04*1.053,0) -> 0 | X25: =ROUND(O25*10.05*1.053,0) -> 804
A26: Пусконаладочные работы "вхолостую". Автоматика | B26: 0 | C26: 0 | D26: =2399-1919 -> 480 | E26: =SUM(B26:D26) -> 480 | F26: =B26 -> 0 | G26: =C26 -> 0 | H26: =D26 -> 480 | I26: =SUM(F26:H26) -> 480 | J26: =F26 -> 0 | K26: =G26 -> 0 | L26: 0 | M26: =F26 -> 0 | N26: =G26 -> 0 | O26: =H26 -> 480 | P26: =SUM(J26:L26,M26:O26) -> 480 | Q26: =SUM(S26:U26,V26:X26) -> 5080 | R26: 09-03 (14-057-ПНР.АТМ) | S26: =ROUND(J26*5.74,0) -> 0 | T26: =ROUND(K26*4.04,0) -> 0 | U26: =ROUND(L26*10.05,0) -> 0 | V26: =ROUND(M26*5.74*1.053,0) -> 0 | W26: =ROUND(N26*4.04*1.053,0) -> 0 | X26: =ROUND(O26*10.05*1.053,0) -> 5080
A27: Пусконаладочные работы "вхолостую". Электрооборудование | B27: 0 | C27: 0 | D27: 47046 | E27: =SUM(B27:D27) -> 47046 | F27: =B27 -> 0 | G27: =C27 -> 0 | H27: =D27 -> 47046 | I27: =SUM(F27:H27) -> 47046 | J27: =F27 -> 0 | K27: =G27 -> 0 | L27: 0 | M27: =F27 -> 0 | N27: =G27 -> 0 | O27: =H27 -> 47046 | P27: =SUM(J27:L27,M27:O27) -> 47046 | Q27: =SUM(S27:U27,V27:X27) -> 497871 | R27: 7086/1 | S27: =ROUND(J27*5.74,0) -> 0 | T27: =ROUND(K27*4.04,0) -> 0 | U27: =ROUND(L27*10.05,0) -> 0 | V27: =ROUND(M27*5.74*1.053,0) -> 0 | W27: =ROUND(N27*4.04*1.053,0) -> 0 | X27: =ROUND(O27*10.05*1.053,0) -> 497871
A28: Пусконаладочные работы "вхолостую". Автоматика | B28: 0 | C28: 0 | D28: 5162 | E28: =SUM(B28:D28) -> 5162 | F28: =B28 -> 0 | G28: =C28 -> 0 | H28: =D28 -> 5162 | I28: =SUM(F28:H28) -> 5162 | J28: =F28 -> 0 | K28: =G28 -> 0 | L28: 0 | M28: =F28 -> 0 | N28: =G28 -> 0 | O28: =H28 -> 5162 | P28: =SUM(J28:L28,M28:O28) -> 5162 | Q28: =SUM(S28:U28,V28:X28) -> 54628 | R28: 7162 (к смете 12-027-АТХ1.СМ) | S28: =ROUND(J28*5.74,0) -> 0 | T28: =ROUND(K28*4.04,0) -> 0 | U28: =ROUND(L28*10.05,0) -> 0 | V28: =ROUND(M28*5.74*1.053,0) -> 0 | W28: =ROUND(N28*4.04*1.053,0) -> 0 | X28: =ROUND(O28*10.05*1.053,0) -> 54628
A29: Итого по главе 9: | B29: =SUM(B24:B28) -> 0 | C29: =SUM(C24:C28) -> 0 | D29: =SUM(D24:D28) -> 66710 | E29: =SUM(E24:E28) -> 66710 | F29: =SUM(F24:F28) -> 0 | G29: =SUM(G24:G28) -> 0 | H29: =SUM(H24:H28) -> 66710 | I29: =SUM(I24:I28) -> 66710 | ... Q29: =SUM(Q24:Q28) -> 705969 | S29: =SUM(S24:S28) -> 0 | T29: =SUM(T24:T28) -> 0 | U29: =SUM(U24:U28) -> 0 | V29: =SUM(V24:V28) -> 0 | W29: =SUM(W24:W28) -> 0 | X29: =SUM(X24:X28) -> 705969
A30: Итого по гл. 2-9: | B30: =B21+B29 -> 774141 | C30: =C21+C29 -> 828902 | D30: =D21+D29 -> 66710 | E30: =E21+E29 -> 1669753 | F30: =F21+F29 -> 774141 | G30: =G21+G29 -> 828902 | H30: =H21+H29 -> 66710 | I30: =I21+I29 -> 1669753 | ... Q30: =Q21+Q29 -> 8897217 | S30: =S21+S29 -> 265641 | T30: =T21+T29 -> 0 | U30: =U21+U29 -> 0 | V30: =V21+V29 -> 4399358 | W30: =W21+W29 -> 3526249 | X30: =X21+X29 -> 705969
A31: Итого в ценах 2000 года: | B31: =SUM(B21,B29) -> 774141 | C31: =SUM(C21,C29) -> 828902 | D31: =SUM(D21,D29) -> 66710 | E31: =SUM(E21,E29) -> 1669753 | F31: =SUM(F21,F29) -> 774141 | G31: =SUM(G21,G29) -> 828902 | H31: =SUM(H21,H29) -> 66710 | I31: =SUM(I21,I29) -> 1669753 | ... P31: =SUM(P21,P29) -> 1669753
A32: Итого в текущих ценах*: | Q32: =SUM(S32:U32,V32:X32) -> 8897217 | S32: =S30 -> 265641 | T32: =T30 -> 0 | U32: =U30 -> 0 | V32: =V30 -> 4399358 | W32: =W30 -> 3526249 | X32: =X30 -> 705969
A33: Итого с индексом инфляции**: | Q33: =Q32 -> 8897217 | V33: =V32 -> 4399358 | W33: =W32 -> 3526249 | X33: =X32 -> 705969
A34: НДС 18% | Q34: =SUM(S34:U34,V34:X34) -> 1601499.1 | S34: =ROUND(S32*18%,2) -> 47815.38 | T34: =ROUND(T32*18%,2) -> 0 | U34: =ROUND(U32*18%,2) -> 0 | V34: =ROUND(V32*18%,2) -> 791884.44 | W34: =ROUND(W32*18%,2) -> 634724.82 | X34: =ROUND(X32*18%,2) -> 127074.42
A35: Всего с НДС: | Q35: =SUM(S35:U35,V35:X35) -> 10498716 | S35: =S32+S34 -> 313456.38 | T35: =T32+T34 -> 0 | U35: =U32+U34 -> 0 | V35: =V32+V34 -> 5191242.4 | W35: =W32+W34 -> 4160973.8 | X35: =X32+X34 -> 833043.42
A37: * В расчете использованы индексы:
A38: - 5,74 индекс изменения сметной стоимости СМР к ТЕР 2001 (письмо Минстроя России от 26.06.2015 № 19823/ЮР-08 приложение 1, "Прочие объекты")
A39: - 4,04 индекс изменения сметной стоимости оборудования (письмо Минстроя России от от 26.06.2015 № 19823/ЮР-08 приложение 5, "Электроэнергетика")
A40: - 10,05 индекс изменения сметной стоимости ПНР к ТЕР 2001 (письмо Минстроя России от 26.06.2015 № 19823/ЮР-08 приложение 1, пусконаладочные работы)
A42: ** В расчете использован индекс-дефлятор по инвестициям в основной капитал 2016/2015 - 1,053 по письму Госкорпорации "Росатом" от 09.09.2014 № 1-12.8/34083
A45: Начальник отдела капитального строительства ФГУП "Комбинат "Электрохимприбор"
A47: Инженер по проектно-сметной работе
A49: Согласовано отд. 028

Sheet Расчет ПНР "под нагрузкой"
A1: Расчет начальной (максимальной) цены
A2: на "Реконструкцию системы технологической водоподготовки бассейна профилактория комбината"
X3: руб.
A4: Наименование глав ССР, объектный сметных расчетов, локальных сметных расчетов, видов прочих работ | B4: Сметная стоимость строительства в базисном уровне цен на 01.01.2000г. по ССР | F4: Остаток сметной стоимости в базисном уровне цен на дату проведения процедуры закупки | J4: Сметная стоимость строительства в базисном уровне цен на 01.01.2000г., выставленная на конкурс | Q4: Текущая стоимость на момент определения начальной (максимальной) цены | R4: № обосновывающего расчета | S4: В том числе по годам строительства
J5: 2015г. | M5: 2016г. | P5: Всего | S5: 2015 г. | V5: 2016 г.
B6: СМР | C6: Оборуд. | D6: Прочие | E6: Всего | F6: СМР | G6: Оборуд. | H6: Прочие | I6: Всего | J6: СМР | K6: Оборуд. | L6: Прочие | M6: СМР | N6: Оборуд. | O6: Прочие | S6: СМР | T6: Оборуд. | U6: Прочие | V6: СМР | W6: Оборуд. | X6: Прочие
A7: 1 | B7: 2 | C7: 3 | D7: 4 | E7: 5 | F7: 6 | G7: 7 | H7: 8 | I7: 9 | J7: 10 | K7: 11 | L7: 12 | M7: 13 | N7: 14 | O7: 15 | P7: 16 | Q7: 17 | R7: 18 | S7: 19 | T7: 20 | U7: 21 | V7: 22 | W7: 23 | X7: 24
A8: Прочие работы и затраты
A10: Пусконаладочные работы "под нагрузкой". Технологическая часть | B10: 0 | C10: 0 | D10: =35990-13946 -> 22044 | E10: =SUM(B10:D10) -> 22044 | F10: =B10 -> 0 | G10: =C10 -> 0 | H10: =D10 -> 22044 | I10: =SUM(F10:H10) -> 22044 | J10: =F10 -> 0 | K10: =G10 -> 0 | L10: 0 | M10: =F10 -> 0 | N10: =G10 -> 0 | O10: =H10 -> 22044 | P10: =SUM(J10:L10,M10:O10) -> 22044 | Q10: =SUM(S10:U10,V10:X10) -> 233284 | R10: 09-01 (14-057-ПНР.ТХ) | S10: =ROUND(J10*5.74,0) -> 0 | T10: =ROUND(K10*4.04,0) -> 0 | U10: =ROUND(L10*10.05,0) -> 0 | V10: =ROUND(M10*5.74*1.053,0) -> 0 | W10: =ROUND(N10*4.04*1.053,0) -> 0 | X10: =ROUND(O10*10.05*1.053,0) -> 233284
A11: Пусконаладочные работы "под нагрузкой". Отопление | B11: 0 | C11: 0 | D11: =303-76 -> 227 | E11: =SUM(B11:D11) -> 227 | F11: =B11 -> 0 | G11: =C11 -> 0 | H11: =D11 -> 227 | I11: =SUM(F11:H11) -> 227 | J11: =F11 -> 0 | K11: =G11 -> 0 | L11: 0 | M11: =F11 -> 0 | N11: =G11 -> 0 | O11: =H11 -> 227 | P11: =SUM(J11:L11,M11:O11) -> 227 | Q11: =SUM(S11:U11,V11:X11) -> 2402 | R11: 09-02 (14-057-ПНР.ОВ) | S11: =ROUND(J11*5.74,0) -> 0 | T11: =ROUND(K11*4.04,0) -> 0 | U11: =ROUND(L11*10.05,0) -> 0 | V11: =ROUND(M11*5.74*1.053,0) -> 0 | W11: =ROUND(N11*4.04*1.053,0) -> 0 | X11: =ROUND(O11*10.05*1.053,0) -> 2402
A12: Пусконаладочные работы "под нагрузкой". Автоматика | B12: 0 | C12: 0 | D12: =2399-480 -> 1919 | E12: =SUM(B12:D12) -> 1919 | F12: =B12 -> 0 | G12: =C12 -> 0 | H12: =D12 -> 1919 | I12: =SUM(F12:H12) -> 1919 | J12: =F12 -> 0 | K12: =G12 -> 0 | L12: 0 | M12: =F12 -> 0 | N12: =G12 -> 0 | O12: =H12 -> 1919 | P12: =SUM(J12:L12,M12:O12) -> 1919 | Q12: =SUM(S12:U12,V12:X12) -> 20308 | R12: 09-03 (14-057-ПНР.АТМ) | S12: =ROUND(J12*5.74,0) -> 0 | T12: =ROUND(K12*4.04,0) -> 0 | U12: =ROUND(L12*10.05,0) -> 0 | V12: =ROUND(M12*5.74*1.053,0) -> 0 | W12: =ROUND(N12*4.04*1.053,0) -> 0 | X12: =ROUND(O12*10.05*1.053,0) -> 20308
A13: Пусконаладочные работы "под нагрузкой". Автоматика | B13: 0 | C13: 0 | D13: 15483 | E13: =SUM(B13:D13) -> 15483 | F13: =B13 -> 0 | G13: =C13 -> 0 | H13: =D13 -> 15483 | I13: =SUM(F13:H13) -> 15483 | J13: =F13 -> 0 | K13: =G13 -> 0 | L13: 0 | M13: =F13 -> 0 | N13: =G13 -> 0 | O13: =H13 -> 15483 | P13: =SUM(J13:L13,M13:O13) -> 15483 | Q13: =SUM(S13:U13,V13:X13) -> 163851 | R13: 7162/1 (к смете 12-027-АТХ1.СМ) | S13: =ROUND(J13*5.74,0) -> 0 | T13: =ROUND(K13*4.04,0) -> 0 | U13: =ROUND(L13*10.05,0) -> 0 | V13: =ROUND(M13*5.74*1.053,0) -> 0 | W13: =ROUND(N13*4.04*1.053,0) -> 0 | X13: =ROUND(O13*10.05*1.053,0) -> 163851
A14: Итого : | B14: =SUM(B10:B13) -> 0 | C14: =SUM(C10:C13) -> 0 | D14: =SUM(D10:D13) -> 39673 | E14: =SUM(E10:E13) -> 39673 | F14: =SUM(F10:F13) -> 0 | G14: =SUM(G10:G13) -> 0 | H14: =SUM(H10:H13) -> 39673 | I14: =SUM(I10:I13) -> 39673 | ... Q14: =SUM(Q10:Q13) -> 419845 | S14: =SUM(S10:S13) -> 0 | T14: =SUM(T10:T13) -> 0 | U14: =SUM(U10:U13) -> 0 | V14: =SUM(V10:V13) -> 0 | W14: =SUM(W10:W13) -> 0 | X14: =SUM(X10:X13) -> 419845
A15: Итого в ценах 2000 года: | B15: =B14 -> 0 | C15: =C14 -> 0 | D15: =D14 -> 39673 | E15: =E14 -> 39673 | F15: =F14 -> 0 | G15: =G14 -> 0 | H15: =H14 -> 39673 | I15: =I14 -> 39673 | ... P15: =P14 -> 39673
A16: Итого в текущих ценах*: | Q16: =SUM(S16:U16,V16:X16) -> 419845 | S16: =S14 -> 0 | T16: =T14 -> 0 | U16: =U14 -> 0 | V16: =V14 -> 0 | W16: =W14 -> 0 | X16: =X14 -> 419845
A17: Итого с индексом инфляции**: | Q17: =Q16 -> 419845 | V17: =V16 -> 0 | W17: =W16 -> 0 | X17: =X16 -> 419845
A18: НДС 18% | Q18: =SUM(S18:U18,V18:X18) -> 75572.1 | S18: =ROUND(S16*18%,2) -> 0 | T18: =ROUND(T16*18%,2) -> 0 | U18: =ROUND(U16*18%,2) -> 0 | V18: =ROUND(V16*18%,2) -> 0 | W18: =ROUND(W16*18%,2) -> 0 | X18: =ROUND(X16*18%,2) -> 75572.1
A19: Всего с НДС: | Q19: =SUM(S19:U19,V19:X19) -> 495417.1 | S19: =S16+S18 -> 0 | T19: =T16+T18 -> 0 | U19: =U16+U18 -> 0 | V19: =V16+V18 -> 0 | W19: =W16+W18 -> 0 | X19: =X16+X18 -> 495417.1
A21: * В расчете использованы индексы:
A22: - 10,05 индекс изменения сметной стоимости ПНР к ТЕР 2001 (письмо Минстроя России от 26.06.2015 № 19823/ЮР-08 приложение 1, пусконаладочные работы)
A24: ** В расчете использован индекс-дефлятор по инвестициям в основной капитал 2016/2015 - 1,053 по письму Госкорпорации "Росатом" от 09.09.2014 № 1-12.8/34083
A27: Начальник отдела капитального строительства ФГУП "Комбинат "Электрохимприбор"
A29: Инженер по проектно-сметной работе
A31: Согласовано отд. 028

Sheet НМЦ
G1: Приложение №1
G2: к извещению на размещение заказа
G3: на выполнение комплекса работ
G4: по строительству объекта
A6: Определение начальной (максимальной) цены договора генерального подряда
A7: ='Расчет СМР с ПНР "вхолостую"'!A2 -> на "Реконструкцию системы технологической водоподготовки бассейна профилактория комбината"
A8: на 2015 - 2016 год
A10: Способ закупки: запрос предложений
H11: ц.2000г./текущие цены, руб.
A12: Наименование услуг и работ (затрат) | C12: Сметная стоимость строительства в базисном уровне цен на 01.01.2000 г. | D12: Сметная стоимость строительства в текущем уровне цен, пресчитанная на момент проведения процедуры закупки | F12: Начальная (максимальная) цена | G12: в том числе по годам строительства
G15: 2015 г. | H15: 2016 г.
A19: 1 | C19: 2 | D19: 3 | F19: 4 | G19: 5 | H19: 6
A20: СМР | C20: ='Расчет СМР с ПНР "вхолостую"'!J31+'Расчет СМР с ПНР "вхолостую"'!M31 -> 774141 | D20: ='Расчет СМР с ПНР "вхолостую"'!S32+'Расчет СМР с ПНР "вхолостую"'!V32 -> 4664999 | F20: =SUM(G20:H20) -> 4664999 | G20: ='Расчет СМР с ПНР "вхолостую"'!S32 -> 265641 | H20: ='Расчет СМР с ПНР "вхолостую"'!V32 -> 4399358
A21: Оборудование | C21: ='Расчет СМР с ПНР "вхолостую"'!K31+'Расчет СМР с ПНР "вхолостую"'!N31 -> 828902 | D21: ='Расчет СМР с ПНР "вхолостую"'!T32+'Расчет СМР с ПНР "вхолостую"'!W32 -> 3526249 | F21: =SUM(G21:H21) -> 3526249 | G21: ='Расчет СМР с ПНР "вхолостую"'!T32 -> 0 | H21: ='Расчет СМР с ПНР "вхолостую"'!W32 -> 3526249
A22: Прочие затраты | C22: =SUM(C24:C25) -> 106383 | D22: =SUM(D24:E25) -> 1125814 | F22: =SUM(G22:H22) -> 1125814 | G22: ='Расчет СМР с ПНР "вхолостую"'!U32+'Расчет ПНР "под нагрузкой"'!U16 -> 0 | H22: ='Расчет СМР с ПНР "вхолостую"'!U32+'Расчет СМР с ПНР "вхолостую"'!X32+'Расчет ПНР "под нагрузкой"'!U16+'Расчет ПНР "под нагрузкой"'!X16 -> 1125814
A23: в том числе:
A24: ПНР "вхолостую" | C24: ='Расчет СМР с ПНР "вхолостую"'!L31+'Расчет СМР с ПНР "вхолостую"'!O31 -> 66710 | D24: ='Расчет СМР с ПНР "вхолостую"'!U32+'Расчет СМР с ПНР "вхолостую"'!X32 -> 705969 | F24: =SUM(G24:H24) -> 705969 | G24: ='Расчет СМР с ПНР "вхолостую"'!U30 -> 0 | H24: ='Расчет СМР с ПНР "вхолостую"'!X30 -> 705969
A25: ПНР "под нагрузкой" | C25: ='Расчет ПНР "под нагрузкой"'!L15+'Расчет ПНР "под нагрузкой"'!O15 -> 39673 | D25: ='Расчет ПНР "под нагрузкой"'!U16+'Расчет ПНР "под нагрузкой"'!X16 -> 419845 | F25: =SUM(G25:H25) -> 419845 | G25: ='Расчет ПНР "под нагрузкой"'!U16 -> 0 | H25: ='Расчет ПНР "под нагрузкой"'!X16 -> 419845
A26: Всего: | C26: =SUM(C20:C22) -> 1709426 | D26: =SUM(D20:E22) -> 9317062 | F26: =SUM(F20:F22) -> 9317062 | G26: =SUM(G20:G22) -> 265641 | H26: =SUM(H20:H22) -> 9051421
A27: НДС | D27: =ROUND(D26*18%,2) -> 1677071.2 | F27: =ROUND(F26*18%,2) -> 1677071.2 | G27: =ROUND(G26*18%,2) -> 47815.38 | H27: =ROUND(H26*18%,2) -> 1629255.8
A28: Итого с НДС | D28: =SUM(D26:E27) -> 10994133 | F28: =SUM(F26:F27) -> 10994133 | G28: =SUM(G26:G27) -> 313456.38 | H28: =SUM(H26:H27) -> 10680677
A30: * В расчете использованы индексы:
A31: ='Расчет СМР с ПНР "вхолостую"'!A38 -> - 5,74 индекс изменения сметной стоимости СМР к ТЕР 2001 (письмо Минстроя России от 26.06.2015 № 19823/ЮР-08 приложение 1, "Прочие объекты")
A32: ='Расчет СМР с ПНР "вхолостую"'!A39 -> - 4,04 индекс изменения сметной стоимости оборудования (письмо Минстроя России от от 26.06.2015 № 19823/ЮР-08 приложение 5, "Электроэнергетика")
A33: ='Расчет СМР с ПНР "вхолостую"'!A40 -> - 10,05 индекс изменения сметной стоимости ПНР к ТЕР 2001 (письмо Минстроя России от 26.06.2015 № 19823/ЮР-08 приложение 1, пусконаладочные работы)
A34: ='Расчет СМР с ПНР "вхолостую"'!A42 -> ** В расчете использован индекс-дефлятор по инвестициям в основной капитал 2016/2015 - 1,053 по письму Госкорпорации "Росатом" от 09.09.2014 № 1-12.8/34083
A36: Начальник отдела капитального строительства
A37: ФГУП "Комбинат "Электрохимприбор"
A39: Инженер по проектно-сметной работе | G39: Ю.А. Воеводина
A41: Согласовано отд. 028

Sheet 01-01-01
A1: СОГЛАСОВАНО: | M1: УТВЕРЖДАЮ:
A4: _________________ | M4: _________________
A5: " _____ " ________________ 2013 г. | M5: "____" ______________2013 г.
H6: ФГУП "Комбинат "Электрохимприбор" г. Лесной, Свердловской области
H7: (наименование стройки)
H9: ЛОКАЛЬНЫЙ СМЕТНЫЙ РАСЧЕТ № 01-01-01 (14-057-АР.Дем.СМ)
H10: (локальная смета)
F12: на Демонтажные работы. Общестроительные работы к проекту: Реконструкция системы технологической водоподготовки бассейна профилактория комбината
H13: (наименование работ и затрат, наименование объекта)
D15: Основание: Ведомомость демонтажных работ №1
D16: Сметная стоимость строительных работ _______________________________________________________________________________________________ | J16: ___________________________44,353 | L16: тыс. руб.
D17: Средства на оплату труда _______________________________________________________________________________________________ | J17: ___________________________13,323 | L17: тыс. руб.
D18: Сметная трудоемкость _______________________________________________________________________________________________ | J18: _______________________________________________________________________________________________649,03 | L18: чел.час
D19: Составлен(а) в текущих (прогнозных) ценах по состоянию на 2001г.
A22: № пп | B22: Обосно- вание | C22: Наименование | D22: Ед. изм. | E22: Кол. на ед./ всего | F22: Стоимость единицы, руб. | J22: Общая стоимость, руб. | N22: Т/з осн. раб.на ед. | O22: Т/з осн. раб. Всего | P22: Т/з мех. на ед. | Q22: Т/з мех. Всего
F23: Всего | G23: В том числе | J23: Всего | K23: В том числе
G24: Осн.З/п | H24: Эк.Маш | I24: З/пМех | K24: Осн.З/п | L24: Эк.Маш | M24: З/пМех
A25: 1 | B25: 2 | C25: 3 | D25: 4 | E25: 5 | F25: 6 | G25: 7 | H25: 8 | I25: 9 | J25: 10 | K25: 11 | L25: 12 | M25: 13 | N25: 14 | O25: 15 | P25: 16 | Q25: 17
A26: Раздел 1. Демонтажные работы. Общестроительные работы. Помещение бассейна
A27: Существующее напольное покрытие бассейнов:
A28: 1 | B28: ТЕРр57-2-3 | C28: Разборка покрытий полов из керамических плиток (мусор=11,09т) НР (1470 руб.): 80% от ФОТ (1837 руб.) СП (1249 руб.): 68% от ФОТ (1837 руб.) | D28: 100 м2 покрытия | E28: 2,132 213,2 / 100 | F28: 897.17 | G28: 839.14 | H28: 58.03 | I28: 22.49 | J28: 1913 | K28: 1789 | L28: 124 | M28: 48 | N28: 69.87 | O28: 148.96 | P28: 1.44 | Q28: 3.07
C29: Затраты труда рабочих (ср 3) | D29: чел.час | E29: 69,87 148,96 | F29: 12.01 | G29: 12.01 | J29: 1789.01 | K29: 1789.01
B30: 1. 030954 | C30: Подъемники грузоподъемностью до 500 кг одномачтовые, высота подъема 45 м | D30: маш.-ч | E30: 1,44 3,07 | F30: 40.3 | H30: 40.3 | I30: 15.62 | J30: 123.72 | L30: 123.72 | M30: 47.95
A31: 2 | B31: ТЕР46-04-009-01 | C31: Разборка полов керамзитобетонных 33 мм (мусор= 213,2*0,033*1,2=8,443т) НР (1036 руб.): 99%=110%*0.9 от ФОТ (1046 руб.) СП (628 руб.): 60%=70%*0.85 от ФОТ (1046 руб.) | D31: 1 м3 | E31: 7 213,2*0,033 | F31: 495.3 | G31: 114.13 | H31: 381.17 | I31: 35.3 | J31: 3467 | K31: 799 | L31: 2668 | M31: 247 | N31: 8.93 | O31: 62.51 | P31: 2.26 | Q31: 15.82
C32: Затраты труда рабочих (ср 3,5) | D32: чел.час | E32: 8,93 62,51 | F32: 12.78 | G32: 12.78 | J32: 798.88 | K32: 798.88
B33: 1. 050102 | C33: Компрессоры передвижные с двигателем внутреннего сгорания давлением до 686 кПа (7 ат), производительность 5 м3/мин | D33: маш.-ч | E33: 2,26 15,82 | F33: 103.34 | H33: 103.34 | I33: 15.62 | J33: 1634.84 | L33: 1634.84 | M33: 247.11
B34: 2. 330804 | C34: Молотки при работе от передвижных компрессорных станций отбойные пневматические | D34: маш.-ч | E34: 4,52 31,64 | F34: 32.66 | H34: 32.66 | J34: 1033.36 | L34: 1033.36
A35: Нижний ряд стен
A36: 3 | B36: ТЕРр63-7-5 | C36: Разборка облицовки стен из керамических глазурованных плиток (мусор=20,6*30=0,618т) НР (136 руб.): 77% от ФОТ (176 руб.) СП (88 руб.): 50% от ФОТ (176 руб.) | D36: 100 м2 поверхности облицовки | E36: 0,206 (41,2*0,5) / 100 | F36: 1081.91 | G36: 823.99 | H36: 257.92 | I36: 27.68 | J36: 223 | K36: 170 | L36: 53 | M36: 6 | N36: 74.3 | O36: 15.31 | P36: 1.99 | Q36: 0.41
C37: Затраты труда рабочих (ср 2,1) | D37: чел.час | E37: 74,3 15,31 | F37: 11.09 | G37: 11.09 | J37: 169.79 | K37: 169.79
B38: 1. 030954 | C38: Подъемники грузоподъемностью до 500 кг одномачтовые, высота подъема 45 м | D38: маш.-ч | E38: 0,35 0,07 | F38: 40.3 | H38: 40.3 | I38: 15.62 | J38: 2.82 | L38: 2.82 | M38: 1.09
B39: 2. 050101 | C39: Компрессоры передвижные с двигателем внутреннего сгорания давлением до 686 кПа (7 ат), производительность 2,2 м3/мин | D39: маш.-ч | E39: 1,64 0,34 | F39: 83.35 | H39: 83.35 | I39: 13.55 | J39: 28.34 | L39: 28.34 | M39: 4.61
B40: 3. 330804 | C40: Молотки при работе от передвижных компрессорных станций отбойные пневматические | D40: маш.-ч | E40: 3,28 0,68 | F40: 32.66 | H40: 32.66 | J40: 22.21 | L40: 22.21
A41: Приборы отопления
A42: 4 | B42: ТЕРр65-19-1 | C42: Демонтаж радиаторов весом до 80 кг (мусор=0,04т) НР (47 руб.): 74% от ФОТ (63 руб.) СП (32 руб.): 50% от ФОТ (63 руб.) | D42: 100 шт. | E42: 0,05 5 / 100 | F42: 1310.17 | G42: 1219.9 | H42: 90.27 | I42: 34.99 | J42: 66 | K42: 61 | L42: 5 | M42: 2 | N42: 110 | O42: 5.5 | P42: 2.24 | Q42: 0.11
C43: Затраты труда рабочих (ср 2,1) | D43: чел.час | E43: 110 5,5 | F43: 11.09 | G43: 11.09 | J43: 61 | K43: 61
B44: 1. 030954 | C44: Подъемники грузоподъемностью до 500 кг одномачтовые, высота подъема 45 м | D44: маш.-ч | E44: 2,24 0,11 | F44: 40.3 | H44: 40.3 | I44: 15.62 | J44: 4.43 | L44: 4.43 | M44: 1.72
A45: Лестницы, поручни
A46: 5 | B46: ТЕР09-03-029-01 | C46: Демонтаж лестниц с поручнями Л-1(вес 80 кг), Л-2(вес - 46 кг), поручни П-1 (вес – 42,9 кг), П-2 (вес - 35,3 кг), П-3(вес - 5,9 кг). (мусор=0,2101т) (5.Прил.9.3Разборка (демонтаж) металлических конструкций ОЗП=0,7; ЭМ=0,7 к расх.; ЗПМ=0,7; МАТ=0 к расх.; ТЗ=0,7; ТЗМ=0,7) НР (63 руб.): 81%=90%*0.9 от ФОТ (78 руб.) СП (56 руб.): 72%=85%*0.85 от ФОТ (78 руб.) | D46: 1 т конструкций | E46: 0,2101 0,08+0,046+0,0429+0,0353+0,0059 | F46: 895.29 | G46: 300.23 | H46: 595.06 | I46: 71.93 | J46: 188 | K46: 63 | L46: 125 | M46: 15 | N46: 22.659 | O46: 4.76 | P46: 3.948 | Q46: 0.83
C47: Затраты труда рабочих (ср 3,8) | D47: чел.час | E47: 22,659 4,76 | F47: 13.25 | G47: 13.25 | J47: 63.07 | K47: 63.07
B48: 1. 020403 | C48: Краны козловые при работе на монтаже технологического оборудования 32 т | D48: маш.-ч | E48: 0,049 0,01 | F48: 201.84 | H48: 201.84 | I48: 20.02 | J48: 2.02 | L48: 2.02 | M48: 0.2
B49: 2. 021141 | C49: Краны на автомобильном ходу при работе на других видах строительства 10 т | D49: маш.-ч | E49: 0,084 0,02 | F49: 127.47 | H49: 127.47 | I49: 18.2 | J49: 2.55 | L49: 2.55 | M49: 0.36
B50: 3. 021243 | C50: Краны на гусеничном ходу при работе на других видах строительства до 16 т | D50: маш.-ч | E50: 3,815 0,8 | F50: 116.11 | H50: 116.11 | I50: 18.2 | J50: 92.89 | L50: 92.89 | M50: 14.56
B51: 4. 030204 | C51: Домкраты гидравлические грузоподъемностью до 100 т | D51: маш.-ч | E51: 0,672 0,14 | F51: 2.2 | H51: 2.2 | J51: 0.31 | L51: 0.31
B52: 5. 040504 | C52: Аппарат для газовой сварки и резки | D52: маш.-ч | E52: 1,176 0,25 | F52: 1.24 | H52: 1.24 | J52: 0.31 | L52: 0.31
B53: 6. 041000 | C53: Преобразователи сварочные с номинальным сварочным током 315-500 А | D53: маш.-ч | E53: 6,734 1,41 | F53: 16.43 | H53: 16.43 | J53: 23.17 | L53: 23.17
B54: 7. 041400 | C54: Электрические печи для сушки сварочных материалов с регулированием температуры в пределах от 80 °С до 500 °С | D54: маш.-ч | E54: 0,273 0,06 | F54: 8.43 | H54: 8.43 | J54: 0.51 | L54: 0.51
B55: 8. 330301 | C55: Машины шлифовальные электрические | D55: маш.-ч | E55: 0,203 0,04 | F55: 5.46 | H55: 5.46 | J55: 0.22 | L55: 0.22
B56: 9. 400001 | C56: Автомобили бортовые, грузоподъемность до 5 т | D56: маш.-ч | E56: 0,133 0,03 | F56: 109.17 | H56: 109.17 | J56: 3.28 | L56: 3.28
B57: 10. 101-0309 | C57: Канаты пеньковые пропитанные | D57: т | E57: 0 | F57: 40709.9
B58: 11. 101-0324 | C58: Кислород технический газообразный | D58: м3 | E58: 0 | F58: 11.89
B59: 12. 101-0797 | C59: Проволока горячекатаная в мотках, диаметром 6,3-6,5 мм | D59: т | E59: 0 | F59: 4786.18
B60: 13. 101-1019 | C60: Швеллеры № 40 из стали марки Ст0 | D60: т | E60: 0 | F60: 5607.98
B61: 14. 101-1515 | C61: Электроды диаметром 4 мм Э46 | D61: т | E61: 0 | F61: 10924.19
B62: 15. 101-1805 | C62: Гвозди строительные | D62: т | E62: 0 | F62: 10317.3
B63: 16. 101-2278 | C63: Пропан-бутан, смесь техническая | D63: кг | E63: 0 | F63: 9.16
B64: 17. 101-2467 | C64: Растворитель марки Р-4 | D64: т | E64: 0 | F64: 11900
B65: 18. 102-0023 | C65: Бруски обрезные хвойных пород длиной 4-6,5 м, шириной 75-150 мм, толщиной 40-75 мм, I сорта | D65: м3 | E65: 0 | F65: 2003.96
B66: 19. 113-0021 | C66: Грунтовка ГФ-021 красно-коричневая | D66: т | E66: 0 | F66: 23800
B67: 20. 201-0756 | C67: Отдельные конструктивные элементы зданий и сооружений с преобладанием горячекатаных профилей, средняя масса сборочной единицы от 0,1 до 0,5 т | D67: т | E67: 0 | F67: 10984.95
B68: 21. 508-0097 | C68: Канат двойной свивки типа ТК, конструкции 6х19(1+6+12)+1 о.с., оцинкованный из проволок марки В, маркировочная группа 1770 н/мм2, диаметром 5,5 мм | D68: 10 м | E68: 0 | F68: 109.23
A69: Итого прямые затраты по разделу в ценах 2001г. | J69: 5857 | K69: 2882 | L69: 2975 | M69: 318 | O69: 237.04 | Q69: 20.24
A70: Накладные расходы | J70: 2752
A71: Сметная прибыль | J71: 2053
A72: Итоги по разделу 1 Демонтажные работы. Общестроительные работы. Помещение бассейна :
A73: Полы (ремонтно-строительные) | J73: 4632 | O73: 148.96 | Q73: 3.07
A74: Работы по реконструкции зданий и сооружений (усиление и замена существующих конструкций, разборка и возведение отдельных конструктивных элементов) | J74: 5131 | O74: 62.51 | Q74: 15.82
A75: Стекольные, обойные и облицовочные работы (ремонтно-строительные) | J75: 447 | O75: 15.31 | Q75: 0.41
A76: Внутренние санитарно-технические работы: демонтаж и разборка (ремонтно-строительные) | J76: 145 | O76: 5.5 | Q76: 0.11
A77: Строительные металлические конструкции | J77: 307 | O77: 4.76 | Q77: 0.83
A78: Итого | J78: 10662 | O78: 237.04 | Q78: 20.24
A79: В том числе:
A80: Машины и механизмы | J80: 2975
A81: ФОТ | J81: 3200
A82: Накладные расходы | J82: 2752
A83: Сметная прибыль | J83: 2053
A84: Итого по разделу 1 Демонтажные работы. Общестроительные работы. Помещение бассейна | J84: 10662 | O84: 237.04 | Q84: 20.24
A85: Раздел 2. Демонтажные работы. Общестроительные работы. Помещение насосной
A86: 6 | B86: ТЕР46-04-010-01 | C86: Разборка покрытий полов мозаичных (мусор=183,7*0,038*1,8=12,565 т) НР (693 руб.): 99%=110%*0.9 от ФОТ (700 руб.) СП (420 руб.): 60%=70%*0.85 от ФОТ (700 руб.) | D86: 100 м2 покрытия | E86: 1,837 183,7 / 100 | F86: 1102.1 | G86: 307.71 | H86: 794.39 | I86: 73.57 | J86: 2025 | K86: 565 | L86: 1460 | M86: 135 | N86: 23.78 | O86: 43.68 | P86: 4.71 | Q86: 8.65
C87: Затраты труда рабочих (ср 3,6) | D87: чел.час | E87: 23,78 43,68 | F87: 12.94 | G87: 12.94 | J87: 565.22 | K87: 565.22
B88: 1. 050102 | C88: Компрессоры передвижные с двигателем внутреннего сгорания давлением до 686 кПа (7 ат), производительность 5 м3/мин | D88: маш.-ч | E88: 4,71 8,65 | F88: 103.34 | H88: 103.34 | I88: 15.62 | J88: 893.89 | L88: 893.89 | M88: 135.11
B89: 2. 330804 | C89: Молотки при работе от передвижных компрессорных станций отбойные пневматические | D89: маш.-ч | E89: 9,42 17,3 | F89: 32.66 | H89: 32.66 | J89: 565.02 | L89: 565.02
A90: 7 | B90: ТЕРр57-2-4 | C90: Разборка покрытий полов цементных (мусор=12,12 т) НР (2386 руб.): 80% от ФОТ (2983 руб.) СП (2028 руб.): 68% от ФОТ (2983 руб.) | D90: 100 м2 покрытия | E90: 1,837 183,7 / 100 | F90: 4262.51 | G90: 1335.51 | H90: 2927 | I90: 288.33 | J90: 7830 | K90: 2453 | L90: 5377 | M90: 530 | N90: 111.2 | O90: 204.27 | P90: 21 | Q90: 38.58
C91: Затраты труда рабочих (ср 3) | D91: чел.час | E91: 111,2 204,27 | F91: 12.01 | G91: 12.01 | J91: 2453.28 | K91: 2453.28
B92: 1. 030954 | C92: Подъемники грузоподъемностью до 500 кг одномачтовые, высота подъема 45 м | D92: маш.-ч | E92: 1,8 3,31 | F92: 40.3 | H92: 40.3 | I92: 15.62 | J92: 133.39 | L92: 133.39 | M92: 51.7
B93: 2. 050101 | C93: Компрессоры передвижные с двигателем внутреннего сгорания давлением до 686 кПа (7 ат), производительность 2,2 м3/мин | D93: маш.-ч | E93: 19,2 35,27 | F93: 83.35 | H93: 83.35 | I93: 13.55 | J93: 2939.75 | L93: 2939.75 | M93: 477.91
B94: 3. 330804 | C94: Молотки при работе от передвижных компрессорных станций отбойные пневматические | D94: маш.-ч | E94: 38,4 70,54 | F94: 32.66 | H94: 32.66 | J94: 2303.84 | L94: 2303.84
A95: 8 | B95: ТЕР46-04-009-01 | C95: Разборка бетонных полов 100 мм (мусор=18,37*1,8=33,066т) НР (2718 руб.): 99%=110%*0.9 от ФОТ (2745 руб.) СП (1647 руб.): 60%=70%*0.85 от ФОТ (2745 руб.) | D95: 1 м3 | E95: 18,37 183,7*0,1 | F95: 495.3 | G95: 114.13 | H95: 381.17 | I95: 35.3 | J95: 9099 | K95: 2097 | L95: 7002 | M95: 648 | N95: 8.93 | O95: 164.04 | P95: 2.26 | Q95: 41.52
C96: Затраты труда рабочих (ср 3,5) | D96: чел.час | E96: 8,93 164,04 | F96: 12.78 | G96: 12.78 | J96: 2096.43 | K96: 2096.43
B97: 1. 050102 | C97: Компрессоры передвижные с двигателем внутреннего сгорания давлением до 686 кПа (7 ат), производительность 5 м3/мин | D97: маш.-ч | E97: 2,26 41,52 | F97: 103.34 | H97: 103.34 | I97: 15.62 | J97: 4290.68 | L97: 4290.68 | M97: 648.54
B98: 2. 330804 | C98: Молотки при работе от передвижных компрессорных станций отбойные пневматические | D98: маш.-ч | E98: 4,52 83,03 | F98: 32.66 | H98: 32.66 | J98: 2711.76 | L98: 2711.76
A99: Мусор
A100: 9 | B100: ФССЦпг01-01-01-041 | C100: Погрузочные работы при автомобильных перевозках: мусора строительного с погрузкой вручную (ОП п.1.1.9 Прил.1 Прил.1Поясной коэффициент: Свердловская область ПЗ=1,1 (ОЗП=1,1; ЭМ=1,1; ЗПМ=1,1; МАТ=1,1)) НР 0% от ФОТ СП 0% от ФОТ | D100: 1 т груза | E100: 78,152 11,090+8,443+0,618+0,04+0,2101+12,565+12,12+33,066 | F100: 47.28 | G100: 47.28 | J100: 3695 | K100: 3695
A101: 10 | B101: ФССЦпг03-21-01-015 | C101: Перевозка грузов автомобилями-самосвалами грузоподъемностью 10 т, работающих вне карьера, на расстояние: до 15 км I класс груза (ОП п.1.1.9 Прил.1Поясные коэффициенты к сметным ценам на перевозку грузов автомобильным транспортом: Свердловская область ПЗ=1,1 (ОЗП=1,1; ЭМ=1,1; ЗПМ=1,1; МАТ=1,1)) НР 0% от ФОТ СП 0% от ФОТ | D101: 1 т груза | E101: 78,152 М | F101: 14.72 | H101: 14.72 | J101: 1150 | L101: 1150
A102: Итого прямые затраты по разделу в ценах 2001г. | J102: 23799 | K102: 8810 | L102: 14989 | M102: 1313 | O102: 411.99 | Q102: 88.75
A103: Накладные расходы | J103: 5797
A104: Сметная прибыль | J104: 4095
A105: Итоги по разделу 2 Демонтажные работы. Общестроительные работы. Помещение насосной :
A106: Работы по реконструкции зданий и сооружений (усиление и замена существующих конструкций, разборка и возведение отдельных конструктивных элементов) | J106: 16602 | O106: 207.72 | Q106: 50.17
A107: Полы (ремонтно-строительные) | J107: 12244 | O107: 204.27 | Q107: 38.58
...

Sheet 01-01-02
A1: СОГЛАСОВАНО: | M1: УТВЕРЖДАЮ:
A4: _________________ | M4: _________________
A5: " _____ " ________________ 2013 г. | M5: "____" ______________2013 г.
H6: ФГУП "Комбинат "Электрохимприбор" г. Лесной, Свердловской области
H7: (наименование стройки)
H9: ЛОКАЛЬНЫЙ СМЕТНЫЙ РАСЧЕТ № 01-01-02 (14-057-ТХ.Дем.СМ)
H10: (локальная смета)
G12: на Демонтажные работы. Технологическая часть к проекту: Реконструкция системы технологической водоподготовки бассейна профилактория комбината
H13: (наименование работ и затрат, наименование объекта)
D15: Основание: Ведомость демонтажных работ №2
D16: Сметная стоимость _______________________________________________________________________________________________ | J16: ___________________________25,538 | L16: тыс. руб.
D17: строительных работ _______________________________________________________________________________________________ | J17: _______________________________________________________________________________________________16,089 | L17: тыс. руб.
D18: монтажных работ _______________________________________________________________________________________________ | J18: _______________________________________________________________________________________________9,449 | L18: тыс. руб.
D19: Средства на оплату труда _______________________________________________________________________________________________ | J19: ___________________________7,991 | L19: тыс. руб.
D20: Сметная трудоемкость _______________________________________________________________________________________________ | J20: _______________________________________________________________________________________________494,21 | L20: чел.час
D21: Составлен(а) в текущих (прогнозных) ценах по состоянию на 2001г.
A24: № пп | B24: Обосно- вание | C24: Наименование | D24: Ед. изм. | E24: Кол. на ед./ всего | F24: Стоимость единицы, руб. | J24: Общая стоимость, руб. | N24: Т/з осн. раб.на ед. | O24: Т/з осн. раб. Всего | P24: Т/з мех. на ед. | Q24: Т/з мех. Всего
F25: Всего | G25: В том числе | J25: Всего | K25: В том числе
G26: Осн.З/п | H26: Эк.Маш | I26: З/пМех | K26: Осн.З/п | L26: Эк.Маш | M26: З/пМех
A27: 1 | B27: 2 | C27: 3 | D27: 4 | E27: 5 | F27: 6 | G27: 7 | H27: 8 | I27: 9 | J27: 10 | K27: 11 | L27: 12 | M27: 13 | N27: 14 | O27: 15 | P27: 16 | Q27: 17
A28: Раздел 1. Демонтажные работы. Технологическая часть
A29: 1 | B29: ТЕР18-05-001-01 | C29: Демонтаж насосов центробежных с электродвигателем, масса агрегата до 0,1 т (мусор=80*3+145+15+1=401 кг) (МДС 81-36.2004 п.п.3.3.1.Демонтаж (разборка) внутренних санитарно-технических устройств (водопровода, газопровода, канализации, водостоков, отопления, вентиляции) ОЗП=0,4; ЭМ=0,4 к расх.; ЗПМ=0,4; МАТ=0 к расх.; ТЗ=0,4; ТЗМ=0,4) НР (515 руб.): 115%=128%*0.9 от ФОТ (448 руб.) СП (318 руб.): 71%=83%*0.85 от ФОТ (448 руб.) | D29: 1 насос | E29: 6 3+1+1+1 | F29: 79.92 | G29: 74.2 | H29: 5.72 | I29: 0.36 | J29: 480 | K29: 446 | L29: 34 | M29: 2 | N29: 5.668 | O29: 34.01 | P29: 0.02 | Q29: 0.12
C30: Затраты труда рабочих (ср 3,7) | D30: чел.час | E30: 5,668 34,01 | F30: 13.09 | G30: 13.09 | J30: 445.19 | K30: 445.19
B31: 1. 021141 | C31: Краны на автомобильном ходу при работе на других видах строительства 10 т | D31: маш.-ч | E31: 0,02 0,12 | F31: 127.47 | H31: 127.47 | I31: 18.2 | J31: 15.3 | L31: 15.3 | M31: 2.18
B32: 2. 040502 | C32: Установки для сварки ручной дуговой (постоянного тока) | D32: маш.-ч | E32: 0,208 1,25 | F32: 8.97 | H32: 8.97 | J32: 11.21 | L32: 11.21
B33: 3. 400001 | C33: Автомобили бортовые, грузоподъемность до 5 т | D33: маш.-ч | E33: 0,012 0,07 | F33: 109.17 | H33: 109.17 | J33: 7.64 | L33: 7.64
B34: 4. 101-1522 | C34: Электроды диаметром 5 мм Э42А | D34: т | E34: 0 | F34: 11130.07
B35: 5. 101-1703 | C35: Прокладки резиновые (пластина техническая прессованная) | D35: кг | E35: 0 | F35: 24.75
B36: 6. 101-2575 | C36: Болты с гайками и шайбами для санитарно-технических работ диаметром 12 мм | D36: т | E36: 0 | F36: 16456.01
B37: 7. 204-0059 | C37: Анкерные детали из прямых или гнутых круглых стержней с резьбой (в комплекте с шайбами и гайками или без них), поставляемые отдельно | D37: т | E37: 0 | F37: 10820
B38: 8. 301-1494 | C38: Насосы центробежные 8/18 с электродвигателем 4А 180 А2 массой агрегата до 0,1 т | D38: компл. | E38: 0 | F38: 2635.77
B39: 9. 402-0002 | C39: Раствор готовый кладочный цементный марки 50 | D39: м3 | E39: 0 | F39: 613.29
B40: 10. 507-0982 | C40: Фланцы стальные плоские приварные из стали ВСт3сп2, ВСт3сп3, давлением 1,0 МПа (10 кгс/см2), диаметром 40 мм | D40: шт. | E40: 0 | F40: 30.94
B41: 11. 507-0983 | C41: Фланцы стальные плоские приварные из стали ВСт3сп2, ВСт3сп3, давлением 1,0 МПа (10 кгс/см2), диаметром 50 мм | D41: шт. | E41: 0 | F41: 44.03
A42: 2 | B42: ТЕР09-06-001-02 Применительно | C42: Демонтаж металлического смесителя (мусор=20 кг) (5.Прил.9.3Разборка (демонтаж) металлических конструкций ОЗП=0,7; ЭМ=0,7 к расх.; ЗПМ=0,7; МАТ=0 к расх.; ТЗ=0,7; ТЗМ=0,7) НР (7 руб.): 81%=90%*0.9 от ФОТ (9 руб.) СП (6 руб.): 72%=85%*0.85 от ФОТ (9 руб.) | D42: 1 т конструкций | E42: 0.02 | F42: 533.68 | G42: 426.99 | H42: 106.69 | I42: 1.53 | J42: 11 | K42: 9 | L42: 2 | N42: 35.553 | O42: 0.71 | P42: 0.084
C43: Затраты труда рабочих (ср 3) | D43: чел.час | E43: 35,553 0,71 | F43: 12.01 | G43: 12.01 | J43: 8.53 | K43: 8.53
B44: 1. 021141 | C44: Краны на автомобильном ходу при работе на других видах строительства 10 т | D44: маш.-ч | E44: 0,084 | F44: 127.47 | H44: 127.47 | I44: 18.2
B45: 2. 030404 | C45: Лебедки электрические тяговым усилием до 31,39 кН (3,2 т) | D45: маш.-ч | E45: 7,371 0,15 | F45: 7.34 | H45: 7.34 | J45: 1.1 | L45: 1.1
B46: 3. 040504 | C46: Аппарат для газовой сварки и резки | D46: маш.-ч | E46: 1,302 0,03 | F46: 1.24 | H46: 1.24 | J46: 0.04 | L46: 0.04
B47: 4. 041000 | C47: Преобразователи сварочные с номинальным сварочным током 315-500 А | D47: маш.-ч | E47: 1,421 0,03 | F47: 16.43 | H47: 16.43 | J47: 0.49 | L47: 0.49
B48: 5. 041400 | C48: Электрические печи для сушки сварочных материалов с регулированием температуры в пределах от 80 °С до 500 °С | D48: маш.-ч | E48: 0,098 | F48: 8.43 | H48: 8.43
B49: 6. 330301 | C49: Машины шлифовальные электрические | D49: маш.-ч | E49: 0,287 0,01 | F49: 5.46 | H49: 5.46 | J49: 0.05 | L49: 0.05
B50: 7. 400001 | C50: Автомобили бортовые, грузоподъемность до 5 т | D50: маш.-ч | E50: 0,133 | F50: 109.17 | H50: 109.17
B51: 8. 101-0309 | C51: Канаты пеньковые пропитанные | D51: т | E51: 0 | F51: 40709.9
B52: 9. 101-0324 | C52: Кислород технический газообразный | D52: м3 | E52: 0 | F52: 11.89
B53: 10. 101-0797 | C53: Проволока горячекатаная в мотках, диаметром 6,3-6,5 мм | D53: т | E53: 0 | F53: 4786.18
B54: 11. 101-1019 | C54: Швеллеры № 40 из стали марки Ст0 | D54: т | E54: 0 | F54: 5607.98
B55: 12. 101-1515 | C55: Электроды диаметром 4 мм Э46 | D55: т | E55: 0 | F55: 10924.19
B56: 13. 101-1714 | C56: Болты с гайками и шайбами строительные | D56: т | E56: 0 | F56: 16800
B57: 14. 101-1805 | C57: Гвозди строительные | D57: т | E57: 0 | F57: 10317.3
B58: 15. 101-2278 | C58: Пропан-бутан, смесь техническая | D58: кг | E58: 0 | F58: 9.16
B59: 16. 101-2467 | C59: Растворитель марки Р-4 | D59: т | E59: 0 | F59: 11900
B60: 17. 113-0021 | C60: Грунтовка ГФ-021 красно-коричневая | D60: т | E60: 0 | F60: 23800
B61: 18. 508-0097 | C61: Канат двойной свивки типа ТК, конструкции 6х19(1+6+12)+1 о.с., оцинкованный из проволок марки В, маркировочная группа 1770 н/мм2, диаметром 5,5 мм | D61: 10 м | E61: 0 | F61: 109.23
A62: 3 | B62: ТЕР17-01-008-01 | C62: Демонтаж водонагревателя (мусор=136 кг) (МДС 81-36.2004 п.п.3.3.1.Демонтаж (разборка) внутренних санитарно-технических устройств (водопровода, газопровода, канализации, водостоков, отопления, вентиляции) ОЗП=0,4; ЭМ=0,4 к расх.; ЗПМ=0,4; МАТ=0 к расх.; ТЗ=0,4; ТЗМ=0,4) НР (54 руб.): 115%=128%*0.9 от ФОТ (47 руб.) СП (33 руб.): 71%=83%*0.85 от ФОТ (47 руб.) | D62: 10 компл. | E62: 0,1 1 / 10 | F62: 514.32 | G62: 463.01 | H62: 51.31 | I62: 6.54 | J62: 51 | K62: 46 | L62: 5 | M62: 1 | N62: 34.944 | O62: 3.49 | P62: 0.396 | Q62: 0.04
C63: Затраты труда рабочих (ср 3,8) | D63: чел.час | E63: 34,944 3,49 | F63: 13.25 | G63: 13.25 | J63: 46.24 | K63: 46.24
B64: 1. 021141 | C64: Краны на автомобильном ходу при работе на других видах строительства 10 т | D64: маш.-ч | E64: 0,14 0,01 | F64: 127.47 | H64: 127.47 | I64: 18.2 | J64: 1.27 | L64: 1.27 | M64: 0.18
B65: 2. 030954 | C65: Подъемники грузоподъемностью до 500 кг одномачтовые, высота подъема 45 м | D65: маш.-ч | E65: 0,256 0,03 | F65: 40.3 | H65: 40.3 | I65: 15.62 | J65: 1.21 | L65: 1.21 | M65: 0.47
B66: 3. 400001 | C66: Автомобили бортовые, грузоподъемность до 5 т | D66: маш.-ч | E66: 0,212 0,02 | F66: 109.17 | H66: 109.17 | J66: 2.18 | L66: 2.18
B67: 4. 101-0388 | C67: Краски масляные земляные марки МА-0115 мумия, сурик железный | D67: т | E67: 0 | F67: 16871.82
B68: 5. 101-0628 | C68: Олифа комбинированная, марки К-3 | D68: т | E68: 0 | F68: 20706
B69: 6. 101-1669 | C69: Очес льняной | D69: кг | E69: 0 | F69: 40.45
B70: 7. 301-1513 | C70: Нагреватель индивидуальный водоводяной наружный диаметр корпуса 273 мм, длина 1,25 (со змеевиком диаметром 25х2 мм длиной 19,2 м, число витков 30), поверхность нагрева 1,6 м2 | D70: компл. | E70: 0 | F70: 2545.78
B71: 8. 402-0004 | C71: Раствор готовый кладочный цементный марки 100 | D71: м3 | E71: 0 | F71: 673.2
A72: 4 | B72: ТЕР16-02-005-08 | C72: Разборка трубопроводов отопления и водоснабжения из стальных электросварных труб диаметром 200 мм (мусор=26,38*5=132кг) (МДС 81-36.2004 п.п.3.3.1.Демонтаж (разборка) внутренних санитарно-технических устройств (водопровода, газопровода, канализации, водостоков, отопления, вентиляции) ОЗП=0,4; ЭМ=0,4 к расх.; ЗПМ=0,4; МАТ=0 к расх.; ТЗ=0,4; ТЗМ=0,4) НР (58 руб.): 115%=128%*0.9 от ФОТ (50 руб.) СП (36 руб.): 71%=83%*0.85 от ФОТ (50 руб.) | D72: 100 м трубопровода | E72: 0,05 5 / 100 | F72: 1242.72 | G72: 996.53 | H72: 246.19 | I72: 7.5 | J72: 62 | K72: 50 | L72: 12 | N72: 74.368 | O72: 3.72 | P72: 0.412 | Q72: 0.02
C73: Затраты труда рабочих (ср 3,9) | D73: чел.час | E73: 74,368 3,72 | F73: 13.4 | G73: 13.4 | J73: 49.85 | K73: 49.85
B74: 1. 020129 | C74: Краны башенные при работе на других видах строительства 8 т | D74: маш.-ч | E74: 0,328 0,02 | F74: 255.96 | H74: 255.96 | I74: 18.2 | J74: 5.12 | L74: 5.12 | M74: 0.36
B75: 2. 021141 | C75: Краны на автомобильном ходу при работе на других видах строительства 10 т | D75: маш.-ч | E75: 0,084 | F75: 127.47 | H75: 127.47 | I75: 18.2
B76: 3. 040502 | C76: Установки для сварки ручной дуговой (постоянного тока) | D76: маш.-ч | E76: 10,856 0,54 | F76: 8.97 | H76: 8.97 | J76: 4.84 | L76: 4.84
B77: 4. 400001 | C77: Автомобили бортовые, грузоподъемность до 5 т | D77: маш.-ч | E77: 0,496 0,02 | F77: 109.17 | H77: 109.17 | J77: 2.18 | L77: 2.18
B78: 5. 101-1522 | C78: Электроды диаметром 5 мм Э42А | D78: т | E78: 0 | F78: 11130.07
B79: 6. 103-0189 | C79: Трубы стальные электросварные прямошовные со снятой фаской из стали марок БСт2кп-БСт4кп и БСт2пс-БСт4пс наружный диаметр 219 мм, толщина стенки 5 мм | D79: м | E79: 0 | F79: 266.55
B80: 7. 402-0006 | C80: Раствор готовый кладочный цементный марки 200 | D80: м3 | E80: 0 | F80: 763.06
B81: 8. 405-1601 | C81: Известь строительная негашеная хлорная, марки А | D81: кг | E81: 0 | F81: 2.38
B82: 9. 411-0001 | C82: Вода | D82: м3 | E82: 0 | F82: 4.88
B83: 10. 507-2034 | C83: Отводы 90 град. с радиусом кривизны R=1,5 Ду на Ру до 16 МПа (160 кгс/см2), диаметром условного прохода 200 мм, наружным диаметром 219 мм, толщиной стенки 7 мм | D83: шт. | E83: 0 | F83: 250.03
A84: 5 | B84: ТЕР16-05-001-03 | C84: Демонтаж фильтра волосоуловителя ф 65 (мусор=35*2=70 кг) (МДС 81-36.2004 п.п.3.3.1.Демонтаж (разборка) внутренних санитарно-технических устройств (водопровода, газопровода, канализации, водостоков, отопления, вентиляции) ОЗП=0,4; ЭМ=0,4 к расх.; ЗПМ=0,4; МАТ=0 к расх.; ТЗ=0,4; ТЗМ=0,4) НР (35 руб.): 115%=128%*0.9 от ФОТ (30 руб.) СП (21 руб.): 71%=83%*0.85 от ФОТ (30 руб.) | D84: 1 шт. | E84: 2 | F84: 19.54 | G84: 14.88 | H84: 4.66 | I84: 0.14 | J84: 39 | K84: 30 | L84: 9 | N84: 1.164 | O84: 2.33 | P84: 0.008 | Q84: 0.02
C85: Затраты труда рабочих (ср 3,5) | D85: чел.час | E85: 1,164 2,33 | F85: 12.78 | G85: 12.78 | J85: 29.78 | K85: 29.78
B86: 1. 020129 | C86: Краны башенные при работе на других видах строительства 8 т | D86: маш.-ч | E86: 0,004 0,01 | F86: 255.96 | H86: 255.96 | I86: 18.2 | J86: 2.56 | L86: 2.56 | M86: 0.18
B87: 2. 021141 | C87: Краны на автомобильном ходу при работе на других видах строительства 10 т | D87: маш.-ч | E87: 0,004 0,01 | F87: 127.47 | H87: 127.47 | I87: 18.2 | J87: 1.27 | L87: 1.27 | M87: 0.18
B88: 3. 040502 | C88: Установки для сварки ручной дуговой (постоянного тока) | D88: маш.-ч | E88: 0,252 0,5 | F88: 8.97 | H88: 8.97 | J88: 4.49 | L88: 4.49
B89: 4. 400001 | C89: Автомобили бортовые, грузоподъемность до 5 т | D89: маш.-ч | E89: 0,008 0,02 | F89: 109.17 | H89: 109.17 | J89: 2.18 | L89: 2.18
B90: 5. 101-1522 | C90: Электроды диаметром 5 мм Э42А | D90: т | E90: 0 | F90: 11130.07
B91: 6. 101-2576 | C91: Болты с гайками и шайбами для санитарно-технических работ диаметром 16 мм | D91: т | E91: 0 | F91: 19992
B92: 7. 507-0986 | C92: Фланцы стальные плоские приварные из стали ВСт3сп2, ВСт3сп3, давлением 1,0 МПа (10 кгс/см2), диаметром 100 мм | D92: шт. | E92: 0 | F92: 89.26
B93: 8. 509-0967 | C93: Прокладки из паронита марки ПМБ, толщиной 1 мм, диаметром 100 мм | D93: 1000 шт. | E93: 0 | F93: 2975
A94: 6 | B94: ТЕРм06-03-001-01 | C94: Демонтаж. Фильтр осветлительный вертикальный, высота фильтрующей загрузки 2,78 м, диаметр 1000 мм, однокамерный (мусор=2048 кг) (МДС 81-37.2004 п.п.3.2.1.Демонтаж оборудования, которое не подлежит дальнейшему использованию (предназначено в лом) без разборки и резки ОЗП=0,3; ЭМ=0,3 к расх.; ЗПМ=0,3; МАТ=0 к расх.; ТЗ=0,3; ТЗМ=0,3) НР (2712 руб.): 80% от ФОТ (3390 руб.) СП (2034 руб.): 60% от ФОТ (3390 руб.) | D94: 1 т | E94: 2,048 1,024*2 | F94: 2296.58 | G94: 1602.62 | H94: 693.96 | I94: 52.58 | J94: 4703 | K94: 3282 | L94: 1421 | M94: 108 | N94: 125.4 | O94: 256.82 | P94: 2.889 | Q94: 5.92
C95: Затраты труда рабочих (ср 3,5) | D95: чел.час | E95: 125,4 256,82 | F95: 12.78 | G95: 12.78 | J95: 3282.16 | K95: 3282.16
B96: 1. 021201 | C96: Краны на гусеничном ходу при работе на монтаже технологического оборудования до 16 т | D96: маш.-ч | E96: 2,139 4,38 | F96: 117.39 | H96: 117.39 | I96: 18.2 | J96: 514.17 | L96: 514.17 | M96: 79.72
B97: 2. 030404 | C97: Лебедки электрические тяговым усилием до 31,39 кН (3,2 т) | D97: маш.-ч | E97: 3,54 7,25 | F97: 7.34 | H97: 7.34 | J97: 53.22 | L97: 53.22
B98: 3. 040502 | C98: Установки для сварки ручной дуговой (постоянного тока) | D98: маш.-ч | E98: 8,34 17,08 | F98: 8.97 | H98: 8.97 | J98: 153.21 | L98: 153.21
B99: 4. 101402 | C99: Насосы для подачи воды, подача 160 м3/ч, напор до 30 м | D99: маш.-ч | E99: 2,676 5,48 | F99: 23.67 | H99: 23.67 | J99: 129.71 | L99: 129.71
B100: 5. 132601 | C100: Платформы широкой колеи 71 т | D100: маш.-ч | E100: 0,606 1,24 | F100: 18.56 | H100: 18.56 | J100: 23.01 | L100: 23.01
B101: 6. 132801 | C101: Тепловозы широкой колеи маневровые 552 кВт (750 л.с.) | D101: маш.-ч | E101: 0,375 0,77 | F101: 525.88 | H101: 525.88 | I101: 36.4 | J101: 404.93 | L101: 404.93 | M101: 28.03
B102: 7. 330400 | C102: Машины электрозачистные | D102: маш.-ч | E102: 3,99 8,17 | F102: 11.54 | H102: 11.54 | J102: 94.28 | L102: 94.28
B103: 8. 400001 | C103: Автомобили бортовые, грузоподъемность до 5 т | D103: маш.-ч | E103: 0,222 0,45 | F103: 109.17 | H103: 109.17 | J103: 49.13 | L103: 49.13
B104: 9. 101-0324 | C104: Кислород технический газообразный | D104: м3 | E104: 0 | F104: 11.89
B105: 10. 101-1292 | C105: Уайт-спирит | D105: т | E105: 0 | F105: 7161.42
B106: 11. 101-1514 | C106: Электроды диаметром 4 мм Э42А | D106: т | E106: 0 | F106: 11665.78
B107: 12. 101-1518 | C107: Электроды диаметром 4 мм Э50А | D107: т | E107: 0 | F107: 12337.06
...

Sheet 01-01-03
A1: СОГЛАСОВАНО: | M1: УТВЕРЖДАЮ:
A4: _________________ | M4: _________________
A5: " _____ " ________________ 2013 г. | M5: "____" ______________2013 г.
H6: ФГУП "Комбинат "Электрохимприбор" г. Лесной, Свердловской области
H7: (наименование стройки)
H9: ЛОКАЛЬНЫЙ СМЕТНЫЙ РАСЧЕТ № 01-01-03 (14-057-ОВ.Дем.СМ)
H10: (локальная смета)
G12: на Демонтажные работы. Отопление к проекту: Реконструкция системы технологической водоподготовки бассейна профилактория комбината
H13: (наименование работ и затрат, наименование объекта)
D15: Основание: Ведомомость демонтажных работ №3
D16: Сметная стоимость строительных работ _______________________________________________________________________________________________ | J16: ___________________________0,784 | L16: тыс. руб.
D17: Средства на оплату труда _______________________________________________________________________________________________ | J17: ___________________________0,275 | L17: тыс. руб.
D18: Сметная трудоемкость _______________________________________________________________________________________________ | J18: _______________________________________________________________________________________________18,67 | L18: чел.час
D19: Составлен(а) в текущих (прогнозных) ценах по состоянию на 2001г.
A22: № пп | B22: Обосно- вание | C22: Наименование | D22: Ед. изм. | E22: Кол. на ед./ всего | F22: Стоимость единицы, руб. | J22: Общая стоимость, руб. | N22: Т/з осн. раб.на ед. | O22: Т/з осн. раб. Всего | P22: Т/з мех. на ед. | Q22: Т/з мех. Всего
F23: Всего | G23: В том числе | J23: Всего | K23: В том числе
G24: Осн.З/п | H24: Эк.Маш | I24: З/пМех | K24: Осн.З/п | L24: Эк.Маш | M24: З/пМех
A25: 1 | B25: 2 | C25: 3 | D25: 4 | E25: 5 | F25: 6 | G25: 7 | H25: 8 | I25: 9 | J25: 10 | K25: 11 | L25: 12 | M25: 13 | N25: 14 | O25: 15 | P25: 16 | Q25: 17
A26: Раздел 1. Демонтажные работы. Отопление
A27: 1 | B27: ТЕР17-01-008-01 | C27: Демонтаж водонагревателя (мусор=136 кг) (МДС 81-36.2004 п.п.3.3.1.Демонтаж (разборка) внутренних санитарно-технических устройств (водопровода, газопровода, канализации, водостоков, отопления, вентиляции) ОЗП=0,4; ЭМ=0,4 к расх.; ЗПМ=0,4; МАТ=0 к расх.; ТЗ=0,4; ТЗМ=0,4) НР (54 руб.): 115%=128%*0.9 от ФОТ (47 руб.) СП (33 руб.): 71%=83%*0.85 от ФОТ (47 руб.) | D27: 10 компл. | E27: 0,1 1 / 10 | F27: 514.32 | G27: 463.01 | H27: 51.31 | I27: 6.54 | J27: 51 | K27: 46 | L27: 5 | M27: 1 | N27: 34.944 | O27: 3.49 | P27: 0.396 | Q27: 0.04
C28: Затраты труда рабочих (ср 3,8) | D28: чел.час | E28: 34,944 3,49 | F28: 13.25 | G28: 13.25 | J28: 46.24 | K28: 46.24
B29: 1. 021141 | C29: Краны на автомобильном ходу при работе на других видах строительства 10 т | D29: маш.-ч | E29: 0,14 0,01 | F29: 127.47 | H29: 127.47 | I29: 18.2 | J29: 1.27 | L29: 1.27 | M29: 0.18
B30: 2. 030954 | C30: Подъемники грузоподъемностью до 500 кг одномачтовые, высота подъема 45 м | D30: маш.-ч | E30: 0,256 0,03 | F30: 40.3 | H30: 40.3 | I30: 15.62 | J30: 1.21 | L30: 1.21 | M30: 0.47
B31: 3. 400001 | C31: Автомобили бортовые, грузоподъемность до 5 т | D31: маш.-ч | E31: 0,212 0,02 | F31: 109.17 | H31: 109.17 | J31: 2.18 | L31: 2.18
B32: 4. 101-0388 | C32: Краски масляные земляные марки МА-0115 мумия, сурик железный | D32: т | E32: 0 | F32: 16871.82
B33: 5. 101-0628 | C33: Олифа комбинированная, марки К-3 | D33: т | E33: 0 | F33: 20706
B34: 6. 101-1669 | C34: Очес льняной | D34: кг | E34: 0 | F34: 40.45
B35: 7. 301-1513 | C35: Нагреватель индивидуальный водоводяной наружный диаметр корпуса 273 мм, длина 1,25 (со змеевиком диаметром 25х2 мм длиной 19,2 м, число витков 30), поверхность нагрева 1,6 м2 | D35: компл. | E35: 0 | F35: 2545.78
B36: 8. 402-0004 | C36: Раствор готовый кладочный цементный марки 100 | D36: м3 | E36: 0 | F36: 673.2
A37: 2 | B37: ТЕРр66-24-2 | C37: Разборка тепловой изоляции из ваты минеральной (40кг/м3=7*0,04=0,28м3*40= 11,2кг) НР (12 руб.): 74% от ФОТ (16 руб.) СП (8 руб.): 50% от ФОТ (16 руб.) | D37: 100 м2 наружной площади разобранной изоляции | E37: 0,07 (0,108*3,14*20) / 100 | F37: 223.66 | G37: 223.66 | J37: 16 | K37: 16 | N37: 19.1 | O37: 1.34
C38: Затраты труда рабочих (ср 2,7) | D38: чел.час | E38: 19,1 1,34 | F38: 11.71 | G38: 11.71 | J38: 15.69 | K38: 15.69
A39: 3 | B39: ТЕР16-02-005-05 | C39: Демонтаж трубопроводов отопления и водоснабжения из стальных электросварных труб диаметром 100 мм (мусор=11,48*20=230 кг) (МДС 81-36.2004 п.п.3.3.1.Демонтаж (разборка) внутренних санитарно-технических устройств (водопровода, газопровода, канализации, водостоков, отопления, вентиляции) ОЗП=0,4; ЭМ=0,4 к расх.; ЗПМ=0,4; МАТ=0 к расх.; ТЗ=0,4; ТЗМ=0,4) НР (102 руб.): 115%=128%*0.9 от ФОТ (89 руб.) СП (63 руб.): 71%=83%*0.85 от ФОТ (89 руб.) | D39: 100 м трубопровода | E39: 0,2 20 / 100 | F39: 550.14 | G39: 438.94 | H39: 111.2 | I39: 2.69 | J39: 110 | K39: 88 | L39: 22 | M39: 1 | N39: 31.9 | O39: 6.38 | P39: 0.148 | Q39: 0.03
C40: Затраты труда рабочих (ср 4,1) | D40: чел.час | E40: 31,9 6,38 | F40: 13.76 | G40: 13.76 | J40: 87.79 | K40: 87.79
B41: 1. 020129 | C41: Краны башенные при работе на других видах строительства 8 т | D41: маш.-ч | E41: 0,108 0,02 | F41: 255.96 | H41: 255.96 | I41: 18.2 | J41: 5.12 | L41: 5.12 | M41: 0.36
B42: 2. 021141 | C42: Краны на автомобильном ходу при работе на других видах строительства 10 т | D42: маш.-ч | E42: 0,04 0,01 | F42: 127.47 | H42: 127.47 | I42: 18.2 | J42: 1.27 | L42: 1.27 | M42: 0.18
B43: 3. 040504 | C43: Аппарат для газовой сварки и резки | D43: маш.-ч | E43: 13,968 2,79 | F43: 1.24 | H43: 1.24 | J43: 3.46 | L43: 3.46
B44: 4. 400001 | C44: Автомобили бортовые, грузоподъемность до 5 т | D44: маш.-ч | E44: 0,56 0,11 | F44: 109.17 | H44: 109.17 | J44: 12.01 | L44: 12.01
B45: 5. 101-0324 | C45: Кислород технический газообразный | D45: м3 | E45: 0 | F45: 11.89
B46: 6. 101-0807 | C46: Проволока сварочная легированная диаметром 4 мм | D46: т | E46: 0 | F46: 11328.8
B47: 7. 101-1602 | C47: Ацетилен газообразный технический | D47: м3 | E47: 0 | F47: 85
B48: 8. 302-1320 | C48: Трубопроводы из стальных электросварных труб с гильзами для отопления и водоснабжения, наружный диаметр 108 мм, толщина стенки 4 мм | D48: м | E48: 0 | F48: 105.91
B49: 9. 402-0006 | C49: Раствор готовый кладочный цементный марки 200 | D49: м3 | E49: 0 | F49: 763.06
B50: 10. 405-1601 | C50: Известь строительная негашеная хлорная, марки А | D50: кг | E50: 0 | F50: 2.38
B51: 11. 411-0001 | C51: Вода | D51: м3 | E51: 0 | F51: 4.88
A52: 4 | B52: ТЕР16-02-001-01 | C52: Демонтаж трубопроводов отопления из стальных водогазопроводных неоцинкованных труб диаметром 15 мм (мусор=1,28*40=51,2 кг) (МДС 81-36.2004 п.п.3.3.1.Демонтаж (разборка) внутренних санитарно-технических устройств (водопровода, газопровода, канализации, водостоков, отопления, вентиляции) ОЗП=0,4; ЭМ=0,4 к расх.; ЗПМ=0,4; МАТ=0 к расх.; ТЗ=0,4; ТЗМ=0,4) НР (83 руб.): 115%=128%*0.9 от ФОТ (72 руб.) СП (51 руб.): 71%=83%*0.85 от ФОТ (72 руб.) | D52: 100 м трубопровода | E52: 0,4 40 / 100 | F52: 206.31 | G52: 178.7 | H52: 27.61 | I52: 1.09 | J52: 83 | K52: 72 | L52: 11 | N52: 13.188 | O52: 5.28 | P52: 0.06 | Q52: 0.02
C53: Затраты труда рабочих (ср 4) | D53: чел.час | E53: 13,188 5,28 | F53: 13.55 | G53: 13.55 | J53: 71.54 | K53: 71.54
B54: 1. 020129 | C54: Краны башенные при работе на других видах строительства 8 т | D54: маш.-ч | E54: 0,032 0,01 | F54: 255.96 | H54: 255.96 | I54: 18.2 | J54: 2.56 | L54: 2.56 | M54: 0.18
B55: 2. 021141 | C55: Краны на автомобильном ходу при работе на других видах строительства 10 т | D55: маш.-ч | E55: 0,028 0,01 | F55: 127.47 | H55: 127.47 | I55: 18.2 | J55: 1.27 | L55: 1.27 | M55: 0.18
B56: 3. 040504 | C56: Аппарат для газовой сварки и резки | D56: маш.-ч | E56: 0,46 0,18 | F56: 1.24 | H56: 1.24 | J56: 0.22 | L56: 0.22
B57: 4. 400001 | C57: Автомобили бортовые, грузоподъемность до 5 т | D57: маш.-ч | E57: 0,14 0,06 | F57: 109.17 | H57: 109.17 | J57: 6.55 | L57: 6.55
B58: 5. 101-0063 | C58: Ацетилен растворенный технический марки А | D58: т | E58: 0 | F58: 71400
B59: 6. 101-0324 | C59: Кислород технический газообразный | D59: м3 | E59: 0 | F59: 11.89
B60: 7. 101-0388 | C60: Краски масляные земляные марки МА-0115 мумия, сурик железный | D60: т | E60: -2,64697796016969E-23 | F60: 16871.82
B61: 8. 101-0628 | C61: Олифа комбинированная, марки К-3 | D61: т | E61: 0 | F61: 20706
B62: 9. 101-0807 | C62: Проволока сварочная легированная диаметром 4 мм | D62: т | E62: 0 | F62: 11328.8
B63: 10. 101-1669 | C63: Очес льняной | D63: кг | E63: 0 | F63: 40.45
B64: 11. 302-0881 | C64: Узлы укрупненные монтажные (трубопроводы) из стальных водогазопроводных неоцинкованных труб с гильзами для систем отопления диаметром 15 мм | D64: м | E64: 0 | F64: 33.45
B65: 12. 405-1601 | C65: Известь строительная негашеная хлорная, марки А | D65: кг | E65: 0 | F65: 2.38
B66: 13. 411-0001 | C66: Вода | D66: м3 | E66: 0 | F66: 4.88
A67: 5 | B67: ТЕР16-02-001-02 | C67: Демонтаж трубопроводов отопления из стальных водогазопроводных неоцинкованных труб диаметром 20 мм (мусор=1,66*12=20 кг) (МДС 81-36.2004 п.п.3.3.1.Демонтаж (разборка) внутренних санитарно-технических устройств (водопровода, газопровода, канализации, водостоков, отопления, вентиляции) ОЗП=0,4; ЭМ=0,4 к расх.; ЗПМ=0,4; МАТ=0 к расх.; ТЗ=0,4; ТЗМ=0,4) НР (25 руб.): 115%=128%*0.9 от ФОТ (22 руб.) СП (16 руб.): 71%=83%*0.85 от ФОТ (22 руб.) | D67: 100 м трубопровода | E67: 0,12 12 / 100 | F67: 206.31 | G67: 178.7 | H67: 27.61 | I67: 1.09 | J67: 25 | K67: 22 | L67: 3 | N67: 13.188 | O67: 1.58 | P67: 0.06 | Q67: 0.01
C68: Затраты труда рабочих (ср 4) | D68: чел.час | E68: 13,188 1,58 | F68: 13.55 | G68: 13.55 | J68: 21.41 | K68: 21.41
B69: 1. 020129 | C69: Краны башенные при работе на других видах строительства 8 т | D69: маш.-ч | E69: 0,032 | F69: 255.96 | H69: 255.96 | I69: 18.2
B70: 2. 021141 | C70: Краны на автомобильном ходу при работе на других видах строительства 10 т | D70: маш.-ч | E70: 0,028 | F70: 127.47 | H70: 127.47 | I70: 18.2
B71: 3. 040504 | C71: Аппарат для газовой сварки и резки | D71: маш.-ч | E71: 0,46 0,06 | F71: 1.24 | H71: 1.24 | J71: 0.07 | L71: 0.07
B72: 4. 400001 | C72: Автомобили бортовые, грузоподъемность до 5 т | D72: маш.-ч | E72: 0,14 0,02 | F72: 109.17 | H72: 109.17 | J72: 2.18 | L72: 2.18
B73: 5. 101-0063 | C73: Ацетилен растворенный технический марки А | D73: т | E73: 0 | F73: 71400
B74: 6. 101-0324 | C74: Кислород технический газообразный | D74: м3 | E74: 0 | F74: 11.89
B75: 7. 101-0388 | C75: Краски масляные земляные марки МА-0115 мумия, сурик железный | D75: т | E75: -2,64697796016969E-23 | F75: 16871.82
B76: 8. 101-0628 | C76: Олифа комбинированная, марки К-3 | D76: т | E76: 0 | F76: 20706
B77: 9. 101-0807 | C77: Проволока сварочная легированная диаметром 4 мм | D77: т | E77: 0 | F77: 11328.8
B78: 10. 101-1669 | C78: Очес льняной | D78: кг | E78: 0 | F78: 40.45
A79: Н, З | B79: 11. ТЕР16-02-001-02 | C79: Крепления | D79: кг | E79: 0
B80: 12. 302-0882 | C80: Узлы укрупненные монтажные (трубопроводы) из стальных водогазопроводных неоцинкованных труб с гильзами для систем отопления диаметром 20 мм | D80: м | E80: 0 | F80: 37.87
B81: 13. 405-1601 | C81: Известь строительная негашеная хлорная, марки А | D81: кг | E81: 0 | F81: 2.38
B82: 14. 411-0001 | C82: Вода | D82: м3 | E82: 0 | F82: 4.88
A83: 6 | B83: ТЕР18-07-001-02 | C83: Демонтаж манометров (мусор=0,5 кг) (МДС 81-36.2004 п.п.3.3.1.Демонтаж (разборка) внутренних санитарно-технических устройств (водопровода, газопровода, канализации, водостоков, отопления, вентиляции) ОЗП=0,4; ЭМ=0,4 к расх.; ЗПМ=0,4; МАТ=0 к расх.; ТЗ=0,4; ТЗМ=0,4) НР (6 руб.): 115%=128%*0.9 от ФОТ (5 руб.) СП (4 руб.): 71%=83%*0.85 от ФОТ (5 руб.) | D83: 1 компл. | E83: 4 | F83: 1.23 | G83: 1.23 | J83: 5 | K83: 5 | N83: 0.088 | O83: 0.35
C84: Затраты труда рабочих (ср 4,2) | D84: чел.час | E84: 0,088 0,35 | F84: 13.97 | G84: 13.97 | J84: 4.89 | K84: 4.89
B85: 1. 101-0388 | C85: Краски масляные земляные марки МА-0115 мумия, сурик железный | D85: т | E85: 0 | F85: 16871.82
B86: 2. 101-0628 | C86: Олифа комбинированная, марки К-3 | D86: т | E86: 0 | F86: 20706
B87: 3. 101-1669 | C87: Очес льняной | D87: кг | E87: 0 | F87: 40.45
B88: 4. 301-1465 | C88: Манометр для неагрессивных сред (класс точности 1.5) с резьбовым присоединением марка МП-3У-16 с трехходовым краном 11П18пкРу16 | D88: компл. | E88: 0 | F88: 240.29
A89: 7 | B89: ТЕР18-07-001-04 | C89: Демонтаж термометров (мусор=0,5 кг) (МДС 81-36.2004 п.п.3.3.1.Демонтаж (разборка) внутренних санитарно-технических устройств (водопровода, газопровода, канализации, водостоков, отопления, вентиляции) ОЗП=0,4; ЭМ=0,4 к расх.; ЗПМ=0,4; МАТ=0 к расх.; ТЗ=0,4; ТЗМ=0,4) НР (3 руб.): 115%=128%*0.9 от ФОТ (3 руб.) СП (2 руб.): 71%=83%*0.85 от ФОТ (3 руб.) | D89: 1 компл. | E89: 2 | F89: 1.64 | G89: 1.64 | J89: 3 | K89: 3 | N89: 0.124 | O89: 0.25
C90: Затраты труда рабочих (ср 3,8) | D90: чел.час | E90: 0,124 0,25 | F90: 13.25 | G90: 13.25 | J90: 3.31 | K90: 3.31
B91: 1. 101-0388 | C91: Краски масляные земляные марки МА-0115 мумия, сурик железный | D91: т | E91: 0 | F91: 16871.82
B92: 2. 101-0587 | C92: Масло индустриальное И-20А | D92: т | E92: -6,61744490042422E-24 | F92: 9953.15
B93: 3. 101-0628 | C93: Олифа комбинированная, марки К-3 | D93: т | E93: 0 | F93: 20706
B94: 4. 101-1669 | C94: Очес льняной | D94: кг | E94: 0 | F94: 40.45
B95: 5. 301-1467 | C95: Термометр прямой (угловой) ртутный (ножка 66 мм) до 160 град С в оправе | D95: компл. | E95: 0 | F95: 358.88
A96: 8 | B96: ФССЦпг01-01-01-041 | C96: Погрузочные работы при автомобильных перевозках: мусора строительного с погрузкой вручную (ОП п.1.1.9 Прил.1 Прил.1Поясной коэффициент: Свердловская область ПЗ=1,1 (ОЗП=1,1; ЭМ=1,1; ЗПМ=1,1; МАТ=1,1)) НР 0% от ФОТ СП 0% от ФОТ | D96: 1 т груза | E96: 0,449 0,136+0,0112+0,23+0,0512+0,02+0,0005+0,0005 | F96: 47.28 | G96: 47.28 | J96: 21 | K96: 21
A97: 9 | B97: ФССЦпг03-21-01-015 | C97: Перевозка грузов автомобилями-самосвалами грузоподъемностью 10 т, работающих вне карьера, на расстояние: до 15 км I класс груза (ОП п.1.1.9 Прил.1Поясные коэффициенты к сметным ценам на перевозку грузов автомобильным транспортом: Свердловская область ПЗ=1,1 (ОЗП=1,1; ЭМ=1,1; ЗПМ=1,1; МАТ=1,1)) НР 0% от ФОТ СП 0% от ФОТ | D97: 1 т груза | E97: 0,449 М | F97: 14.72 | H97: 14.72 | J97: 7 | L97: 7
A98: Итого прямые затраты по разделу в ценах 2001г. | J98: 321 | K98: 273 | L98: 48 | M98: 2 | O98: 18.67 | Q98: 0.1
A99: Накладные расходы | J99: 286
A100: Сметная прибыль | J100: 177
A101: Итоги по разделу 1 Демонтажные работы. Отопление :
A102: Сантехнические работы - внутренние (трубопроводы, водопровод, канализация, отопление, газоснабжение, вентиляция и кондиционирование воздуха) | J102: 720 | O102: 17.33 | Q102: 0.1
A103: Наружные инженерные сети: разборка, очистка (ремонтно-строительные) | J103: 36 | O103: 1.34
A104: Погрузо-разгрузочные работы | J104: 21
A105: Перевозка грузов автотранспортом | J105: 7
A106: Итого | J106: 784 | O106: 18.67 | Q106: 0.1
A107: В том числе:
...

Sheet 01-01-04
A1: СОГЛАСОВАНО: | M1: УТВЕРЖДАЮ:
A4: _________________ | M4: _________________
A5: " _____ " ________________ 2013 г. | M5: "____" ______________2013 г.
H6: ФГУП "Комбинат "Электрохимприбор" г. Лесной, Свердловской области
H7: (наименование стройки)
H9: ЛОКАЛЬНЫЙ СМЕТНЫЙ РАСЧЕТ № 01-01-04 (14-057-ЭМ.Дем.СМ)
H10: (локальная смета)
G12: на Демонтажные работы. Электрооборудование к проекту: Реконструкция системы технологической водоподготовки бассейна профилактория комбината
H13: (наименование работ и затрат, наименование объекта)
D15: Основание: Ведомость демонтажных работ №4
D16: Сметная стоимость _______________________________________________________________________________________________ | J16: ___________________________1,142 | L16: тыс. руб.
D17: строительных работ _______________________________________________________________________________________________ | J17: _______________________________________________________________________________________________0,014 | L17: тыс. руб.
D18: монтажных работ _______________________________________________________________________________________________ | J18: _______________________________________________________________________________________________1,128 | L18: тыс. руб.
D19: Средства на оплату труда _______________________________________________________________________________________________ | J19: ___________________________0,430 | L19: тыс. руб.
D20: Сметная трудоемкость _______________________________________________________________________________________________ | J20: _______________________________________________________________________________________________35,69 | L20: чел.час
D21: Составлен(а) в текущих (прогнозных) ценах по состоянию на 2001г.
A24: № пп | B24: Обосно- вание | C24: Наименование | D24: Ед. изм. | E24: Кол. на ед./ всего | F24: Стоимость единицы, руб. | J24: Общая стоимость, руб. | N24: Т/з осн. раб.на ед. | O24: Т/з осн. раб. Всего | P24: Т/з мех. на ед. | Q24: Т/з мех. Всего
F25: Всего | G25: В том числе | J25: Всего | K25: В том числе
G26: Осн.З/п | H26: Эк.Маш | I26: З/пМех | K26: Осн.З/п | L26: Эк.Маш | M26: З/пМех
A27: 1 | B27: 2 | C27: 3 | D27: 4 | E27: 5 | F27: 6 | G27: 7 | H27: 8 | I27: 9 | J27: 10 | K27: 11 | L27: 12 | M27: 13 | N27: 14 | O27: 15 | P27: 16 | Q27: 17
A28: Раздел 1. Демонтажные работы. Электрооборудование
A29: 1 | B29: ТЕРм08-03-573-04 | C29: Демонтаж. Шкаф управления насосами (мусор=4*20=80 кг) (МДС 81-37.2004 п.п.3.2.1.Демонтаж оборудования, которое не подлежит дальнейшему использованию (предназначено в лом) без разборки и резки ОЗП=0,3; ЭМ=0,3 к расх.; ЗПМ=0,3; МАТ=0 к расх.; ТЗ=0,3; ТЗМ=0,3) НР (44 руб.): 95% от ФОТ (46 руб.) СП (30 руб.): 65% от ФОТ (46 руб.) | D29: 1 шт. | E29: 4 | F29: 28.55 | G29: 9.93 | H29: 18.62 | I29: 1.41 | J29: 114 | K29: 40 | L29: 74 | M29: 6 | N29: 0.711 | O29: 2.84 | P29: 0.087 | Q29: 0.35
C30: Затраты труда рабочих (ср 4,2) | D30: чел.час | E30: 0,711 2,84 | F30: 13.97 | G30: 13.97 | J30: 39.67 | K30: 39.67
B31: 1. 021102 | C31: Краны на автомобильном ходу при работе на монтаже технологического оборудования 10 т | D31: маш.-ч | E31: 0,021 0,08 | F31: 172.79 | H31: 172.79 | I31: 18.2 | J31: 13.82 | L31: 13.82 | M31: 1.46
B32: 2. 040502 | C32: Установки для сварки ручной дуговой (постоянного тока) | D32: маш.-ч | E32: 0,213 0,85 | F32: 8.97 | H32: 8.97 | J32: 7.62 | L32: 7.62
B33: 3. 050102 | C33: Компрессоры передвижные с двигателем внутреннего сгорания давлением до 686 кПа (7 ат), производительность 5 м3/мин | D33: маш.-ч | E33: 0,066 0,26 | F33: 103.34 | H33: 103.34 | I33: 15.62 | J33: 26.87 | L33: 26.87 | M33: 4.06
B34: 4. 100602 | C34: Молотки бурильные легкие при работе от передвижных компрессорных станций | D34: маш.-ч | E34: 0,066 0,26 | F34: 56.77 | H34: 56.77 | J34: 14.76 | L34: 14.76
B35: 5. 400002 | C35: Автомобили бортовые, грузоподъемность до 8 т | D35: маш.-ч | E35: 0,021 0,08 | F35: 119.46 | H35: 119.46 | J35: 9.56 | L35: 9.56
B36: 6. 101-1924 | C36: Электроды диаметром 4 мм Э42А | D36: кг | E36: 0 | F36: 11.66
B37: 7. 101-1977 | C37: Болты с гайками и шайбами строительные | D37: кг | E37: 0 | F37: 16.8
B38: 8. 101-2143 | C38: Краска | D38: кг | E38: 0 | F38: 29.75
B39: 9. 999-9950 | C39: Вспомогательные ненормируемые ресурсы | D39: руб. | E39: 0 | F39: 1
A40: 2 | B40: ТЕРр67-3-1 | C40: Демонтаж кабеля (мусор=0,15*150=22,5 кг) НР (135 руб.): 85% от ФОТ (159 руб.) СП (103 руб.): 65% от ФОТ (159 руб.) | D40: 100 м | E40: 1,5 150 / 100 | F40: 106.34 | G40: 105.94 | H40: 0.4 | I40: 0.16 | J40: 160 | K40: 159 | L40: 1 | N40: 9.64 | O40: 14.46 | P40: 0.01 | Q40: 0.02
C41: Затраты труда рабочих (ср 2) | D41: чел.час | E41: 9,64 14,46 | F41: 10.99 | G41: 10.99 | J41: 158.92 | K41: 158.92
B42: 1. 030954 | C42: Подъемники грузоподъемностью до 500 кг одномачтовые, высота подъема 45 м | D42: маш.-ч | E42: 0,01 0,02 | F42: 40.3 | H42: 40.3 | I42: 15.62 | J42: 0.81 | L42: 0.81 | M42: 0.31
A43: 3 | B43: ТЕРр67-2-7 | C43: Демонтаж труб, проложенных на скобах диаметром 50 мм (мусор=2,5*50=125 кг) НР (182 руб.): 85% от ФОТ (214 руб.) СП (139 руб.): 65% от ФОТ (214 руб.) | D43: 100 м труб | E43: 0,5 50 / 100 | F43: 441.17 | G43: 423.22 | H43: 11.1 | I43: 3.59 | J43: 221 | K43: 212 | L43: 6 | M43: 2 | N43: 36.77 | O43: 18.39 | P43: 0.23 | Q43: 0.12
C44: Затраты труда рабочих (ср 2,5) | D44: чел.час | E44: 36,77 18,39 | F44: 11.51 | G44: 11.51 | J44: 211.67 | K44: 211.67
B45: 1. 030954 | C45: Подъемники грузоподъемностью до 500 кг одномачтовые, высота подъема 45 м | D45: маш.-ч | E45: 0,23 0,12 | F45: 40.3 | H45: 40.3 | I45: 15.62 | J45: 4.84 | L45: 4.84 | M45: 1.87
B46: 2. 040504 | C46: Аппарат для газовой сварки и резки | D46: маш.-ч | E46: 1,48 0,74 | F46: 1.24 | H46: 1.24 | J46: 0.92 | L46: 0.92
B47: 3. 101-0324 | C47: Кислород технический газообразный | D47: м3 | E47: 0,29 0,145 | F47: 11.89 | J47: 1.72
B48: 4. 101-1602 | C48: Ацетилен газообразный технический | D48: м3 | E48: 0,04 0,02 | F48: 85 | J48: 1.7
A49: 4 | B49: ФССЦпг01-01-01-041 | C49: Погрузочные работы при автомобильных перевозках: мусора строительного с погрузкой вручную (ОП п.1.1.9 Прил.1 Прил.1Поясной коэффициент: Свердловская область ПЗ=1,1 (ОЗП=1,1; ЭМ=1,1; ЗПМ=1,1; МАТ=1,1)) НР 0% от ФОТ СП 0% от ФОТ | D49: 1 т груза | E49: 0,228 0,08+0,0225+0,125 | F49: 47.28 | G49: 47.28 | J49: 11 | K49: 11
A50: 5 | B50: ФССЦпг03-21-01-015 | C50: Перевозка грузов автомобилями-самосвалами грузоподъемностью 10 т, работающих вне карьера, на расстояние: до 15 км I класс груза (ОП п.1.1.9 Прил.1Поясные коэффициенты к сметным ценам на перевозку грузов автомобильным транспортом: Свердловская область ПЗ=1,1 (ОЗП=1,1; ЭМ=1,1; ЗПМ=1,1; МАТ=1,1)) НР 0% от ФОТ СП 0% от ФОТ | D50: 1 т груза | E50: 0,228 М | F50: 14.72 | H50: 14.72 | J50: 3 | L50: 3
A51: Итого прямые затраты по разделу в ценах 2001г. | J51: 509 | K51: 422 | L51: 84 | M51: 8 | O51: 35.69 | Q51: 0.49
A52: Накладные расходы | J52: 361
A53: Сметная прибыль | J53: 272
A54: Итоги по разделу 1 Демонтажные работы. Электрооборудование :
A55: Итого Строительные работы | J55: 14
A56: Итого Монтажные работы | J56: 1128 | O56: 35.69 | Q56: 0.49
A57: Итого | J57: 1142 | O57: 35.69 | Q57: 0.49
A58: В том числе:
A59: Материалы | J59: 3
A60: Машины и механизмы | J60: 84
A61: ФОТ | J61: 430
A62: Накладные расходы | J62: 361
A63: Сметная прибыль | J63: 272
A64: Итого по разделу 1 Демонтажные работы. Электрооборудование | J64: 1142 | O64: 35.69 | Q64: 0.49
A65: ИТОГИ ПО СМЕТЕ:
A66: Итого прямые затраты по смете в ценах 2001г. | J66: 509 | K66: 422 | L66: 84 | M66: 8 | O66: 35.69 | Q66: 0.49
A67: Накладные расходы | J67: 361
A68: Сметная прибыль | J68: 272
A69: Итоги по смете:
A70: Итого Строительные работы | J70: 14
A71: Итого Монтажные работы | J71: 1128 | O71: 35.69 | Q71: 0.49
A72: Итого | J72: 1142 | O72: 35.69 | Q72: 0.49
A73: В том числе:
A74: Материалы | J74: 3
A75: Машины и механизмы | J75: 84
A76: ФОТ | J76: 430
A77: Накладные расходы | J77: 361
A78: Сметная прибыль | J78: 272
A79: ВСЕГО по смете | J79: 1142 | O79: 35.69 | Q79: 0.49
A82: Список переменных по смете:
A84: Наименование переменной | D84: Иденти- фикатор | E84: Значение | F84: Результат
A85: Индекс инфляции на СМР на III квартал 2014г. Прочие Приложение 1 к письму №15285-ЕС/08 от 04.08.14г. | D85: ИндексСМР | E85: 5.73 | F85: 5.73
A86: Индекс инфляции на Оборудование на III квартал 2014г. Электроэнергетика. Приложение 5 к письму №15285-ЕС/08 от 04.08.14г. | D86: ИндексОБ | E86: 4.04 | F86: 4.04
A90: Составил: ___________________________
A91: (должность, подпись, расшифровка)
A93: Проверил: ___________________________
A94: (должность, подпись, расшифровка)

Sheet 01-01-05
A1: СОГЛАСОВАНО: | M1: УТВЕРЖДАЮ:
A4: _________________ | M4: _________________
A5: " _____ " ________________ 2013 г. | M5: "____" ______________2013 г.
H6: ФГУП "Комбинат "Электрохимприбор" г. Лесной, Свердловской области
H7: (наименование стройки)
H9: ЛОКАЛЬНЫЙ СМЕТНЫЙ РАСЧЕТ № 01-01-05 (14-057-ЭО.Дем.СМ)
H10: (локальная смета)
G12: на Демонтажные работы. Электроосвещение к проекту: Реконструкция системы технологической водоподготовки бассейна профилактория комбината
H13: (наименование работ и затрат, наименование объекта)
D15: Основание: Ведомость демонтажных работ №5
D16: Сметная стоимость _______________________________________________________________________________________________ | J16: ___________________________1,223 | L16: тыс. руб.
D17: строительных работ _______________________________________________________________________________________________ | J17: _______________________________________________________________________________________________0,008 | L17: тыс. руб.
D18: монтажных работ _______________________________________________________________________________________________ | J18: _______________________________________________________________________________________________1,215 | L18: тыс. руб.
D19: Средства на оплату труда _______________________________________________________________________________________________ | J19: ___________________________0,486 | L19: тыс. руб.
D20: Сметная трудоемкость _______________________________________________________________________________________________ | J20: _______________________________________________________________________________________________42,19 | L20: чел.час
D21: Составлен(а) в текущих (прогнозных) ценах по состоянию на 2001г.
A24: № пп | B24: Обосно- вание | C24: Наименование | D24: Ед. изм. | E24: Кол. на ед./ всего | F24: Стоимость единицы, руб. | J24: Общая стоимость, руб. | N24: Т/з осн. раб.на ед. | O24: Т/з осн. раб. Всего | P24: Т/з мех. на ед. | Q24: Т/з мех. Всего
F25: Всего | G25: В том числе | J25: Всего | K25: В том числе
G26: Осн.З/п | H26: Эк.Маш | I26: З/пМех | K26: Осн.З/п | L26: Эк.Маш | M26: З/пМех
A27: 1 | B27: 2 | C27: 3 | D27: 4 | E27: 5 | F27: 6 | G27: 7 | H27: 8 | I27: 9 | J27: 10 | K27: 11 | L27: 12 | M27: 13 | N27: 14 | O27: 15 | P27: 16 | Q27: 17
A28: Раздел 1. Демонтажные работы. Электроосвещение
A29: 1 | B29: ТЕРр67-4-3 | C29: Демонтаж светильников с лампами накаливания (мусор=3,5*22=77 кг) НР (14 руб.): 85% от ФОТ (16 руб.) СП (10 руб.): 65% от ФОТ (16 руб.) | D29: 100 шт. | E29: 0,22 22 / 100 | F29: 70.67 | G29: 69.46 | H29: 1.21 | I29: 0.47 | J29: 16 | K29: 16 | N29: 6.32 | O29: 1.39 | P29: 0.03 | Q29: 0.01
C30: Затраты труда рабочих (ср 2) | D30: чел.час | E30: 6,32 1,39 | F30: 10.99 | G30: 10.99 | J30: 15.28 | K30: 15.28
B31: 1. 030954 | C31: Подъемники грузоподъемностью до 500 кг одномачтовые, высота подъема 45 м | D31: маш.-ч | E31: 0,03 0,01 | F31: 40.3 | H31: 40.3 | I31: 15.62 | J31: 0.4 | L31: 0.4 | M31: 0.16
A32: 2 | B32: ТЕРр67-4-1 | C32: Демонтаж выключателей (мусор=0,1*2=0,2 кг) НР (1 руб.): 85% от ФОТ (1 руб.) СП (1 руб.): 65% от ФОТ (1 руб.) | D32: 100 шт. | E32: 0,02 2 / 100 | F32: 64.18 | G32: 64.18 | J32: 1 | K32: 1 | N32: 5.84 | O32: 0.12
C33: Затраты труда рабочих (ср 2) | D33: чел.час | E33: 5,84 0,12 | F33: 10.99 | G33: 10.99 | J33: 1.32 | K33: 1.32
A34: 3 | B34: ТЕРр67-3-1 | C34: Демонтаж кабеля (мусор=0,15*160=24 кг) НР (145 руб.): 85% от ФОТ (170 руб.) СП (111 руб.): 65% от ФОТ (170 руб.) | D34: 100 м | E34: 1,6 160 / 100 | F34: 106.34 | G34: 105.94 | H34: 0.4 | I34: 0.16 | J34: 170 | K34: 170 | N34: 9.64 | O34: 15.42 | P34: 0.01 | Q34: 0.02
C35: Затраты труда рабочих (ср 2) | D35: чел.час | E35: 9,64 15,42 | F35: 10.99 | G35: 10.99 | J35: 169.47 | K35: 169.47
B36: 1. 030954 | C36: Подъемники грузоподъемностью до 500 кг одномачтовые, высота подъема 45 м | D36: маш.-ч | E36: 0,01 0,02 | F36: 40.3 | H36: 40.3 | I36: 15.62 | J36: 0.81 | L36: 0.81 | M36: 0.31
A37: 4 | B37: ТЕРр67-2-5 | C37: Демонтаж труб, проложенных на скобах диаметром до 25 мм (мусор=1,5*150=30 кг) НР (249 руб.): 85% от ФОТ (293 руб.) СП (190 руб.): 65% от ФОТ (293 руб.) | D37: 100 м труб | E37: 1,5 150 / 100 | F37: 205.34 | G37: 193.83 | H37: 4.66 | I37: 1.09 | J37: 308 | K37: 291 | L37: 7 | M37: 2 | N37: 16.84 | O37: 25.26 | P37: 0.07 | Q37: 0.11
C38: Затраты труда рабочих (ср 2,5) | D38: чел.час | E38: 16,84 25,26 | F38: 11.51 | G38: 11.51 | J38: 290.74 | K38: 290.74
B39: 1. 030954 | C39: Подъемники грузоподъемностью до 500 кг одномачтовые, высота подъема 45 м | D39: маш.-ч | E39: 0,07 0,11 | F39: 40.3 | H39: 40.3 | I39: 15.62 | J39: 4.43 | L39: 4.43 | M39: 1.72
B40: 2. 040504 | C40: Аппарат для газовой сварки и резки | D40: маш.-ч | E40: 1,48 2,22 | F40: 1.24 | H40: 1.24 | J40: 2.75 | L40: 2.75
B41: 3. 101-0324 | C41: Кислород технический газообразный | D41: м3 | E41: 0,29 0,435 | F41: 11.89 | J41: 5.17
B42: 4. 101-1602 | C42: Ацетилен газообразный технический | D42: м3 | E42: 0,04 0,06 | F42: 85 | J42: 5.1
A43: 5 | B43: ФССЦпг01-01-01-041 | C43: Погрузочные работы при автомобильных перевозках: мусора строительного с погрузкой вручную (ОП п.1.1.9 Прил.1 Прил.1Поясной коэффициент: Свердловская область ПЗ=1,1 (ОЗП=1,1; ЭМ=1,1; ЗПМ=1,1; МАТ=1,1)) НР 0% от ФОТ СП 0% от ФОТ | D43: 1 т груза | E43: 0,131 0,077+0,0002+0,024+0,03 | F43: 47.28 | G43: 47.28 | J43: 6 | K43: 6
A44: 6 | B44: ФССЦпг03-21-01-015 | C44: Перевозка грузов автомобилями-самосвалами грузоподъемностью 10 т, работающих вне карьера, на расстояние: до 15 км I класс груза (ОП п.1.1.9 Прил.1Поясные коэффициенты к сметным ценам на перевозку грузов автомобильным транспортом: Свердловская область ПЗ=1,1 (ОЗП=1,1; ЭМ=1,1; ЗПМ=1,1; МАТ=1,1)) НР 0% от ФОТ СП 0% от ФОТ | D44: 1 т груза | E44: 0,131 М | F44: 14.72 | H44: 14.72 | J44: 2 | L44: 2
A45: Итого прямые затраты по разделу в ценах 2001г. | J45: 503 | K45: 484 | L45: 9 | M45: 2 | O45: 42.19 | Q45: 0.14
A46: Накладные расходы | J46: 408
A47: Сметная прибыль | J47: 312
A48: Итоги по разделу 1 Демонтажные работы. Электроосвещение :
A49: Итого Строительные работы | J49: 8
A50: Итого Монтажные работы | J50: 1215 | O50: 42.19 | Q50: 0.14
A51: Итого | J51: 1223 | O51: 42.19 | Q51: 0.14
A52: В том числе:
A53: Материалы | J53: 10
A54: Машины и механизмы | J54: 9
A55: ФОТ | J55: 486
A56: Накладные расходы | J56: 408
A57: Сметная прибыль | J57: 312
A58: Итого по разделу 1 Демонтажные работы. Электроосвещение | J58: 1223 | O58: 42.19 | Q58: 0.14
A59: ИТОГИ ПО СМЕТЕ:
A60: Итого прямые затраты по смете в ценах 2001г. | J60: 503 | K60: 484 | L60: 9 | M60: 2 | O60: 42.19 | Q60: 0.14
A61: Накладные расходы | J61: 408
A62: Сметная прибыль | J62: 312
A63: Итоги по смете:
A64: Итого Строительные работы | J64: 8
A65: Итого Монтажные работы | J65: 1215 | O65: 42.19 | Q65: 0.14
A66: Итого | J66: 1223 | O66: 42.19 | Q66: 0.14
A67: В том числе:
A68: Материалы | J68: 10
A69: Машины и механизмы | J69: 9
A70: ФОТ | J70: 486
A71: Накладные расходы | J71: 408
A72: Сметная прибыль | J72: 312
A73: ВСЕГО по смете | J73: 1223 | O73: 42.19 | Q73: 0.14

Sheet 02-01-01
A1: СОГЛАСОВАНО: | M1: УТВЕРЖДАЮ:
A4: _________________ | M4: _________________
A5: " _____ " ________________ 2013 г. | M5: "____" ______________2013 г.
H6: ФГУП "Комбинат "Электрохимприбор" г. Лесной, Свердловской области
H7: (наименование стройки)
H9: ЛОКАЛЬНЫЙ СМЕТНЫЙ РАСЧЕТ № 02-01-01 (14-057-АР.СМ)
H10: (локальная смета)
H12: на Общестроительные работы к проекту: Реконструкция системы технологической водоподготовки бассейна профилактория комбината
H13: (наименование работ и затрат, наименование объекта)
D15: Основание: 14-057-АР
D16: Сметная стоимость _______________________________________________________________________________________________ | J16: ___________________________210,826 | L16: тыс. руб.
D17: строительных работ _______________________________________________________________________________________________ | J17: _______________________________________________________________________________________________197,820 | L17: тыс. руб.
D18: монтажных работ _______________________________________________________________________________________________ | J18: _______________________________________________________________________________________________13,006 | L18: тыс. руб.
D19: Средства на оплату труда _______________________________________________________________________________________________ | J19: ___________________________32,011 | L19: тыс. руб.
D20: Сметная трудоемкость _______________________________________________________________________________________________ | J20: _______________________________________________________________________________________________2484,29 | L20: чел.час
D21: Составлен(а) в текущих (прогнозных) ценах по состоянию на 2001г.
A24: № пп | B24: Обосно- вание | C24: Наименование | D24: Ед. изм. | E24: Кол. на ед./ всего | F24: Стоимость единицы, руб. | J24: Общая стоимость, руб. | N24: Т/з осн. раб.на ед. | O24: Т/з осн. раб. Всего | P24: Т/з мех. на ед. | Q24: Т/з мех. Всего
F25: Всего | G25: В том числе | J25: Всего | K25: В том числе
G26: Осн.З/п | H26: Эк.Маш | I26: З/пМех | K26: Осн.З/п | L26: Эк.Маш | M26: З/пМех
A27: 1 | B27: 2 | C27: 3 | D27: 4 | E27: 5 | F27: 6 | G27: 7 | H27: 8 | I27: 9 | J27: 10 | K27: 11 | L27: 12 | M27: 13 | N27: 14 | O27: 15 | P27: 16 | Q27: 17
A28: Раздел 1. План полов на отм. -4,200 м, лист 2, Помещение 005 Насосная
A29: Тип 1
A30: 55 | B30: ТЕР26-01-021-01 | C30: Изоляция плоских и криволинейных поверхностей из пенополиуретана методом напыления = Технопрок (МАТ=0 к расх.) НР (140 руб.): 90%=100%*0.9 от ФОТ (155 руб.) СП (93 руб.): 60%=70%*0.85 от ФОТ (155 руб.) | D30: 1 м3 изоляции | E30: 0,34628 173,14*0,002 | F30: 801.93 | G30: 447.46 | H30: 354.47 | J30: 278 | K30: 155 | L30: 123 | N30: 32.03 | O30: 11.09
C31: Затраты труда рабочих (ср 4,2) | D31: чел.час | E31: 32,03 11,09 | F31: 13.97 | G31: 13.97 | J31: 154.93 | K31: 154.93
B32: 1. 050401 | C32: Компрессоры передвижные с электродвигателем давлением 600 кПа (6 ат), производительность 0,5 м3/мин | D32: маш.-ч | E32: 8,02 2,78 | F32: 3.96 | H32: 3.96 | J32: 11.01 | L32: 11.01
B33: 2. 332141 | C33: Установки для заливки пенополиуретана | D33: маш.-ч | E33: 8,02 2,78 | F33: 35.61 | H33: 35.61 | J33: 99 | L33: 99
B34: 3. 400001 | C34: Автомобили бортовые, грузоподъемность до 5 т | D34: маш.-ч | E34: 0,34 0,12 | F34: 109.17 | H34: 109.17 | J34: 13.1 | L34: 13.1
B35: 4. 101-1986 | C35: Проволока стальная низкоуглеродистая общего назначения диаметром 0,8 мм | D35: кг | E35: 0 | F35: 11.39
B36: 5. 101-3594 | C36: Лента полиэтиленовая с липким слоем А50 | D36: кг | E36: 0 | F36: 59.5
B37: 6. 104-0126 | C37: Диоктилфталат | D37: кг | E37: 0 | F37: 29.8
B38: 7. 104-0127 | C38: Хлорметилен | D38: кг | E38: 0 | F38: 13.04
B39: 8. 104-0133 | C39: Компонент А системы жидких компонентов для напыления ППУ | D39: кг | E39: 0 | F39: 62.4
B40: 9. 104-0134 | C40: Компонент Б системы жидких компонентов для напыления ППУ | D40: кг | E40: 0 | F40: 55.64
B41: 10. 113-0307 | C41: Пленка полиэтиленовая толщиной 0,2-0,5 мм | D41: т | E41: 0 | F41: 25241.99
A42: 2 | B42: Материалы, НПО Геополимер | C42: Гидроизоляция Технопрок 2 мм (расход 3 кг/м2) (Транспортные расходы на МАТ по прайсам МАТ=0,3% к расх.; Заготовительно-складские расходы на МАТ по прайсам МАТ=2% к расх.) | D42: кг | E42: 519,4 173,14*3 | F42: 23,6 156,00/1,18/ИндексСМР | J42: 12258
A43: 3 | B43: ТЕР11-01-011-01 | C43: Устройство стяжек цементных толщиной 20 мм (40 мм) НР (887 руб.): 111%=123%*0.9 от ФОТ (799 руб.) СП (511 руб.): 64%=75%*0.85 от ФОТ (799 руб.) | D43: 100 м2 стяжки | E43: 1,7314 173,14 / 100 | F43: 1959.54 | G43: 442.12 | H43: 56.26 | I43: 19.84 | J43: 3393 | K43: 765 | L43: 97 | M43: 34 | N43: 39.51 | O43: 68.41 | P43: 1.27 | Q43: 2.2
C44: Затраты труда рабочих (ср 2,2) | D44: чел.час | E44: 39,51 68,41 | F44: 11.19 | G44: 11.19 | J44: 765.51 | K44: 765.51
B45: 1. 030954 | C45: Подъемники грузоподъемностью до 500 кг одномачтовые, высота подъема 45 м | D45: маш.-ч | E45: 1,27 2,2 | F45: 40.3 | H45: 40.3 | I45: 15.62 | J45: 88.66 | L45: 88.66 | M45: 34.36
B46: 2. 111301 | C46: Вибратор поверхностный | D46: маш.-ч | E46: 9,07 15,7 | F46: 0.56 | H46: 0.56 | J46: 8.79 | L46: 8.79
B47: 3. 402-0005 | C47: Раствор готовый кладочный цементный марки 150 | D47: м3 | E47: 2,04 3,532 | F47: 707.88 | J47: 2500.23
B48: 4. 411-0001 | C48: Вода | D48: м3 | E48: 3,5 6,06 | F48: 4.88 | J48: 29.57
A49: 4 | B49: ТЕР11-01-011-02 | C49: Устройство стяжек на каждые 5 мм изменения толщины стяжки добавлять или исключать к расценке 11-01-011-01 (ПЗ=4 (ОЗП=4; ЭМ=4 к расх.; ЗПМ=4; МАТ=4 к расх.; ТЗ=4; ТЗМ=4)) НР (69 руб.): 111%=123%*0.9 от ФОТ (62 руб.) СП (40 руб.): 64%=75%*0.85 от ФОТ (62 руб.) | D49: 100 м2 стяжки | E49: 1,7314 173,14 / 100 | F49: 1505.52 | G49: 22.4 | H49: 39.04 | I49: 13.12 | J49: 2607 | K49: 39 | L49: 68 | M49: 23 | N49: 2 | O49: 3.46 | P49: 0.84 | Q49: 1.45
C50: Затраты труда рабочих (ср 2,2) | D50: чел.час | E50: 2 3,46 | F50: 11.19 | G50: 11.19 | J50: 38.72 | K50: 38.72
B51: 1. 030954 | C51: Подъемники грузоподъемностью до 500 кг одномачтовые, высота подъема 45 м | D51: маш.-ч | E51: 0,84 1,45 | F51: 40.3 | H51: 40.3 | I51: 15.62 | J51: 58.44 | L51: 58.44 | M51: 22.65
B52: 2. 111301 | C52: Вибратор поверхностный | D52: маш.-ч | E52: 9,28 16,07 | F52: 0.56 | H52: 0.56 | J52: 9 | L52: 9
B53: 3. 402-0005 | C53: Раствор готовый кладочный цементный марки 150 | D53: м3 | E53: 2,04 3,532 | F53: 707.88 | J53: 2500.23
A54: 5 | B54: ТЕР06-01-015-10 | C54: Армирование подстилающих слоев и набетонок НР (50 руб.): 95%=105%*0.9 от ФОТ (53 руб.) СП (29 руб.): 55%=65%*0.85 от ФОТ (53 руб.) | D54: 1 т | E54: 0,3307 1,91*173,14/1000 | F54: 438.07 | G54: 157.75 | H54: 44.41 | I54: 2.91 | J54: 145 | K54: 52 | L54: 15 | M54: 1 | N54: 12.64 | O54: 4.18 | P54: 0.16 | Q54: 0.05
C55: Затраты труда рабочих (ср 3,3) | D55: чел.час | E55: 12,64 4,18 | F55: 12.48 | G55: 12.48 | J55: 52.17 | K55: 52.17
B56: 1. 021141 | C56: Краны на автомобильном ходу при работе на других видах строительства 10 т | D56: маш.-ч | E56: 0,16 0,05 | F56: 127.47 | H56: 127.47 | I56: 18.2 | J56: 6.37 | L56: 6.37 | M56: 0.91
B57: 2. 400001 | C57: Автомобили бортовые, грузоподъемность до 5 т | D57: маш.-ч | E57: 0,22 0,07 | F57: 109.17 | H57: 109.17 | J57: 7.64 | L57: 7.64
B58: 3. 101-0816 | C58: Проволока светлая диаметром 1,1 мм | D58: т | E58: 0,028 0,0093 | F58: 8425.2 | J58: 78.35
A59: 7 | B59: ТСЦ-204-0069 | C59: Арматурные сетки сварные | D59: т | E59: 0,330697 1,91*173,14/1000 | F59: 7025.63 | J59: 2323
A60: 8 | B60: ТЕР11-01-027-06 | C60: Устройство покрытий на растворе их сухой смеси с приготовлением раствора в построечных условиях из керамогранита 11 099,18 = 10 157,72 + 102 x (81,82 - 72,59) НР (2957 руб.): 111%=123%*0.9 от ФОТ (2664 руб.) СП (1705 руб.): 64%=75%*0.85 от ФОТ (2664 руб.) | D60: 100 м2 покрытия | E60: 1,7314 173,14 / 100 | F60: 11099.18 | G60: 1475.69 | H60: 181.39 | I60: 62.67 | J60: 19217 | K60: 2555 | L60: 314 | M60: 109 | N60: 119.78 | O60: 207.39 | P60: 4.22 | Q60: 7.31
C61: Затраты труда рабочих (ср 3,2) | D61: чел.час | E61: 119,78 207,39 | F61: 12.32 | G61: 12.32 | J61: 2555.04 | K61: 2555.04
B62: 1. 030101 | C62: Автопогрузчики 5 т | D62: маш.-ч | E62: 0,36 0,62 | F62: 76.88 | H62: 76.88 | I62: 15.62 | J62: 47.67 | L62: 47.67 | M62: 9.68
B63: 2. 030954 | C63: Подъемники грузоподъемностью до 500 кг одномачтовые, высота подъема 45 м | D63: маш.-ч | E63: 2,3 3,98 | F63: 40.3 | H63: 40.3 | I63: 15.62 | J63: 160.39 | L63: 160.39 | M63: 62.17
B64: 3. 110901 | C64: Растворосмесители передвижные 65 л | D64: маш.-ч | E64: 1,56 2,7 | F64: 19.52 | H64: 19.52 | I64: 13.55 | J64: 52.7 | L64: 52.7 | M64: 36.59
B65: 4. 400001 | C65: Автомобили бортовые, грузоподъемность до 5 т | D65: маш.-ч | E65: 0,28 0,48 | F65: 109.17 | H65: 109.17 | J65: 52.4 | L65: 52.4
A66: З | B66: 5. ТСЦ-101-3445 | C66: Керамический гранит | D66: м2 | E66: 102 176,6 | F66: 81.82 | J66: 14449.41
B67: 6. 101-1757 | C67: Ветошь | D67: кг | E67: 0,5 0,8657 | F67: 1.95 | J67: 1.69
B68: 7. 101-1946 | C68: Клей плиточный «Старатель-стандарт» | D68: кг | E68: 450 779,1 | F68: 1.53 | J68: 1192.02
B69: 8. 101-1971 | C69: Затирка «Старатели» (разной цветности) | D69: т | E69: 0,05 0,0866 | F69: 8130 | J69: 704.06
B70: 9. 411-0001 | C70: Вода | D70: м3 | E70: 0,1 0,1731 | F70: 4.88 | J70: 0.84
A71: Тип 2
A72: 54 | B72: ТЕР26-01-021-01 | C72: Изоляция плоских и криволинейных поверхностей из пенополиуретана методом напыления = Технопрок (МАТ=0 к расх.) НР (9 руб.): 90%=100%*0.9 от ФОТ (10 руб.) СП (6 руб.): 60%=70%*0.85 от ФОТ (10 руб.) | D72: 1 м3 изоляции | E72: 0,0211 10,55*0,002 | F72: 801.93 | G72: 447.46 | H72: 354.47 | J72: 17 | K72: 10 | L72: 7 | N72: 32.03 | O72: 0.68
C73: Затраты труда рабочих (ср 4,2) | D73: чел.час | E73: 32,03 0,68 | F73: 13.97 | G73: 13.97 | J73: 9.5 | K73: 9.5
B74: 1. 050401 | C74: Компрессоры передвижные с электродвигателем давлением 600 кПа (6 ат), производительность 0,5 м3/мин | D74: маш.-ч | E74: 8,02 0,17 | F74: 3.96 | H74: 3.96 | J74: 0.67 | L74: 0.67
B75: 2. 332141 | C75: Установки для заливки пенополиуретана | D75: маш.-ч | E75: 8,02 0,17 | F75: 35.61 | H75: 35.61 | J75: 6.05 | L75: 6.05
B76: 3. 400001 | C76: Автомобили бортовые, грузоподъемность до 5 т | D76: маш.-ч | E76: 0,34 0,01 | F76: 109.17 | H76: 109.17 | J76: 1.09 | L76: 1.09
B77: 4. 101-1986 | C77: Проволока стальная низкоуглеродистая общего назначения диаметром 0,8 мм | D77: кг | E77: 0 | F77: 11.39
B78: 5. 101-3594 | C78: Лента полиэтиленовая с липким слоем А50 | D78: кг | E78: 0 | F78: 59.5
B79: 6. 104-0126 | C79: Диоктилфталат | D79: кг | E79: 0 | F79: 29.8
B80: 7. 104-0127 | C80: Хлорметилен | D80: кг | E80: 0 | F80: 13.04
B81: 8. 104-0133 | C81: Компонент А системы жидких компонентов для напыления ППУ | D81: кг | E81: 0 | F81: 62.4
B82: 9. 104-0134 | C82: Компонент Б системы жидких компонентов для напыления ППУ | D82: кг | E82: 0 | F82: 55.64
B83: 10. 113-0307 | C83: Пленка полиэтиленовая толщиной 0,2-0,5 мм | D83: т | E83: 0 | F83: 25241.99
A84: 12 | B84: Материалы, НПО Геополимер | C84: Гидроизоляция Технопрок 2 мм (расход 3 кг/м2) (Транспортные расходы на МАТ по прайсам МАТ=0,3% к расх.; Заготовительно-складские расходы на МАТ по прайсам МАТ=2% к расх.) | D84: кг | E84: 31,7 10,55*3 | F84: 23,6 156,00/1,18/ИндексСМР | J84: 748
A85: 13 | B85: ТЕР11-01-011-01 | C85: Устройство стяжек цементных толщиной 20 мм НР (54 руб.): 111%=123%*0.9 от ФОТ (49 руб.) СП (31 руб.): 64%=75%*0.85 от ФОТ (49 руб.) | D85: 100 м2 стяжки | E85: 0,1055 10,55 / 100 | F85: 1959.54 | G85: 442.12 | H85: 56.26 | I85: 19.84 | J85: 207 | K85: 47 | L85: 6 | M85: 2 | N85: 39.51 | O85: 4.17 | P85: 1.27 | Q85: 0.13
C86: Затраты труда рабочих (ср 2,2) | D86: чел.час | E86: 39,51 4,17 | F86: 11.19 | G86: 11.19 | J86: 46.66 | K86: 46.66
B87: 1. 030954 | C87: Подъемники грузоподъемностью до 500 кг одномачтовые, высота подъема 45 м | D87: маш.-ч | E87: 1,27 0,13 | F87: 40.3 | H87: 40.3 | I87: 15.62 | J87: 5.24 | L87: 5.24 | M87: 2.03
B88: 2. 111301 | C88: Вибратор поверхностный | D88: маш.-ч | E88: 9,07 0,96 | F88: 0.56 | H88: 0.56 | J88: 0.54 | L88: 0.54
B89: 3. 402-0005 | C89: Раствор готовый кладочный цементный марки 150 | D89: м3 | E89: 2,04 0,2152 | F89: 707.88 | J89: 152.34
B90: 4. 411-0001 | C90: Вода | D90: м3 | E90: 3,5 0,3693 | F90: 4.88 | J90: 1.8
A91: 14 | B91: ТЕР11-01-015-01 | C91: Устройство покрытий бетонных толщиной 30 мм (40 мм) 2 643,16 = 2 445,67 + 3,06 x (641,19 - 576,65) НР (59 руб.): 111%=123%*0.9 от ФОТ (53 руб.) СП (34 руб.): 64%=75%*0.85 от ФОТ (53 руб.) | D91: 100 м2 покрытия | E91: 0,1055 10,55 / 100 | F91: 2643.16 | G91: 452.41 | H91: 211.63 | I91: 44.36 | J91: 279 | K91: 48 | L91: 22 | M91: 5 | N91: 40.43 | O91: 4.27 | P91: 2.84 | Q91: 0.3
C92: Затраты труда рабочих (ср 2,2) | D92: чел.час | E92: 40,43 4,27 | F92: 11.19 | G92: 11.19 | J92: 47.78 | K92: 47.78
B93: 1. 030101 | C93: Автопогрузчики 5 т | D93: маш.-ч | E93: 1,2 0,13 | F93: 76.88 | H93: 76.88 | I93: 15.62 | J93: 9.99 | L93: 9.99 | M93: 2.03
B94: 2. 030954 | C94: Подъемники грузоподъемностью до 500 кг одномачтовые, высота подъема 45 м | D94: маш.-ч | E94: 0,83 0,09 | F94: 40.3 | H94: 40.3 | I94: 15.62 | J94: 3.63 | L94: 3.63 | M94: 1.41
B95: 3. 050102 | C95: Компрессоры передвижные с двигателем внутреннего сгорания давлением до 686 кПа (7 ат), производительность 5 м3/мин | D95: маш.-ч | E95: 0,81 0,09 | F95: 103.34 | H95: 103.34 | I95: 15.62 | J95: 9.3 | L95: 9.3 | M95: 1.41
B96: 4. 111301 | C96: Вибратор поверхностный | D96: маш.-ч | E96: 3,96 0,42 | F96: 0.56 | H96: 0.56 | J96: 0.24 | L96: 0.24
A97: З | B97: 5. ТСЦ-401-0048 | C97: Бетон тяжелый, крупность заполнителя 40 мм, класс В22,5 (М300) | D97: м3 | E97: 3,06 0,3228 | F97: 641.19 | J97: 206.98
B98: 6. 411-0001 | C98: Вода | D98: м3 | E98: 3,5 0,3693 | F98: 4.88 | J98: 1.8
A99: 15 | B99: ТЕР11-01-015-02 | C99: Устройство покрытий на каждые 5 мм изменения толщины покрытия добавлять или исключать к расценке 11-01-015-01 348,44 = 315,52 + 0,51 x (641,19 - 576,65) (ПЗ=2 (ОЗП=2; ЭМ=2 к расх.; ЗПМ=2; МАТ=2 к расх.; ТЗ=2; ТЗМ=2)) НР (4 руб.): 111%=123%*0.9 от ФОТ (4 руб.) СП (3 руб.): 64%=75%*0.85 от ФОТ (4 руб.) | D99: 100 м2 покрытия | E99: 0,1055 10,55 / 100 | F99: 696.88 | G99: 26.64 | H99: 16.22 | I99: 5.94 | J99: 74 | K99: 3 | L99: 2 | M99: 1 | N99: 2.38 | O99: 0.25 | P99: 0.38 | Q99: 0.04
C100: Затраты труда рабочих (ср 2,2) | D100: чел.час | E100: 2,38 0,25 | F100: 11.19 | G100: 11.19 | J100: 2.8 | K100: 2.8
B101: 1. 030954 | C101: Подъемники грузоподъемностью до 500 кг одномачтовые, высота подъема 45 м | D101: маш.-ч | E101: 0,38 0,04 | F101: 40.3 | H101: 40.3 | I101: 15.62 | J101: 1.61 | L101: 1.61 | M101: 0.62
B102: 2. 111301 | C102: Вибратор поверхностный | D102: маш.-ч | E102: 1,62 0,17 | F102: 0.56 | H102: 0.56 | J102: 0.1 | L102: 0.1
A103: З | B103: 3. ТСЦ-401-0048 | C103: Бетон тяжелый, крупность заполнителя 40 мм, класс В22,5 (М300) | D103: м3 | E103: 1,02 0,1076 | F103: 641.19 | J103: 68.99
A104: Итого прямые затраты по разделу в ценах 2001г. | J104: 41546 | K104: 3674 | L104: 654 | M104: 175 | O104: 303.9 | Q104: 11.48
A105: Накладные расходы | J105: 4229
A106: Сметная прибыль | J106: 2452
A107: Итоги по разделу 1 План полов на отм. -4,200 м, лист 2, Помещение 005 Насосная :
...

Sheet 02-01-02
A1: СОГЛАСОВАНО: | M1: УТВЕРЖДАЮ:
A4: _________________ | M4: _________________
A5: " _____ " ________________ 2013 г. | M5: "____" ______________2013 г.
H6: ФГУП "Комбинат "Электрохимприбор" г. Лесной, Свердловской области
H7: (наименование стройки)
H9: ЛОКАЛЬНЫЙ СМЕТНЫЙ РАСЧЕТ № 02-01-02 (14-057-ТХ.СМ)
H10: (локальная смета)
F12: Технологическая часть к проекту: Реконструкция системы технологической водоподготовки бассейна профилактория комбината
H13: (наименование работ и затрат, наименование объекта)
D15: Основание: 14-057-ОВ
D16: Сметная стоимость _______________________________________________________________________________________________ | J16: ___________________________1071,641 | L16: тыс. руб.
D17: строительных работ _______________________________________________________________________________________________ | J17: _______________________________________________________________________________________________251,013 | L17: тыс. руб.
D18: монтажных работ _______________________________________________________________________________________________ | J18: _______________________________________________________________________________________________52,130 | L18: тыс. руб.
D19: оборудования _______________________________________________________________________________________________ | J19: _______________________________________________________________________________________________768,498 | L19: тыс. руб.
D20: Средства на оплату труда _______________________________________________________________________________________________ | J20: ___________________________25,564 | L20: тыс. руб.
D21: Сметная трудоемкость _______________________________________________________________________________________________ | J21: _______________________________________________________________________________________________1851,97 | L21: чел.час
D22: Составлен(а) в текущих (прогнозных) ценах по состоянию на 2001г.
A25: № пп | B25: Обосно- вание | C25: Наименование | D25: Ед. изм. | E25: Кол. на ед./ всего | F25: Стоимость единицы, руб. | J25: Общая стоимость, руб. | N25: Т/з осн. раб.на ед. | O25: Т/з осн. раб. Всего | P25: Т/з мех. на ед. | Q25: Т/з мех. Всего
F26: Всего | G26: В том числе | J26: Всего | K26: В том числе
G27: Осн.З/п | H27: Эк.Маш | I27: З/пМех | K27: Осн.З/п | L27: Эк.Маш | M27: З/пМех
A28: 1 | B28: 2 | C28: 3 | D28: 4 | E28: 5 | F28: 6 | G28: 7 | H28: 8 | I28: 9 | J28: 10 | K28: 11 | L28: 12 | M28: 13 | N28: 14 | O28: 15 | P28: 16 | Q28: 17
A29: Раздел 1. ПОМЕЩЕНИЕ НАСОСНО-ФИЛЬТРОВАЛЬНОЙ СТАНЦИИ
A30: 1 | B30: ТЕР18-05-001-01 | C30: Установка насосов центробежных с электродвигателем, масса агрегата до 0,1 т 334,13 = 2 969,90 - 1 x 2 635,77 НР (1286 руб.): 115%=128%*0.9 от ФОТ (1118 руб.) СП (794 руб.): 71%=83%*0.85 от ФОТ (1118 руб.) | D30: 1 насос | E30: 6 2+2+2 | F30: 334.13 | G30: 185.49 | H30: 14.31 | I30: 0.91 | J30: 2005 | K30: 1113 | L30: 86 | M30: 5 | N30: 14.17 | O30: 85.02 | P30: 0.05 | Q30: 0.3
C31: Затраты труда рабочих (ср 3,7) | D31: чел.час | E31: 14,17 85,02 | F31: 13.09 | G31: 13.09 | J31: 1112.91 | K31: 1112.91
B32: 1. 021141 | C32: Краны на автомобильном ходу при работе на других видах строительства 10 т | D32: маш.-ч | E32: 0,05 0,3 | F32: 127.47 | H32: 127.47 | I32: 18.2 | J32: 38.24 | L32: 38.24 | M32: 5.46
B33: 2. 040502 | C33: Установки для сварки ручной дуговой (постоянного тока) | D33: маш.-ч | E33: 0,52 3,12 | F33: 8.97 | H33: 8.97 | J33: 27.99 | L33: 27.99
B34: 3. 400001 | C34: Автомобили бортовые, грузоподъемность до 5 т | D34: маш.-ч | E34: 0,03 0,18 | F34: 109.17 | H34: 109.17 | J34: 19.65 | L34: 19.65
B35: 4. 101-1522 | C35: Электроды диаметром 5 мм Э42А | D35: т | E35: 0,00039 0,0023 | F35: 11130.07 | J35: 25.6
B36: 5. 101-1703 | C36: Прокладки резиновые (пластина техническая прессованная) | D36: кг | E36: 0,07 0,42 | F36: 24.75 | J36: 10.4
B37: 6. 101-2575 | C37: Болты с гайками и шайбами для санитарно-технических работ диаметром 12 мм | D37: т | E37: 0,00127 0,0076 | F37: 16456.01 | J37: 125.07
B38: 7. 204-0059 | C38: Анкерные детали из прямых или гнутых круглых стержней с резьбой (в комплекте с шайбами и гайками или без них), поставляемые отдельно | D38: т | E38: 0,0022 0,0132 | F38: 10820 | J38: 142.82
B39: 8. 402-0002 | C39: Раствор готовый кладочный цементный марки 50 | D39: м3 | E39: 0,014 0,084 | F39: 613.29 | J39: 51.52
B40: 9. 507-0982 | C40: Фланцы стальные плоские приварные из стали ВСт3сп2, ВСт3сп3, давлением 1,0 МПа (10 кгс/см2), диаметром 40 мм | D40: шт. | E40: 1 6 | F40: 30.94 | J40: 185.64
B41: 10. 507-0983 | C41: Фланцы стальные плоские приварные из стали ВСт3сп2, ВСт3сп3, давлением 1,0 МПа (10 кгс/см2), диаметром 50 мм | D41: шт. | E41: 1 6 | F41: 44.03 | J41: 264.18
A42: 2 | B42: Материалы, Pedrollo | C42: Циркуляционный насос (1рабочий, 1резервный, 1 на складе) F40/160C (Транспортные расходы на МАТ по прайсам МАТ=0,3% к расх.; Заготовительно-складские расходы на МАТ по прайсам МАТ=2% к расх.) | D42: шт. | E42: 3 | F42: 4617,19 30515,00/1,18/ИндексСМР | J42: 13852
A43: 3 | B43: Материалы, (из 1 этапа цена) | C43: Насос балансного бака (1 на складе) СР220С (Транспортные расходы на МАТ по прайсам МАТ=0,3% к расх.; Заготовительно-складские расходы на МАТ по прайсам МАТ=2% к расх.) | D43: шт. | E43: 1 | F43: 3201,09 21156,00/1,18/ИндексСМР | J43: 3201
A44: 4 | B44: Материалы, Pedrollo | C44: Насос подачи воды на промывку фильтров (1 рабочий, 1резервный) F50/160А (Транспортные расходы на МАТ по прайсам МАТ=0,3% к расх.; Заготовительно-складские расходы на МАТ по прайсам МАТ=2% к расх.) | D44: шт. | E44: 2 | F44: 6794,98 44908.00/1,18/ИндексСМР | J44: 13590
A45: 5 | B45: Материалы, Wilo | C45: Насос случайных стоков (1рабочий, 1резервный) TP 50E 107/7,5-3-400 арт.4025334 (Транспортные расходы на МАТ по прайсам МАТ=0,3% к расх.; Заготовительно-складские расходы на МАТ по прайсам МАТ=2% к расх.) | D45: шт. | E45: 2 | F45: 2529,25 16715.80/1,18/ИндексСМР | J45: 5059
A46: 6 | B46: ТЕРм08-01-080-01 | C46: Монтаж поплавкового выключателя НР (15 руб.): 95% от ФОТ (16 руб.) СП (10 руб.): 65% от ФОТ (16 руб.) | D46: 1 шт. | E46: 1 | F46: 29.46 | G46: 15.31 | H46: 11.69 | I46: 0.73 | J46: 29 | K46: 15 | L46: 12 | M46: 1 | N46: 1.13 | O46: 1.13 | P46: 0.04 | Q46: 0.04
C47: Затраты труда рабочих (ср 4) | D47: чел.час | E47: 1,13 1,13 | F47: 13.55 | G47: 13.55 | J47: 15.31 | K47: 15.31
B48: 1. 021102 | C48: Краны на автомобильном ходу при работе на монтаже технологического оборудования 10 т | D48: маш.-ч | E48: 0,04 0,04 | F48: 172.79 | H48: 172.79 | I48: 18.2 | J48: 6.91 | L48: 6.91 | M48: 0.73
B49: 2. 400002 | C49: Автомобили бортовые, грузоподъемность до 8 т | D49: маш.-ч | E49: 0,04 0,04 | F49: 119.46 | H49: 119.46 | J49: 4.78 | L49: 4.78
B50: 3. 101-1977 | C50: Болты с гайками и шайбами строительные | D50: кг | E50: 0,04 0,04 | F50: 16.8 | J50: 0.67
B51: 4. 509-0156 | C51: Оконцеватели маркировочные | D51: 100 шт. | E51: 0,02 0,02 | F51: 74.1 | J51: 1.48
B52: 5. 999-9950 | C52: Вспомогательные ненормируемые ресурсы | D52: руб. | E52: 0,31 0,31 | F52: 1 | J52: 0.31
A53: 7 | B53: Материалы, ТАЭН, к/п № 007 от 21.08.14 | C53: Поплавковый выключатель WA 65 (PSN-O) 10M +VP (Транспортные расходы на МАТ по прайсам МАТ=0,3% к расх.; Заготовительно-складские расходы на МАТ по прайсам МАТ=2% к расх.) | D53: шт. | E53: 1 | F53: 270,86 37*Евро/1,18/ИндексСМР | J53: 271
A54: 8 | B54: ТЕРм08-03-573-04 | C54: Монтаж. Шкаф (пульт) управления навесной, высота, ширина и глубина до 600х600х350 мм НР (36 руб.): 95% от ФОТ (38 руб.) СП (25 руб.): 65% от ФОТ (38 руб.) | D54: 1 шт. | E54: 1 | F54: 99.26 | G54: 33.11 | H54: 62.05 | I54: 4.71 | J54: 99 | K54: 33 | L54: 62 | M54: 5 | N54: 2.37 | O54: 2.37 | P54: 0.29 | Q54: 0.29
C55: Затраты труда рабочих (ср 4,2) | D55: чел.час | E55: 2,37 2,37 | F55: 13.97 | G55: 13.97 | J55: 33.11 | K55: 33.11
B56: 1. 021102 | C56: Краны на автомобильном ходу при работе на монтаже технологического оборудования 10 т | D56: маш.-ч | E56: 0,07 0,07 | F56: 172.79 | H56: 172.79 | I56: 18.2 | J56: 12.1 | L56: 12.1 | M56: 1.27
B57: 2. 040502 | C57: Установки для сварки ручной дуговой (постоянного тока) | D57: маш.-ч | E57: 0,71 0,71 | F57: 8.97 | H57: 8.97 | J57: 6.37 | L57: 6.37
B58: 3. 050102 | C58: Компрессоры передвижные с двигателем внутреннего сгорания давлением до 686 кПа (7 ат), производительность 5 м3/мин | D58: маш.-ч | E58: 0,22 0,22 | F58: 103.34 | H58: 103.34 | I58: 15.62 | J58: 22.73 | L58: 22.73 | M58: 3.44
B59: 4. 100602 | C59: Молотки бурильные легкие при работе от передвижных компрессорных станций | D59: маш.-ч | E59: 0,22 0,22 | F59: 56.77 | H59: 56.77 | J59: 12.49 | L59: 12.49
B60: 5. 400002 | C60: Автомобили бортовые, грузоподъемность до 8 т | D60: маш.-ч | E60: 0,07 0,07 | F60: 119.46 | H60: 119.46 | J60: 8.36 | L60: 8.36
B61: 6. 101-1924 | C61: Электроды диаметром 4 мм Э42А | D61: кг | E61: 0,1 0,1 | F61: 11.66 | J61: 1.17
B62: 7. 101-1977 | C62: Болты с гайками и шайбами строительные | D62: кг | E62: 0,1 0,1 | F62: 16.8 | J62: 1.68
B63: 8. 101-2143 | C63: Краска | D63: кг | E63: 0,02 0,02 | F63: 29.75 | J63: 0.6
B64: 9. 999-9950 | C64: Вспомогательные ненормируемые ресурсы | D64: руб. | E64: 0,66 0,66 | F64: 1 | J64: 0.66
A65: 9 | B65: Оборудование, ТАЭН, к/п № 007 от 21.08.14 | C65: Прибор управления для 2-х насосов SK-712/d-2-5,5 (12A)арт.2785100 (МДС 81-35.2004 п.4.60.Транспортные расходы на ОБ ПЗ=3%; МДС 81-35.2004 п.4.64.Заготовительно-складские расходы на ОБ ПЗ=1,2%) | D65: шт. | E65: 1 | F65: 6410,51 606*Евро/1,18/ИндексОБ | J65: 6411
A66: 10 | B66: ТЕР16-05-001-03 | C66: Установка фильтра волосоуловителя ф 65 204,61 = 278,39 + 2 x (52,37 - 89,26) НР (173 руб.): 115%=128%*0.9 от ФОТ (150 руб.) СП (107 руб.): 71%=83%*0.85 от ФОТ (150 руб.) | D66: 1 шт. | E66: 4 | F66: 204.61 | G66: 37.19 | H66: 11.67 | I66: 0.36 | J66: 818 | K66: 149 | L66: 47 | M66: 1 | N66: 2.91 | O66: 11.64 | P66: 0.02 | Q66: 0.08
C67: Затраты труда рабочих (ср 3,5) | D67: чел.час | E67: 2,91 11,64 | F67: 12.78 | G67: 12.78 | J67: 148.76 | K67: 148.76
B68: 1. 020129 | C68: Краны башенные при работе на других видах строительства 8 т | D68: маш.-ч | E68: 0,01 0,04 | F68: 255.96 | H68: 255.96 | I68: 18.2 | J68: 10.24 | L68: 10.24 | M68: 0.73
B69: 2. 021141 | C69: Краны на автомобильном ходу при работе на других видах строительства 10 т | D69: маш.-ч | E69: 0,01 0,04 | F69: 127.47 | H69: 127.47 | I69: 18.2 | J69: 5.1 | L69: 5.1 | M69: 0.73
B70: 3. 040502 | C70: Установки для сварки ручной дуговой (постоянного тока) | D70: маш.-ч | E70: 0,63 2,52 | F70: 8.97 | H70: 8.97 | J70: 22.6 | L70: 22.6
B71: 4. 400001 | C71: Автомобили бортовые, грузоподъемность до 5 т | D71: маш.-ч | E71: 0,02 0,08 | F71: 109.17 | H71: 109.17 | J71: 8.73 | L71: 8.73
B72: 5. 101-1522 | C72: Электроды диаметром 5 мм Э42А | D72: т | E72: 0,00033 0,0013 | F72: 11130.07 | J72: 14.47
B73: 6. 101-2576 | C73: Болты с гайками и шайбами для санитарно-технических работ диаметром 16 мм | D73: т | E73: 0,00207 0,0083 | F73: 19992 | J73: 165.93
A74: З | B74: 7. ТСЦ-507-0984 | C74: Фланцы стальные плоские приварные из стали ВСт3сп2, ВСт3сп3, давлением 1,0 МПа (10 кгс/см2), диаметром 65 мм | D74: шт. | E74: 2 8 | F74: 52.37 | J74: 418.96
B75: 8. 509-0967 | C75: Прокладки из паронита марки ПМБ, толщиной 1 мм, диаметром 100 мм | D75: 1000 шт. | E75: 0,002 0,008 | F75: 2975 | J75: 23.8
A76: 11 | B76: Материалы, Аквапул | C76: Фильтр волосоуловитель циркуляционных насосов Н1, чугунный префильтр Aral DN65-DN65, 11л 20026 (Транспортные расходы на МАТ по прайсам МАТ=0,3% к расх.; Заготовительно-складские расходы на МАТ по прайсам МАТ=2% к расх.) | D76: шт. | E76: 4 2+2 | F76: 6372,2 870.48*Евро/1,18/ИндексСМР | J76: 25489
A77: 12 | B77: ТЕРм06-03-001-01 | C77: Монтаж. Фильтр осветлительный вертикальный, высота фильтрующей загрузки 2,78 м, диаметр 1000 мм, однокамерный НР (9039 руб.): 80% от ФОТ (11299 руб.) СП (6779 руб.): 60% от ФОТ (11299 руб.) | D77: 1 т | E77: 2,048 1,024*2 | F77: 10826.62 | G77: 5342.04 | H77: 2313.21 | I77: 175.27 | J77: 22173 | K77: 10940 | L77: 4737 | M77: 359 | N77: 418 | O77: 856.06 | P77: 9.63 | Q77: 19.72
C78: Затраты труда рабочих (ср 3,5) | D78: чел.час | E78: 418 856,06 | F78: 12.78 | G78: 12.78 | J78: 10940.45 | K78: 10940.45
B79: 1. 021201 | C79: Краны на гусеничном ходу при работе на монтаже технологического оборудования до 16 т | D79: маш.-ч | E79: 7,13 14,6 | F79: 117.39 | H79: 117.39 | I79: 18.2 | J79: 1713.89 | L79: 1713.89 | M79: 265.72
B80: 2. 030404 | C80: Лебедки электрические тяговым усилием до 31,39 кН (3,2 т) | D80: маш.-ч | E80: 11,8 24,17 | F80: 7.34 | H80: 7.34 | J80: 177.41 | L80: 177.41
B81: 3. 040502 | C81: Установки для сварки ручной дуговой (постоянного тока) | D81: маш.-ч | E81: 27,8 56,93 | F81: 8.97 | H81: 8.97 | J81: 510.66 | L81: 510.66
B82: 4. 101402 | C82: Насосы для подачи воды, подача 160 м3/ч, напор до 30 м | D82: маш.-ч | E82: 8,92 18,27 | F82: 23.67 | H82: 23.67 | J82: 432.45 | L82: 432.45
B83: 5. 132601 | C83: Платформы широкой колеи 71 т | D83: маш.-ч | E83: 2,02 4,14 | F83: 18.56 | H83: 18.56 | J83: 76.84 | L83: 76.84
B84: 6. 132801 | C84: Тепловозы широкой колеи маневровые 552 кВт (750 л.с.) | D84: маш.-ч | E84: 1,25 2,56 | F84: 525.88 | H84: 525.88 | I84: 36.4 | J84: 1346.25 | L84: 1346.25 | M84: 93.18
B85: 7. 330400 | C85: Машины электрозачистные | D85: маш.-ч | E85: 13,3 27,24 | F85: 11.54 | H85: 11.54 | J85: 314.35 | L85: 314.35
B86: 8. 400001 | C86: Автомобили бортовые, грузоподъемность до 5 т | D86: маш.-ч | E86: 0,74 1,52 | F86: 109.17 | H86: 109.17 | J86: 165.94 | L86: 165.94
B87: 9. 101-0324 | C87: Кислород технический газообразный | D87: м3 | E87: 77,1 157,9 | F87: 11.89 | J87: 1877.43
B88: 10. 101-1292 | C88: Уайт-спирит | D88: т | E88: 0,0001 0,0002 | F88: 7161.42 | J88: 1.43
B89: 11. 101-1514 | C89: Электроды диаметром 4 мм Э42А | D89: т | E89: 0,0302 0,0618 | F89: 11665.78 | J89: 720.95
B90: 12. 101-1518 | C90: Электроды диаметром 4 мм Э50А | D90: т | E90: 0,00153 0,0031 | F90: 12337.06 | J90: 38.24
B91: 13. 101-1851 | C91: Резина прессованная | D91: кг | E91: 7,35 15,05 | F91: 30.36 | J91: 456.92
B92: 14. 101-2278 | C92: Пропан-бутан, смесь техническая | D92: кг | E92: 25,6 52,43 | F92: 9.16 | J92: 480.26
B93: 15. 101-3976 | C93: Графит серебристый | D93: кг | E93: 1,53 3,133 | F93: 8.17 | J93: 25.6
B94: 16. 201-0835 | C94: Подкладки металлические | D94: кг | E94: 107 219,1 | F94: 8.45 | J94: 1851.4
B95: 17. 411-0005 | C95: Вода химически очищенная | D95: м3 | E95: 27 55,3 | F95: 10.67 | J95: 590.05
B96: 18. 411-0041 | C96: Электроэнергия | D96: кВт-ч | E96: 6,34 12,98 | F96: 0.66 | J96: 8.57
B97: 19. 509-2160 | C97: Прокладки паронитовые | D97: кг | E97: 2,81 5,755 | F97: 28.56 | J97: 164.36
B98: 20. 509-3368 | C98: Набивки сальниковые | D98: кг | E98: 0,68 1,393 | F98: 42.79 | J98: 59.61
B99: 21. 999-9950 | C99: Вспомогательные ненормируемые ресурсы | D99: руб. | E99: 106,84 218,8 | F99: 1 | J99: 218.8
A100: 13 | B100: Оборудование, ТЭКО-Фильтр, к/п № 1616/608 от 29.07.14 (без НДС) | C100: Фильтр песчаный корпус - пластик армированный стекловолокном ФОВ-1,0-0,6 (МДС 81-35.2004 п.4.60.Транспортные расходы на ОБ ПЗ=3%; МДС 81-35.2004 п.4.64.Заготовительно-складские расходы на ОБ ПЗ=1,2%) | D100: шт. | E100: 2 | F100: 102558,94 397500,00/ИндексОБ | J100: 205118
A101: 14 | B101: ТЕРм34-01-083-03 | C101: Монтаж. Установка ультрафиолетовая НР (270 руб.): 80% от ФОТ (338 руб.) СП (203 руб.): 60% от ФОТ (338 руб.) | D101: 1 компл. | E101: 1 | F101: 353.01 | G101: 338.48 | J101: 353 | K101: 338 | N101: 26.8 | O101: 26.8
C102: Затраты труда рабочих (ср 3,4) | D102: чел.час | E102: 26,8 26,8 | F102: 12.63 | G102: 12.63 | J102: 338.48 | K102: 338.48
B103: 1. 411-0041 | C103: Электроэнергия | D103: кВт-ч | E103: 11,76 11,76 | F103: 0.66 | J103: 7.76
B104: 2. 999-9950 | C104: Вспомогательные ненормируемые ресурсы | D104: руб. | E104: 6,77 6,77 | F104: 1 | J104: 6.77
A105: 15 | B105: Оборудование, АкваТЭК, к/п № 08-01 от 20.08.14 | C105: Установка ультрафиолетового обеззараживания УДВ-1А500НО-10-100-N в комплекте: (МДС 81-35.2004 п.4.60.Транспортные расходы на ОБ ПЗ=3%; МДС 81-35.2004 п.4.64.Заготовительно-складские расходы на ОБ ПЗ=1,2%) | D105: шт. | E105: 1 | F105: 41543,97 190000,00/1,18/ИндексОБ | J105: 41544
A106: Рама под насосы
A107: 307 | B107: ТЕР09-03-039-05 | C107: Монтаж опорных конструкций этажерочного типа = под насосы НР (63 руб.): 81%=90%*0.9 от ФОТ (78 руб.) СП (56 руб.): 72%=85%*0.85 от ФОТ (78 руб.) | D107: 1 т конструкций | E107: 0,276411 ((2,52*4+2,25*2+11,8+0,9*12)+(19,3*4+2,25*2+12+1,1*16)+(19,3*4+2,85*2+14,4+2,5*8))/1000*1,04 | F107: 1099.95 | G107: 256.79 | H107: 319.97 | I107: 25.41 | J107: 304 | K107: 71 | L107: 88 | M107: 7 | N107: 19.38 | O107: 5.36 | P107: 1.28 | Q107: 0.35
...

Sheet 02-01-03
A1: СОГЛАСОВАНО: | M1: УТВЕРЖДАЮ:
A4: _________________ | M4: _________________
A5: " _____ " ________________ 2013 г. | M5: "____" ______________2013 г.
H6: ФГУП "Комбинат "Электрохимприбор" г. Лесной, Свердловской области
H7: (наименование стройки)
H9: ЛОКАЛЬНЫЙ СМЕТНЫЙ РАСЧЕТ № 02-01-03 (14-057-ОВ.СМ)
H10: (локальная смета)
G12: на Отопление к проекту: Реконструкция системы технологической водоподготовки бассейна профилактория комбината
H13: (наименование работ и затрат, наименование объекта)
D15: Основание: 14-057-ОВ
D16: Сметная стоимость _______________________________________________________________________________________________ | J16: ___________________________183,424 | L16: тыс. руб.
D17: строительных работ _______________________________________________________________________________________________ | J17: _______________________________________________________________________________________________125,329 | L17: тыс. руб.
D18: монтажных работ _______________________________________________________________________________________________ | J18: _______________________________________________________________________________________________7,135 | L18: тыс. руб.
D19: оборудования _______________________________________________________________________________________________ | J19: _______________________________________________________________________________________________50,960 | L19: тыс. руб.
D20: Средства на оплату труда _______________________________________________________________________________________________ | J20: ___________________________14,398 | L20: тыс. руб.
D21: Сметная трудоемкость _______________________________________________________________________________________________ | J21: _______________________________________________________________________________________________1003,24 | L21: чел.час
D22: Составлен(а) в текущих (прогнозных) ценах по состоянию на 2001г.
A25: № пп | B25: Обосно- вание | C25: Наименование | D25: Ед. изм. | E25: Кол. на ед./ всего | F25: Стоимость единицы, руб. | J25: Общая стоимость, руб. | N25: Т/з осн. раб.на ед. | O25: Т/з осн. раб. Всего | P25: Т/з мех. на ед. | Q25: Т/з мех. Всего
F26: Всего | G26: В том числе | J26: Всего | K26: В том числе
G27: Осн.З/п | H27: Эк.Маш | I27: З/пМех | K27: Осн.З/п | L27: Эк.Маш | M27: З/пМех
A28: 1 | B28: 2 | C28: 3 | D28: 4 | E28: 5 | F28: 6 | G28: 7 | H28: 8 | I28: 9 | J28: 10 | K28: 11 | L28: 12 | M28: 13 | N28: 14 | O28: 15 | P28: 16 | Q28: 17
A29: Раздел 1. Теплоснабжение пластинчатого теплообменника
A30: 1 | B30: ТЕРм06-03-005-05 | C30: Монтаж. Теплообменник водоводяной, производительность 40 т/ч НР (1517 руб.): 80% от ФОТ (1896 руб.) СП (1138 руб.): 60% от ФОТ (1896 руб.) | D30: 1 т | E30: 0,23 115*2/1000 | F30: 12126.97 | G30: 8236.8 | H30: 667.41 | I30: 9.1 | J30: 2789 | K30: 1894 | L30: 154 | M30: 2 | N30: 660 | O30: 151.8 | P30: 0.5 | Q30: 0.12
C31: Затраты труда рабочих (ср 3,3) | D31: чел.час | E31: 660 151,8 | F31: 12.48 | G31: 12.48 | J31: 1894.46 | K31: 1894.46
B32: 1. 021102 | C32: Краны на автомобильном ходу при работе на монтаже технологического оборудования 10 т | D32: маш.-ч | E32: 0,5 0,12 | F32: 172.79 | H32: 172.79 | I32: 18.2 | J32: 20.73 | L32: 20.73 | M32: 2.18
B33: 2. 030404 | C33: Лебедки электрические тяговым усилием до 31,39 кН (3,2 т) | D33: маш.-ч | E33: 47,7 10,97 | F33: 7.34 | H33: 7.34 | J33: 80.52 | L33: 80.52
B34: 3. 030405 | C34: Лебедки электрические тяговым усилием до 49,05 кН (5 т) | D34: маш.-ч | E34: 7,41 1,7 | F34: 8.73 | H34: 8.73 | J34: 14.84 | L34: 14.84
B35: 4. 040502 | C35: Установки для сварки ручной дуговой (постоянного тока) | D35: маш.-ч | E35: 1,03 0,24 | F35: 8.97 | H35: 8.97 | J35: 2.15 | L35: 2.15
B36: 5. 101402 | C36: Насосы для подачи воды, подача 160 м3/ч, напор до 30 м | D36: маш.-ч | E36: 3,56 0,82 | F36: 23.67 | H36: 23.67 | J36: 19.41 | L36: 19.41
B37: 6. 330400 | C37: Машины электрозачистные | D37: маш.-ч | E37: 1,57 0,36 | F37: 11.54 | H37: 11.54 | J37: 4.15 | L37: 4.15
B38: 7. 400001 | C38: Автомобили бортовые, грузоподъемность до 5 т | D38: маш.-ч | E38: 0,5 0,12 | F38: 109.17 | H38: 109.17 | J38: 13.1 | L38: 13.1
B39: 8. 101-0324 | C39: Кислород технический газообразный | D39: м3 | E39: 6,79 1,562 | F39: 11.89 | J39: 18.57
B40: 9. 101-1514 | C40: Электроды диаметром 4 мм Э42А | D40: т | E40: 0,00243 0,0006 | F40: 11665.78 | J40: 7
B41: 10. 101-1518 | C41: Электроды диаметром 4 мм Э50А | D41: т | E41: 0,00137 0,0003 | F41: 12337.06 | J41: 3.7
B42: 11. 101-1851 | C42: Резина прессованная | D42: кг | E42: 1,64 0,3772 | F42: 30.36 | J42: 11.45
B43: 12. 101-2278 | C43: Пропан-бутан, смесь техническая | D43: кг | E43: 1,96 0,4508 | F43: 9.16 | J43: 4.13
B44: 13. 101-3976 | C44: Графит серебристый | D44: кг | E44: 1,86 0,4278 | F44: 8.17 | J44: 3.5
B45: 14. 113-0003 | C45: Ацетон технический, сорт I | D45: т | E45: 0,01 0,0023 | F45: 11277.35 | J45: 25.94
B46: 15. 201-0835 | C46: Подкладки металлические | D46: кг | E46: 224 51,52 | F46: 8.45 | J46: 435.34
B47: 16. 411-0005 | C47: Вода химически очищенная | D47: м3 | E47: 71,4 16,42 | F47: 10.67 | J47: 175.2
B48: 17. 509-2160 | C48: Прокладки паронитовые | D48: кг | E48: 2,86 0,6578 | F48: 28.56 | J48: 18.79
B49: 18. 999-9950 | C49: Вспомогательные ненормируемые ресурсы | D49: руб. | E49: 164,74 37,89 | F49: 1 | J49: 37.89
A50: 2 | B50: Оборудование, ЗАО Ридан к/п №01175608-1 от 09.07.14 | C50: Аппарат теплообменный пластинчатый разборный НН№ 07, тепловой нагрузкой 430000ккал/ч НН№7A в комплекте (МДС 81-35.2004 п.4.60.Транспортные расходы на ОБ ПЗ=3%; МДС 81-35.2004 п.4.64.Заготовительно-складские расходы на ОБ ПЗ=1,2%) | D50: шт. | E50: 2 | F50: 24106,43 110249,97/1,18/ИндексОБ | J50: 48213
A51: 3 | B51: ТЕР16-05-001-01 | C51: Установка кранов фланцевых диаметром до 25 мм 45,54 = 84,10 - 2 x 19,28 НР (44 руб.): 115%=128%*0.9 от ФОТ (38 руб.) СП (27 руб.): 71%=83%*0.85 от ФОТ (38 руб.) | D51: 1 шт. | E51: 2 | F51: 45.54 | G51: 18.79 | H51: 4.23 | J51: 91 | K51: 38 | L51: 8 | N51: 1.47 | O51: 2.94
C52: Затраты труда рабочих (ср 3,5) | D52: чел.час | E52: 1,47 2,94 | F52: 12.78 | G52: 12.78 | J52: 37.57 | K52: 37.57
B53: 1. 040502 | C53: Установки для сварки ручной дуговой (постоянного тока) | D53: маш.-ч | E53: 0,35 0,7 | F53: 8.97 | H53: 8.97 | J53: 6.28 | L53: 6.28
B54: 2. 400001 | C54: Автомобили бортовые, грузоподъемность до 5 т | D54: маш.-ч | E54: 0,01 0,02 | F54: 109.17 | H54: 109.17 | J54: 2.18 | L54: 2.18
B55: 3. 101-1522 | C55: Электроды диаметром 5 мм Э42А | D55: т | E55: 0,00014 0,0003 | F55: 11130.07 | J55: 3.34
B56: 4. 101-2575 | C56: Болты с гайками и шайбами для санитарно-технических работ диаметром 12 мм | D56: т | E56: 0,0011 0,0022 | F56: 16456.01 | J56: 36.2
B57: 5. 509-0966 | C57: Прокладки из паронита марки ПМБ, толщиной 1 мм, диаметром 50 мм | D57: 1000 шт. | E57: 0,002 0,004 | F57: 1428 | J57: 5.71
A58: 4 | B58: Материалы, BROEN BALLOMAX | C58: Кран стальной шаровой проходной фланцевый Ру 4,0МПа КШТ60.103.020 ф 20 BROEN (Транспортные расходы на МАТ по прайсам МАТ=0,3% к расх.; Заготовительно-складские расходы на МАТ по прайсам МАТ=2% к расх.) | D58: шт. | E58: 2 | F58: 459,07 3034,00/1,18/ИндексСМР | J58: 918
A59: 5 | B59: Материалы, BROEN BALLOMAX | C59: Фланец стальной плоский приварной BROEN ф 20 (Транспортные расходы на МАТ по прайсам МАТ=0,3% к расх.; Заготовительно-складские расходы на МАТ по прайсам МАТ=2% к расх.) | D59: шт. | E59: 4 | F59: 454,99 3007,00/1,18/ИндексСМР | J59: 1820
A60: 6 | B60: ТЕР16-05-001-02 | C60: Установка кранов фланцевых диаметром до 50 мм 50,52 = 138,58 - 2 x 44,03 НР (173 руб.): 115%=128%*0.9 от ФОТ (150 руб.) СП (107 руб.): 71%=83%*0.85 от ФОТ (150 руб.) | D60: 1 шт. | E60: 8 | F60: 50.52 | G60: 18.79 | H60: 5.32 | J60: 404 | K60: 150 | L60: 43 | N60: 1.47 | O60: 11.76
C61: Затраты труда рабочих (ср 3,5) | D61: чел.час | E61: 1,47 11,76 | F61: 12.78 | G61: 12.78 | J61: 150.29 | K61: 150.29
B62: 1. 040502 | C62: Установки для сварки ручной дуговой (постоянного тока) | D62: маш.-ч | E62: 0,35 2,8 | F62: 8.97 | H62: 8.97 | J62: 25.12 | L62: 25.12
B63: 2. 400001 | C63: Автомобили бортовые, грузоподъемность до 5 т | D63: маш.-ч | E63: 0,02 0,16 | F63: 109.17 | H63: 109.17 | J63: 17.47 | L63: 17.47
B64: 3. 101-1522 | C64: Электроды диаметром 5 мм Э42А | D64: т | E64: 0,00014 0,0011 | F64: 11130.07 | J64: 12.24
B65: 4. 101-2576 | C65: Болты с гайками и шайбами для санитарно-технических работ диаметром 16 мм | D65: т | E65: 0,0011 0,0088 | F65: 19992 | J65: 175.93
B66: 5. 509-0966 | C66: Прокладки из паронита марки ПМБ, толщиной 1 мм, диаметром 50 мм | D66: 1000 шт. | E66: 0,002 0,016 | F66: 1428 | J66: 22.85
A67: 7 | B67: Материалы, BROEN BALLOMAX | C67: Кран стальной шаровой проходной фланцевый Ру 4,0МПа КШТ60.103.040 ф 40 BROEN (Транспортные расходы на МАТ по прайсам МАТ=0,3% к расх.; Заготовительно-складские расходы на МАТ по прайсам МАТ=2% к расх.) | D67: шт. | E67: 8 | F67: 735,21 4859,00/1,18/ИндексСМР | J67: 5882
A68: 8 | B68: Материалы, BROEN BALLOMAX | C68: Фланец стальной плоский приварной BROEN ф 40 (Транспортные расходы на МАТ по прайсам МАТ=0,3% к расх.; Заготовительно-складские расходы на МАТ по прайсам МАТ=2% к расх.) | D68: шт. | E68: 16 | F68: 454,99 3007,00/1,18/ИндексСМР | J68: 7280
A69: 9 | B69: ТЕР16-05-001-03 | C69: Установка кранов фланцевых диаметром до 100 мм 99,87 = 278,39 - 2 x 89,26 НР (173 руб.): 115%=128%*0.9 от ФОТ (150 руб.) СП (107 руб.): 71%=83%*0.85 от ФОТ (150 руб.) | D69: 1 шт. | E69: 4 | F69: 99.87 | G69: 37.19 | H69: 11.67 | I69: 0.36 | J69: 399 | K69: 149 | L69: 47 | M69: 1 | N69: 2.91 | O69: 11.64 | P69: 0.02 | Q69: 0.08
C70: Затраты труда рабочих (ср 3,5) | D70: чел.час | E70: 2,91 11,64 | F70: 12.78 | G70: 12.78 | J70: 148.76 | K70: 148.76
B71: 1. 020129 | C71: Краны башенные при работе на других видах строительства 8 т | D71: маш.-ч | E71: 0,01 0,04 | F71: 255.96 | H71: 255.96 | I71: 18.2 | J71: 10.24 | L71: 10.24 | M71: 0.73
B72: 2. 021141 | C72: Краны на автомобильном ходу при работе на других видах строительства 10 т | D72: маш.-ч | E72: 0,01 0,04 | F72: 127.47 | H72: 127.47 | I72: 18.2 | J72: 5.1 | L72: 5.1 | M72: 0.73
B73: 3. 040502 | C73: Установки для сварки ручной дуговой (постоянного тока) | D73: маш.-ч | E73: 0,63 2,52 | F73: 8.97 | H73: 8.97 | J73: 22.6 | L73: 22.6
B74: 4. 400001 | C74: Автомобили бортовые, грузоподъемность до 5 т | D74: маш.-ч | E74: 0,02 0,08 | F74: 109.17 | H74: 109.17 | J74: 8.73 | L74: 8.73
B75: 5. 101-1522 | C75: Электроды диаметром 5 мм Э42А | D75: т | E75: 0,00033 0,0013 | F75: 11130.07 | J75: 14.47
B76: 6. 101-2576 | C76: Болты с гайками и шайбами для санитарно-технических работ диаметром 16 мм | D76: т | E76: 0,00207 0,0083 | F76: 19992 | J76: 165.93
B77: 7. 509-0967 | C77: Прокладки из паронита марки ПМБ, толщиной 1 мм, диаметром 100 мм | D77: 1000 шт. | E77: 0,002 0,008 | F77: 2975 | J77: 23.8
A78: 10 | B78: Материалы, BROEN BALLOMAX | C78: Кран стальной шаровой проходной фланцевый Ру 2,5МПа КШТ60.103.080 ф 80 BROEN (Транспортные расходы на МАТ по прайсам МАТ=0,3% к расх.; Заготовительно-складские расходы на МАТ по прайсам МАТ=2% к расх.) | D78: шт. | E78: 4 | F78: 1218,34 8052,00/1,18/ИндексСМР | J78: 4873
A79: 11 | B79: Материалы, BROEN BALLOMAX | C79: Фланец стальной плоский приварной BROEN ф 80 (Транспортные расходы на МАТ по прайсам МАТ=0,3% к расх.; Заготовительно-складские расходы на МАТ по прайсам МАТ=2% к расх.) | D79: шт. | E79: 8 | F79: 553,19 3656,00/1,18/ИндексСМР | J79: 4426
A80: 12 | B80: ТЕР16-05-001-03 | C80: Установка кранов фланцевых диаметром до 100 мм 99,87 = 278,39 - 2 x 89,26 НР (173 руб.): 115%=128%*0.9 от ФОТ (150 руб.) СП (107 руб.): 71%=83%*0.85 от ФОТ (150 руб.) | D80: 1 шт. | E80: 4 | F80: 99.87 | G80: 37.19 | H80: 11.67 | I80: 0.36 | J80: 399 | K80: 149 | L80: 47 | M80: 1 | N80: 2.91 | O80: 11.64 | P80: 0.02 | Q80: 0.08
C81: Затраты труда рабочих (ср 3,5) | D81: чел.час | E81: 2,91 11,64 | F81: 12.78 | G81: 12.78 | J81: 148.76 | K81: 148.76
B82: 1. 020129 | C82: Краны башенные при работе на других видах строительства 8 т | D82: маш.-ч | E82: 0,01 0,04 | F82: 255.96 | H82: 255.96 | I82: 18.2 | J82: 10.24 | L82: 10.24 | M82: 0.73
B83: 2. 021141 | C83: Краны на автомобильном ходу при работе на других видах строительства 10 т | D83: маш.-ч | E83: 0,01 0,04 | F83: 127.47 | H83: 127.47 | I83: 18.2 | J83: 5.1 | L83: 5.1 | M83: 0.73
B84: 3. 040502 | C84: Установки для сварки ручной дуговой (постоянного тока) | D84: маш.-ч | E84: 0,63 2,52 | F84: 8.97 | H84: 8.97 | J84: 22.6 | L84: 22.6
B85: 4. 400001 | C85: Автомобили бортовые, грузоподъемность до 5 т | D85: маш.-ч | E85: 0,02 0,08 | F85: 109.17 | H85: 109.17 | J85: 8.73 | L85: 8.73
B86: 5. 101-1522 | C86: Электроды диаметром 5 мм Э42А | D86: т | E86: 0,00033 0,0013 | F86: 11130.07 | J86: 14.47
B87: 6. 101-2576 | C87: Болты с гайками и шайбами для санитарно-технических работ диаметром 16 мм | D87: т | E87: 0,00207 0,0083 | F87: 19992 | J87: 165.93
B88: 7. 509-0967 | C88: Прокладки из паронита марки ПМБ, толщиной 1 мм, диаметром 100 мм | D88: 1000 шт. | E88: 0,002 0,008 | F88: 2975 | J88: 23.8
A89: 13 | B89: Материалы, BROEN BALLOMAX | C89: Кран стальной шаровой проходной фланцевый Ру 2,5МПа КШТ60.103.100 ф 100 BROEN (Транспортные расходы на МАТ по прайсам МАТ=0,3% к расх.; Заготовительно-складские расходы на МАТ по прайсам МАТ=2% к расх.) | D89: шт. | E89: 4 | F89: 1831,29 12103,00/1,18/ИндексСМР | J89: 7325
A90: 14 | B90: Материалы, BROEN BALLOMAX | C90: Фланец стальной плоский приварной BROEN ф 100 (Транспортные расходы на МАТ по прайсам МАТ=0,3% к расх.; Заготовительно-складские расходы на МАТ по прайсам МАТ=2% к расх.) | D90: шт. | E90: 8 | F90: 837,19 5533,00/1,18/ИндексСМР | J90: 6698
A91: 15 | B91: ТЕР16-05-001-03 | C91: Установка клапанов фланцевых диаметром до 100 мм 218,87 = 278,39 + 2 x (59,50 - 89,26) НР (43 руб.): 115%=128%*0.9 от ФОТ (37 руб.) СП (26 руб.): 71%=83%*0.85 от ФОТ (37 руб.) | D91: 1 шт. | E91: 1 | F91: 218.87 | G91: 37.19 | H91: 11.67 | I91: 0.36 | J91: 219 | K91: 37 | L91: 12 | N91: 2.91 | O91: 2.91 | P91: 0.02 | Q91: 0.02
C92: Затраты труда рабочих (ср 3,5) | D92: чел.час | E92: 2,91 2,91 | F92: 12.78 | G92: 12.78 | J92: 37.19 | K92: 37.19
B93: 1. 020129 | C93: Краны башенные при работе на других видах строительства 8 т | D93: маш.-ч | E93: 0,01 0,01 | F93: 255.96 | H93: 255.96 | I93: 18.2 | J93: 2.56 | L93: 2.56 | M93: 0.18
B94: 2. 021141 | C94: Краны на автомобильном ходу при работе на других видах строительства 10 т | D94: маш.-ч | E94: 0,01 0,01 | F94: 127.47 | H94: 127.47 | I94: 18.2 | J94: 1.27 | L94: 1.27 | M94: 0.18
B95: 3. 040502 | C95: Установки для сварки ручной дуговой (постоянного тока) | D95: маш.-ч | E95: 0,63 0,63 | F95: 8.97 | H95: 8.97 | J95: 5.65 | L95: 5.65
B96: 4. 400001 | C96: Автомобили бортовые, грузоподъемность до 5 т | D96: маш.-ч | E96: 0,02 0,02 | F96: 109.17 | H96: 109.17 | J96: 2.18 | L96: 2.18
B97: 5. 101-1522 | C97: Электроды диаметром 5 мм Э42А | D97: т | E97: 0,00033 0,0003 | F97: 11130.07 | J97: 3.34
B98: 6. 101-2576 | C98: Болты с гайками и шайбами для санитарно-технических работ диаметром 16 мм | D98: т | E98: 0,00207 0,0021 | F98: 19992 | J98: 41.98
A99: З | B99: 7. ТСЦ-507-0985 | C99: Фланцы стальные плоские приварные из стали ВСт3сп2, ВСт3сп3, давлением 1,0 МПа (10 кгс/см2), диаметром 80 мм | D99: шт. | E99: 2 2 | F99: 59.5 | J99: 119
B100: 8. 509-0967 | C100: Прокладки из паронита марки ПМБ, толщиной 1 мм, диаметром 100 мм | D100: 1000 шт. | E100: 0,002 0,002 | F100: 2975 | J100: 5.95
A101: 16 | B101: атериалы, BROEN BALLOMAX | C101: Клапан обратный подъемный фланцевый Ру 1,6МПа BROEN V287 ф 80 (Транспортные расходы на МАТ по прайсам МАТ=0,3% к расх.; Заготовительно-складские расходы на МАТ по прайсам МАТ=2% к расх.) | D101: шт. | E101: 1 | F101: 1042,83 6892,00/1,18/ИндексСМР | J101: 1043
A102: 17 | B102: ТЕР16-05-001-03 | C102: Установка клапанов фланцевых диаметром до 100 мм НР (43 руб.): 115%=128%*0.9 от ФОТ (37 руб.) СП (26 руб.): 71%=83%*0.85 от ФОТ (37 руб.) | D102: 1 шт. | E102: 1 | F102: 278.39 | G102: 37.19 | H102: 11.67 | I102: 0.36 | J102: 278 | K102: 37 | L102: 12 | N102: 2.91 | O102: 2.91 | P102: 0.02 | Q102: 0.02
C103: Затраты труда рабочих (ср 3,5) | D103: чел.час | E103: 2,91 2,91 | F103: 12.78 | G103: 12.78 | J103: 37.19 | K103: 37.19
B104: 1. 020129 | C104: Краны башенные при работе на других видах строительства 8 т | D104: маш.-ч | E104: 0,01 0,01 | F104: 255.96 | H104: 255.96 | I104: 18.2 | J104: 2.56 | L104: 2.56 | M104: 0.18
B105: 2. 021141 | C105: Краны на автомобильном ходу при работе на других видах строительства 10 т | D105: маш.-ч | E105: 0,01 0,01 | F105: 127.47 | H105: 127.47 | I105: 18.2 | J105: 1.27 | L105: 1.27 | M105: 0.18
B106: 3. 040502 | C106: Установки для сварки ручной дуговой (постоянного тока) | D106: маш.-ч | E106: 0,63 0,63 | F106: 8.97 | H106: 8.97 | J106: 5.65 | L106: 5.65
B107: 4. 400001 | C107: Автомобили бортовые, грузоподъемность до 5 т | D107: маш.-ч | E107: 0,02 0,02 | F107: 109.17 | H107: 109.17 | J107: 2.18 | L107: 2.18
...

Sheet 02-01-04
A1: СОГЛАСОВАНО: | M1: УТВЕРЖДАЮ:
A4: _________________ | M4: _________________
A5: " _____ " ________________ 2013 г. | M5: "____" ______________2013 г.
H6: ФГУП "Комбинат "Электрохимприбор" г. Лесной, Свердловской области
H7: (наименование стройки)
H9: ЛОКАЛЬНЫЙ СМЕТНЫЙ РАСЧЕТ № 02-01-04 (14-057-ЭМ.СМ)
H10: (локальная смета)
F12: на Электрооборудование к проекту: Реконструкция системы технологической водоподготовки бассейна профилактория комбината
H13: (наименование работ и затрат, наименование объекта)
D15: Основание: 14-057-ЭМ
D16: Сметная стоимость _______________________________________________________________________________________________ | J16: ___________________________30,554 | L16: тыс. руб.
D17: монтажных работ _______________________________________________________________________________________________ | J17: _______________________________________________________________________________________________21,110 | L17: тыс. руб.
D18: оборудования _______________________________________________________________________________________________ | J18: _______________________________________________________________________________________________9,444 | L18: тыс. руб.
D19: Средства на оплату труда _______________________________________________________________________________________________ | J19: ___________________________1,388 | L19: тыс. руб.
D20: Сметная трудоемкость _______________________________________________________________________________________________ | J20: _______________________________________________________________________________________________86,86 | L20: чел.час
D21: Составлен(а) в текущих (прогнозных) ценах по состоянию на 2001г.
A24: № пп | B24: Обосно- вание | C24: Наименование | D24: Ед. изм. | E24: Кол. на ед./ всего | F24: Стоимость единицы, руб. | J24: Общая стоимость, руб. | N24: Т/з осн. раб.на ед. | O24: Т/з осн. раб. Всего | P24: Т/з мех. на ед. | Q24: Т/з мех. Всего
F25: Всего | G25: В том числе | J25: Всего | K25: В том числе
G26: Осн.З/п | H26: Эк.Маш | I26: З/пМех | K26: Осн.З/п | L26: Эк.Маш | M26: З/пМех
A27: 1 | B27: 2 | C27: 3 | D27: 4 | E27: 5 | F27: 6 | G27: 7 | H27: 8 | I27: 9 | J27: 10 | K27: 11 | L27: 12 | M27: 13 | N27: 14 | O27: 15 | P27: 16 | Q27: 17
A28: Раздел 1. Электрооборудование
A29: 1 | B29: ТЕРм08-03-524-05 | C29: Монтаж. Ящик с одним двухполюсным рубильником, или с двухполюсным рубильником и двумя предохранителями, или с двумя блоками «предохранитель-выключатель», или с двумя предохранителями, устанавливаемый на конструкции на стене или колонне, на ток до 250 А НР (43 руб.): 95% от ФОТ (45 руб.) СП (29 руб.): 65% от ФОТ (45 руб.) | D29: 1 шт. | E29: 1 | F29: 224.01 | G29: 44.84 | H29: 4.56 | I29: 0.18 | J29: 224 | K29: 45 | L29: 5 | N29: 3.21 | O29: 3.21 | P29: 0.01 | Q29: 0.01
C30: Затраты труда рабочих (ср 4,2) | D30: чел.час | E30: 3,21 3,21 | F30: 13.97 | G30: 13.97 | J30: 44.84 | K30: 44.84
B31: 1. 021102 | C31: Краны на автомобильном ходу при работе на монтаже технологического оборудования 10 т | D31: маш.-ч | E31: 0,01 0,01 | F31: 172.79 | H31: 172.79 | I31: 18.2 | J31: 1.73 | L31: 1.73 | M31: 0.18
B32: 2. 040502 | C32: Установки для сварки ручной дуговой (постоянного тока) | D32: маш.-ч | E32: 0,13 0,13 | F32: 8.97 | H32: 8.97 | J32: 1.17 | L32: 1.17
B33: 3. 330206 | C33: Дрели электрические | D33: маш.-ч | E33: 0,04 0,04 | F33: 2.86 | H33: 2.86 | J33: 0.11 | L33: 0.11
B34: 4. 350451 | C34: Пресс гидравлический с электроприводом | D34: маш.-ч | E34: 0,22 0,22 | F34: 1.63 | H34: 1.63 | J34: 0.36 | L34: 0.36
B35: 5. 400002 | C35: Автомобили бортовые, грузоподъемность до 8 т | D35: маш.-ч | E35: 0,01 0,01 | F35: 119.46 | H35: 119.46 | J35: 1.19 | L35: 1.19
B36: 6. 101-1665 | C36: Лак электроизоляционный 318 | D36: кг | E36: 0,018 0,018 | F36: 35.7 | J36: 0.64
B37: 7. 101-1699 | C37: Патроны для пристрелки | D37: 10 шт. | E37: 1,22 1,22 | F37: 25.12 | J37: 30.65
B38: 8. 101-1924 | C38: Электроды диаметром 4 мм Э42А | D38: кг | E38: 0,07 0,07 | F38: 11.66 | J38: 0.82
B39: 9. 101-1964 | C39: Шпагат бумажный | D39: кг | E39: 0,005 0,005 | F39: 20.3 | J39: 0.1
B40: 10. 101-1977 | C40: Болты с гайками и шайбами строительные | D40: кг | E40: 0,418 0,418 | F40: 16.8 | J40: 7.02
B41: 11. 101-2143 | C41: Краска | D41: кг | E41: 0,046 0,046 | F41: 29.75 | J41: 1.37
B42: 12. 101-2365 | C42: Нитки швейные | D42: кг | E42: 0,003 0,003 | F42: 142.8 | J42: 0.43
B43: 13. 101-2493 | C43: Лента липкая изоляционная на поликасиновом компаунде марки ЛСЭПЛ, шириной 20-30 мм, толщиной от 0,14 до 0,19 мм | D43: кг | E43: 0,044 0,044 | F43: 200.94 | J43: 8.84
B44: 14. 101-3911 | C44: Дюбели для пристрелки стальные | D44: 10 шт. | E44: 1,22 1,22 | F44: 9.04 | J44: 11.03
B45: 15. 101-3914 | C45: Дюбели распорные полипропиленовые | D45: 100 шт. | E45: 0,014 0,014 | F45: 92.85 | J45: 1.3
B46: 16. 111-0086 | C46: Бирки маркировочные | D46: 100 шт. | E46: 0,02 0,02 | F46: 47.59 | J46: 0.95
B47: 17. 201-0843 | C47: Конструкции стальные индивидуальные решетчатые сварные массой до 0,1 т | D47: т | E47: 0,003 0,003 | F47: 16144.61 | J47: 48.43
... B51: 21. 999-9950 | C51: Вспомогательные ненормируемые ресурсы | D51: руб. | E51: 0,9 0,9 | F51: 1 | J51: 0.9
A52: 2 | B52: Оборудование, Лампа.66 | C52: Ящик силовой для приема и распределения электрической энергии 380/220В, 250А,50 Гц. с предохранителями Iн.п.в=100А ЯРПП-250А (МДС 81-35.2004 п.4.60.Транспортные расходы на ОБ ПЗ=3%; МДС 81-35.2004 п.4.64.Заготовительно-складские расходы на ОБ ПЗ=1,2%) | D52: шт. | E52: 1 | F52: 823,44 3766,00/1,18/ИндексОБ | J52: 823
A53: 3 | B53: ТЕРм08-03-524-04 | C53: Монтаж. Ящик с одним двухполюсным рубильником, или с двухполюсным рубильником и двумя предохранителями, или с двумя блоками «предохранитель-выключатель», или с двумя предохранителями, устанавливаемый на конструкции на стене или колонне, на ток до 100 А НР (32 руб.): 95% от ФОТ (34 руб.) СП (22 руб.): 65% от ФОТ (34 руб.) | D53: 1 шт. | E53: 1 | F53: 205 | G53: 34.37 | H53: 4.41 | I53: 0.18 | J53: 205 | K53: 34 | L53: 4 | N53: 2.46 | O53: 2.46 | P53: 0.01 | Q53: 0.01
C54: Затраты труда рабочих (ср 4,2) | D54: чел.час | E54: 2,46 2,46 | F54: 13.97 | G54: 13.97 | J54: 34.37 | K54: 34.37
B55: 1. 021102 | C55: Краны на автомобильном ходу при работе на монтаже технологического оборудования 10 т | D55: маш.-ч | E55: 0,01 0,01 | F55: 172.79 | H55: 172.79 | I55: 18.2 | J55: 1.73 | L55: 1.73 | M55: 0.18
B56: 2. 040502 | C56: Установки для сварки ручной дуговой (постоянного тока) | D56: маш.-ч | E56: 0,13 0,13 | F56: 8.97 | H56: 8.97 | J56: 1.17 | L56: 1.17
B57: 3. 330206 | C57: Дрели электрические | D57: маш.-ч | E57: 0,04 0,04 | F57: 2.86 | H57: 2.86 | J57: 0.11 | L57: 0.11
B58: 4. 350451 | C58: Пресс гидравлический с электроприводом | D58: маш.-ч | E58: 0,13 0,13 | F58: 1.63 | H58: 1.63 | J58: 0.21 | L58: 0.21
B59: 5. 400002 | C59: Автомобили бортовые, грузоподъемность до 8 т | D59: маш.-ч | E59: 0,01 0,01 | F59: 119.46 | H59: 119.46 | J59: 1.19 | L59: 1.19
B60: 6. 101-1665 | C60: Лак электроизоляционный 318 | D60: кг | E60: 0,001 0,001 | F60: 35.7 | J60: 0.04
B61: 7. 101-1699 | C61: Патроны для пристрелки | D61: 10 шт. | E61: 1,22 1,22 | F61: 25.12 | J61: 30.65
B62: 8. 101-1924 | C62: Электроды диаметром 4 мм Э42А | D62: кг | E62: 0,07 0,07 | F62: 11.66 | J62: 0.82
B63: 9. 101-1964 | C63: Шпагат бумажный | D63: кг | E63: 0,002 0,002 | F63: 20.3 | J63: 0.04
B64: 10. 101-1977 | C64: Болты с гайками и шайбами строительные | D64: кг | E64: 0,27 0,27 | F64: 16.8 | J64: 4.54
B65: 11. 101-2143 | C65: Краска | D65: кг | E65: 0,044 0,044 | F65: 29.75 | J65: 1.31
B66: 12. 101-2365 | C66: Нитки швейные | D66: кг | E66: 0,001 0,001 | F66: 142.8 | J66: 0.14
B67: 13. 101-2493 | C67: Лента липкая изоляционная на поликасиновом компаунде марки ЛСЭПЛ, шириной 20-30 мм, толщиной от 0,14 до 0,19 мм | D67: кг | E67: 0,024 0,024 | F67: 200.94 | J67: 4.82
B68: 14. 101-3911 | C68: Дюбели для пристрелки стальные | D68: 10 шт. | E68: 1,22 1,22 | F68: 9.04 | J68: 11.03
B69: 15. 101-3914 | C69: Дюбели распорные полипропиленовые | D69: 100 шт. | E69: 0,01 0,01 | F69: 92.85 | J69: 0.93
B70: 16. 111-0086 | C70: Бирки маркировочные | D70: 100 шт. | E70: 0,02 0,02 | F70: 47.59 | J70: 0.95
B71: 17. 201-0843 | C71: Конструкции стальные индивидуальные решетчатые сварные массой до 0,1 т | D71: т | E71: 0,003 0,003 | F71: 16144.61 | J71: 48.43
... B75: 21. 999-9950 | C75: Вспомогательные ненормируемые ресурсы | D75: руб. | E75: 0,69 0,69 | F75: 1 | J75: 0.69
A76: 4 | B76: Оборудование, ЭТМ | C76: Ящик-выключатель защищенныйсо штепсельным разъемом трехполюсный; 100 А; 500 Hz, 380В ЯВЗШ-31-У2 (МДС 81-35.2004 п.4.60.Транспортные расходы на ОБ ПЗ=3%; МДС 81-35.2004 п.4.64.Заготовительно-складские расходы на ОБ ПЗ=1,2%) | D76: шт. | E76: 1 | F76: 1190,34 5444,00/1,18/ИндексОБ | J76: 1190
A77: Щит силовой распределительный ЩС-2:
A78: 5 | B78: ТЕРм08-03-573-04 | C78: Монтаж. Шкаф (пульт) управления навесной, высота, ширина и глубина до 600х600х350 мм НР (36 руб.): 95% от ФОТ (38 руб.) СП (25 руб.): 65% от ФОТ (38 руб.) | D78: 1 шт. | E78: 1 | F78: 99.26 | G78: 33.11 | H78: 62.05 | I78: 4.71 | J78: 99 | K78: 33 | L78: 62 | M78: 5 | N78: 2.37 | O78: 2.37 | P78: 0.29 | Q78: 0.29
C79: Затраты труда рабочих (ср 4,2) | D79: чел.час | E79: 2,37 2,37 | F79: 13.97 | G79: 13.97 | J79: 33.11 | K79: 33.11
B80: 1. 021102 | C80: Краны на автомобильном ходу при работе на монтаже технологического оборудования 10 т | D80: маш.-ч | E80: 0,07 0,07 | F80: 172.79 | H80: 172.79 | I80: 18.2 | J80: 12.1 | L80: 12.1 | M80: 1.27
B81: 2. 040502 | C81: Установки для сварки ручной дуговой (постоянного тока) | D81: маш.-ч | E81: 0,71 0,71 | F81: 8.97 | H81: 8.97 | J81: 6.37 | L81: 6.37
B82: 3. 050102 | C82: Компрессоры передвижные с двигателем внутреннего сгорания давлением до 686 кПа (7 ат), производительность 5 м3/мин | D82: маш.-ч | E82: 0,22 0,22 | F82: 103.34 | H82: 103.34 | I82: 15.62 | J82: 22.73 | L82: 22.73 | M82: 3.44
B83: 4. 100602 | C83: Молотки бурильные легкие при работе от передвижных компрессорных станций | D83: маш.-ч | E83: 0,22 0,22 | F83: 56.77 | H83: 56.77 | J83: 12.49 | L83: 12.49
B84: 5. 400002 | C84: Автомобили бортовые, грузоподъемность до 8 т | D84: маш.-ч | E84: 0,07 0,07 | F84: 119.46 | H84: 119.46 | J84: 8.36 | L84: 8.36
B85: 6. 101-1924 | C85: Электроды диаметром 4 мм Э42А | D85: кг | E85: 0,1 0,1 | F85: 11.66 | J85: 1.17
B86: 7. 101-1977 | C86: Болты с гайками и шайбами строительные | D86: кг | E86: 0,1 0,1 | F86: 16.8 | J86: 1.68
B87: 8. 101-2143 | C87: Краска | D87: кг | E87: 0,02 0,02 | F87: 29.75 | J87: 0.6
B88: 9. 999-9950 | C88: Вспомогательные ненормируемые ресурсы | D88: руб. | E88: 0,66 0,66 | F88: 1 | J88: 0.66
A89: 6 | B89: Оборудование, ЭТМ | C89: Установка открытая, корпус из металла, ЩРн-36з-1 74УХЛ3,исп. IP54, на 36 модулей, навесной (МДС 81-35.2004 п.4.60.Транспортные расходы на ОБ ПЗ=3%; МДС 81-35.2004 п.4.64.Заготовительно-складские расходы на ОБ ПЗ=1,2%) | D89: шт. | E89: 1 | F89: 256,26 1172,00/1,18/ИндексОБ | J89: 256
A90: 7 | B90: Оборудование, ЭТМ | C90: Шина N (МДС 81-35.2004 п.4.60.Транспортные расходы на ОБ ПЗ=3%; МДС 81-35.2004 п.4.64.Заготовительно-складские расходы на ОБ ПЗ=1,2%) | D90: шт. | E90: 1 | F90: 6,71 30,70/1,18/ИндексОБ | J90: 7
A91: 8 | B91: Оборудование, ЭТМ | C91: Шина РЕ (МДС 81-35.2004 п.4.60.Транспортные расходы на ОБ ПЗ=3%; МДС 81-35.2004 п.4.64.Заготовительно-складские расходы на ОБ ПЗ=1,2%) | D91: шт. | E91: 1 | F91: 8,99 41,10/1,18/ИндексОБ | J91: 9
A92: 9 | B92: Оборудование, ЭТМ | C92: Сборная трехфазная шина (МДС 81-35.2004 п.4.60.Транспортные расходы на ОБ ПЗ=3%; МДС 81-35.2004 п.4.64.Заготовительно-складские расходы на ОБ ПЗ=1,2%) | D92: шт. | E92: 1 | F92: 86,15 394,00/1,18/ИндексОБ | J92: 86
A93: 10 | B93: ТЕРм08-03-575-01 | C93: Монтаж выключателей в щите НР (134 руб.): 95% от ФОТ (141 руб.) СП (92 руб.): 65% от ФОТ (141 руб.) | D93: 1 шт. | E93: 9 | F93: 16.3 | G93: 15.65 | J93: 147 | K93: 141 | N93: 1.12 | O93: 10.08
C94: Затраты труда рабочих (ср 4,2) | D94: чел.час | E94: 1,12 10,08 | F94: 13.97 | G94: 13.97 | J94: 140.82 | K94: 140.82
B95: 1. 101-1977 | C95: Болты с гайками и шайбами строительные | D95: кг | E95: 0,02 0,18 | F95: 16.8 | J95: 3.02
B96: 2. 999-9950 | C96: Вспомогательные ненормируемые ресурсы | D96: руб. | E96: 0,31 2,79 | F96: 1 | J96: 2.79
A97: 11 | B97: Оборудование, ЭТМ | C97: Выключатель-разъединитель ВН32 3Р 100 А, 50/60 Hz 2300/400V (МДС 81-35.2004 п.4.60.Транспортные расходы на ОБ ПЗ=3%; МДС 81-35.2004 п.4.64.Заготовительно-складские расходы на ОБ ПЗ=1,2%) | D97: шт. | E97: 1 | F97: 42,63 195,00/1,18/ИндексОБ | J97: 43
A98: 12 | B98: Оборудование, ЭТМ | C98: Трехполюсный автоматический выключатель с тепловым и электромагнитным расцепителем, кривая С: ВА47-29/С/3Р/10A (МДС 81-35.2004 п.4.60.Транспортные расходы на ОБ ПЗ=3%; МДС 81-35.2004 п.4.64.Заготовительно-складские расходы на ОБ ПЗ=1,2%) | D98: шт. | E98: 1 | F98: 31,93 146,00/1,18/ИндексОБ | J98: 32
A99: 13 | B99: Оборудование, ЭТМ | C99: Трехполюсный автоматический выключатель с тепловым и электромагнитным расцепителем, кривая D: ВА47-29/D/3Р/80A (МДС 81-35.2004 п.4.60.Транспортные расходы на ОБ ПЗ=3%; МДС 81-35.2004 п.4.64.Заготовительно-складские расходы на ОБ ПЗ=1,2%) | D99: шт. | E99: 1 | F99: 165,52 757,00/1,18/ИндексОБ | J99: 166
A100: 14 | B100: Оборудование, ЭТМ | C100: Трехполюсный автоматический выключатель с тепловым и электромагнитным расцепителем, кривая D: ВА47-29/D/3Р/25A (МДС 81-35.2004 п.4.60.Транспортные расходы на ОБ ПЗ=3%; МДС 81-35.2004 п.4.64.Заготовительно-складские расходы на ОБ ПЗ=1,2%) | D100: шт. | E100: 1 | F100: 41,55 190,00/1,18/ИндексОБ | J100: 42
A101: 15 | B101: Оборудование, ЭТМ | C101: Трехполюсный автоматический выключатель с тепловым и электромагнитным расцепителем, кривая D: ВА47-29/D/3Р/16A (МДС 81-35.2004 п.4.60.Транспортные расходы на ОБ ПЗ=3%; МДС 81-35.2004 п.4.64.Заготовительно-складские расходы на ОБ ПЗ=1,2%) | D101: шт. | E101: 1 | F101: 41,55 190,00/1,18/ИндексОБ | J101: 42
A102: 16 | B102: Оборудование, ЭТМ | C102: Трехполюсный автоматический выключатель с тепловым и электромагнитным расцепителем, кривая D: ВА47-29/D/3Р/10A (МДС 81-35.2004 п.4.60.Транспортные расходы на ОБ ПЗ=3%; МДС 81-35.2004 п.4.64.Заготовительно-складские расходы на ОБ ПЗ=1,2%) | D102: шт. | E102: 1 | F102: 41,55 190,00/1,18/ИндексОБ | J102: 42
A103: 17 | B103: Оборудование, ЭТМ | C103: Однополюсный автоматический выключатель с тепловым и электромагнитным расцепителем, кривая D: ВА47-29/С/1Р/10A (МДС 81-35.2004 п.4.60.Транспортные расходы на ОБ ПЗ=3%; МДС 81-35.2004 п.4.64.Заготовительно-складские расходы на ОБ ПЗ=1,2%) | D103: шт. | E103: 2 | F103: 8,99 41,10/1,18/ИндексОБ | J103: 18
A104: 18 | B104: Оборудование, ЭТМ | C104: Однополюсный автоматический выключатель с тепловым и электромагнитным расцепителем, кривая В: ВА47-29/В/1Р/10A (МДС 81-35.2004 п.4.60.Транспортные расходы на ОБ ПЗ=3%; МДС 81-35.2004 п.4.64.Заготовительно-складские расходы на ОБ ПЗ=1,2%) | D104: шт. | E104: 1 | F104: 10,62 48,60/1,18/ИндексОБ | J104: 11
A105: 19 | B105: ТЕРм08-04-745-01 | C105: Ввод герметичный НР (338 руб.): 95% от ФОТ (356 руб.) СП (231 руб.): 65% от ФОТ (356 руб.) | D105: 1 шт. | E105: 1 | F105: 1132.9 | G105: 291.33 | H105: 595.44 | I105: 65.03 | J105: 1133 | K105: 291 | L105: 595 | M105: 65 | N105: 21.5 | O105: 21.5 | P105: 3.83 | Q105: 3.83
C106: Затраты труда рабочих (ср 4) | D106: чел.час | E106: 21,5 21,5 | F106: 13.55 | G106: 13.55 | J106: 291.33 | K106: 291.33
B107: 1. 021102 | C107: Краны на автомобильном ходу при работе на монтаже технологического оборудования 10 т | D107: маш.-ч | E107: 0,18 0,18 | F107: 172.79 | H107: 172.79 | I107: 18.2 | J107: 31.1 | L107: 31.1 | M107: 3.28
B108: 2. 030408 | C108: Лебедки электрические тяговым усилием 156,96 кН (16 т) | D108: маш.-ч | E108: 3,65 3,65 | F108: 141.03 | H108: 141.03 | I108: 16.92 | J108: 514.76 | L108: 514.76 | M108: 61.76
B109: 3. 040502 | C109: Установки для сварки ручной дуговой (постоянного тока) | D109: маш.-ч | E109: 3,13 3,13 | F109: 8.97 | H109: 8.97 | J109: 28.08 | L109: 28.08
B110: 4. 400002 | C110: Автомобили бортовые, грузоподъемность до 8 т | D110: маш.-ч | E110: 0,18 0,18 | F110: 119.46 | H110: 119.46 | J110: 21.5 | L110: 21.5
B111: 5. 101-0179 | C111: Гвозди строительные с плоской головкой 1,6x50 мм | D111: т | E111: 0,00015 0,0002 | F111: 9861.06 | J111: 1.97
B112: 6. 101-0865 | C112: Роли свинцовые марки С1 толщиной 1,0 мм | D112: т | E112: 0,0035 0,0035 | F112: 43137.5 | J112: 150.98
B113: 7. 101-1662 | C113: Азот газообразный технический | D113: м3 | E113: 0,3 0,3 | F113: 11.54 | J113: 3.46
...

Sheet 02-01-05
A1: СОГЛАСОВАНО: | M1: УТВЕРЖДАЮ:
A4: _________________ | M4: _________________
A5: " _____ " ________________ 2013 г. | M5: "____" ______________2013 г.
H6: ФГУП "Комбинат "Электрохимприбор" г. Лесной, Свердловской области
H7: (наименование стройки)
H9: ЛОКАЛЬНЫЙ СМЕТНЫЙ РАСЧЕТ № 02-01-05 (14-057-ЭО.СМ)
H10: (локальная смета)
G12: на Электроосвещение к проекту: Реконструкция системы технологической водоподготовки бассейна профилактория комбината
H13: (наименование работ и затрат, наименование объекта)
D15: Основание: 14-057-ЭО
D16: Сметная стоимость _______________________________________________________________________________________________ | J16: ___________________________31,419 | L16: тыс. руб.
D17: строительных работ _______________________________________________________________________________________________ | J17: _______________________________________________________________________________________________1,157 | L17: тыс. руб.
D18: монтажных работ _______________________________________________________________________________________________ | J18: _______________________________________________________________________________________________30,262 | L18: тыс. руб.
D19: Средства на оплату труда _______________________________________________________________________________________________ | J19: ___________________________1,180 | L19: тыс. руб.
D20: Сметная трудоемкость _______________________________________________________________________________________________ | J20: _______________________________________________________________________________________________74,3 | L20: чел.час
D21: Составлен(а) в текущих (прогнозных) ценах по состоянию на 2001г.
A24: № пп | B24: Обосно- вание | C24: Наименование | D24: Ед. изм. | E24: Кол. на ед./ всего | F24: Стоимость единицы, руб. | J24: Общая стоимость, руб. | N24: Т/з осн. раб.на ед. | O24: Т/з осн. раб. Всего | P24: Т/з мех. на ед. | Q24: Т/з мех. Всего
F25: Всего | G25: В том числе | J25: Всего | K25: В том числе
G26: Осн.З/п | H26: Эк.Маш | I26: З/пМех | K26: Осн.З/п | L26: Эк.Маш | M26: З/пМех
A27: 1 | B27: 2 | C27: 3 | D27: 4 | E27: 5 | F27: 6 | G27: 7 | H27: 8 | I27: 9 | J27: 10 | K27: 11 | L27: 12 | M27: 13 | N27: 14 | O27: 15 | P27: 16 | Q27: 17
A28: Раздел 1. Электроосвещение
A29: 1 | B29: ТЕРм08-03-591-06 | C29: Монтаж. Переключатель неутопленного типа при открытой проводке НР (21 руб.): 95% от ФОТ (22 руб.) СП (14 руб.): 65% от ФОТ (22 руб.) | D29: 100 шт. | E29: 0,04 (2+2) / 100 | F29: 847.23 | G29: 543.43 | H29: 29.99 | I29: 0.73 | J29: 34 | K29: 22 | L29: 1 | N29: 38.9 | O29: 1.56 | P29: 0.04
C30: Затраты труда рабочих (ср 4,2) | D30: чел.час | E30: 38,9 1,56 | F30: 13.97 | G30: 13.97 | J30: 21.79 | K30: 21.79
B31: 1. 021102 | C31: Краны на автомобильном ходу при работе на монтаже технологического оборудования 10 т | D31: маш.-ч | E31: 0,04 | F31: 172.79 | H31: 172.79 | I31: 18.2
B32: 2. 330206 | C32: Дрели электрические | D32: маш.-ч | E32: 6,4 0,26 | F32: 2.86 | H32: 2.86 | J32: 0.74 | L32: 0.74
B33: 3. 400002 | C33: Автомобили бортовые, грузоподъемность до 8 т | D33: маш.-ч | E33: 0,04 | F33: 119.46 | H33: 119.46
B34: 4. 101-1477 | C34: Шурупы с полукруглой головкой 2,5х20 мм | D34: т | E34: 0,00016 | F34: 23623.88
B35: 5. 101-1481 | C35: Шурупы с полукруглой головкой 4x40 мм | D35: т | E35: 0,0003 | F35: 13351.8
B36: 6. 101-2493 | C36: Лента липкая изоляционная на поликасиновом компаунде марки ЛСЭПЛ, шириной 20-30 мм, толщиной от 0,14 до 0,19 мм | D36: кг | E36: 0,11 0,0044 | F36: 200.94 | J36: 0.88
B37: 7. 101-3914 | C37: Дюбели распорные полипропиленовые | D37: 100 шт. | E37: 2,04 0,0816 | F37: 92.85 | J37: 7.58
B38: 8. 503-0464 | C38: Подрозетники деревянные | D38: 100 шт. | E38: 1,03 0,0412 | F38: 42.37 | J38: 1.75
B39: 9. 999-9950 | C39: Вспомогательные ненормируемые ресурсы | D39: руб. | E39: 10,87 0,4348 | F39: 1 | J39: 0.43
A40: 2 | B40: Материалы | C40: Переключатель на 2-а направления, 10А ~250В IP55 Plexo IP66 (Транспортные расходы на МАТ по прайсам МАТ=0,3% к расх.; Заготовительно-складские расходы на МАТ по прайсам МАТ=2% к расх.) | D40: шт. | E40: 2 | F40: 60,52 400,00/1,18/ИндексСМР | J40: 121
A41: 3 | B41: Материалы | C41: Переключатель на 2-а направления, 10А ~250В IP55 Plexo IP55-IK07 (Транспортные расходы на МАТ по прайсам МАТ=0,3% к расх.; Заготовительно-складские расходы на МАТ по прайсам МАТ=2% к расх.) | D41: шт. | E41: 2 | F41: 60,52 400,00/1,18/ИндексСМР | J41: 121
A42: 4 | B42: ТЕРм10-08-019-01 | C42: Монтаж. Коробка ответвительная НР (154 руб.): 80% от ФОТ (193 руб.) СП (116 руб.): 60% от ФОТ (193 руб.) | D42: 1 шт. | E42: 28 | F42: 7.32 | G42: 6.88 | J42: 205 | K42: 193 | N42: 0.5 | O42: 14
C43: Затраты труда рабочих (ср 4,1) | D43: чел.час | E43: 0,5 14 | F43: 13.76 | G43: 13.76 | J43: 192.64 | K43: 192.64
B44: 1. 101-0812 | C44: Проволока стальная низкоуглеродистая разного назначения оцинкованная диаметром 1,6 мм | D44: т | E44: 1E-5 0,0003 | F44: 12780.6 | J44: 3.83
B45: 2. 101-1481 | C45: Шурупы с полукруглой головкой 4x40 мм | D45: т | E45: 1E-5 0,0003 | F45: 13351.8 | J45: 4.01
B46: 3. 405-0219 | C46: Гипсовые вяжущие, марка Г3 | D46: т | E46: 5E-5 0,0014 | F46: 784.21 | J46: 1.1
B47: 4. 999-9950 | C47: Вспомогательные ненормируемые ресурсы | D47: руб. | E47: 0,14 3,92 | F47: 1 | J47: 3.92
A48: 5 | B48: ТСЦ-503-0460 | C48: Разветвительная коробка | D48: шт. | E48: 28 | F48: 2.85 | J48: 80
A49: 6 | B49: ТЕРм08-03-593-06 | C49: Монтаж. Светильник потолочный или настенный с креплением винтами или болтами для помещений с нормальными условиями среды, одноламповый НР (365 руб.): 95% от ФОТ (384 руб.) СП (250 руб.): 65% от ФОТ (384 руб.) | D49: 100 шт. | E49: 0,2 20 / 100 | F49: 5292.51 | G49: 1233.55 | H49: 1915.67 | I49: 687.03 | J49: 1059 | K49: 247 | L49: 383 | M49: 137 | N49: 88.3 | O49: 17.66 | P49: 43.76 | Q49: 8.75
C50: Затраты труда рабочих (ср 4,2) | D50: чел.час | E50: 88,3 17,66 | F50: 13.97 | G50: 13.97 | J50: 246.71 | K50: 246.71
B51: 1. 021102 | C51: Краны на автомобильном ходу при работе на монтаже технологического оборудования 10 т | D51: маш.-ч | E51: 1,36 0,27 | F51: 172.79 | H51: 172.79 | I51: 18.2 | J51: 46.65 | L51: 46.65 | M51: 4.91
B52: 2. 030902 | C52: Подъемники гидравлические высотой подъема 10 м | D52: маш.-ч | E52: 42,4 8,48 | F52: 34.08 | H52: 34.08 | I52: 15.62 | J52: 289 | L52: 289 | M52: 132.46
B53: 3. 330206 | C53: Дрели электрические | D53: маш.-ч | E53: 25,6 5,12 | F53: 2.86 | H53: 2.86 | J53: 14.64 | L53: 14.64
B54: 4. 400002 | C54: Автомобили бортовые, грузоподъемность до 8 т | D54: маш.-ч | E54: 1,36 0,27 | F54: 119.46 | H54: 119.46 | J54: 32.25 | L54: 32.25
B55: 5. 101-0115 | C55: Винты с полукруглой головкой длиной 50 мм | D55: т | E55: 0,00306 0,0006 | F55: 11428.51 | J55: 6.86
B56: 6. 101-2493 | C56: Лента липкая изоляционная на поликасиновом компаунде марки ЛСЭПЛ, шириной 20-30 мм, толщиной от 0,14 до 0,19 мм | D56: кг | E56: 0,31 0,062 | F56: 200.94 | J56: 12.46
B57: 7. 101-3914 | C57: Дюбели распорные полипропиленовые | D57: 100 шт. | E57: 4,08 0,816 | F57: 92.85 | J57: 75.77
B58: 8. 503-0472 | C58: Розетка потолочная | D58: 100 шт. | E58: 1,02 0,204 | F58: 476 | J58: 97.1
B59: 9. 509-0033 | C59: Сжимы ответвительные | D59: 100 шт. | E59: 2,04 0,408 | F59: 567.16 | J59: 231.4
B60: 10. 999-9950 | C60: Вспомогательные ненормируемые ресурсы | D60: руб. | E60: 24,67 4,934 | F60: 1 | J60: 4.93
A61: 7 | B61: Материалы | C61: Cветильник подвесной 220В, 50Гц с лампой ДРИ-70 Е27 70Вт IP54 крепление на монтажный профиль ЖГСП17-70-732 18170732 ASTZ (Транспортные расходы на МАТ по прайсам МАТ=0,3% к расх.; Заготовительно-складские расходы на МАТ по прайсам МАТ=2% к расх.) | D61: шт. | E61: 20 | F61: 649,11 4290,00/1,18/ИндексСМР | J61: 12982
A62: 8 | B62: ТЕРм08-03-593-05 | C62: Монтаж. Светильник потолочный или настенный с креплением винтами или болтами для помещений с тяжелыми условиями среды, уплотненный НР (74 руб.): 95% от ФОТ (78 руб.) СП (51 руб.): 65% от ФОТ (78 руб.) | D62: 100 шт. | E62: 0,04 4 / 100 | F62: 5119.74 | G62: 1304.8 | H62: 1670.22 | I62: 639.34 | J62: 205 | K62: 52 | L62: 67 | M62: 26 | N62: 93.4 | O62: 3.74 | P62: 40.8 | Q62: 1.63
C63: Затраты труда рабочих (ср 4,2) | D63: чел.час | E63: 93,4 3,74 | F63: 13.97 | G63: 13.97 | J63: 52.25 | K63: 52.25
B64: 1. 021102 | C64: Краны на автомобильном ходу при работе на монтаже технологического оборудования 10 т | D64: маш.-ч | E64: 0,8 0,03 | F64: 172.79 | H64: 172.79 | I64: 18.2 | J64: 5.18 | L64: 5.18 | M64: 0.55
B65: 2. 030902 | C65: Подъемники гидравлические высотой подъема 10 м | D65: маш.-ч | E65: 40 1,6 | F65: 34.08 | H65: 34.08 | I65: 15.62 | J65: 54.53 | L65: 54.53 | M65: 24.99
B66: 3. 330206 | C66: Дрели электрические | D66: маш.-ч | E66: 25,6 1,02 | F66: 2.86 | H66: 2.86 | J66: 2.92 | L66: 2.92
B67: 4. 400002 | C67: Автомобили бортовые, грузоподъемность до 8 т | D67: маш.-ч | E67: 0,8 0,03 | F67: 119.46 | H67: 119.46 | J67: 3.58 | L67: 3.58
B68: 5. 101-0115 | C68: Винты с полукруглой головкой длиной 50 мм | D68: т | E68: 0,00306 0,0001 | F68: 11428.51 | J68: 1.14
B69: 6. 101-2493 | C69: Лента липкая изоляционная на поликасиновом компаунде марки ЛСЭПЛ, шириной 20-30 мм, толщиной от 0,14 до 0,19 мм | D69: кг | E69: 0,31 0,0124 | F69: 200.94 | J69: 2.49
B70: 7. 101-3914 | C70: Дюбели распорные полипропиленовые | D70: 100 шт. | E70: 4,08 0,1632 | F70: 92.85 | J70: 15.15
B71: 8. 503-0472 | C71: Розетка потолочная | D71: 100 шт. | E71: 1,02 0,0408 | F71: 476 | J71: 19.42
B72: 9. 509-0033 | C72: Сжимы ответвительные | D72: 100 шт. | E72: 2,04 0,0816 | F72: 567.16 | J72: 46.28
B73: 10. 999-9950 | C73: Вспомогательные ненормируемые ресурсы | D73: руб. | E73: 26,1 1,044 | F73: 1 | J73: 1.04
A74: 9 | B74: Материалы | C74: Cветильник 220В, 50Гц с LED 50Вт , IP67 AtomSvet®Plant 02-50-5600-55 (Транспортные расходы на МАТ по прайсам МАТ=0,3% к расх.; Заготовительно-складские расходы на МАТ по прайсам МАТ=2% к расх.) | D74: шт. | E74: 4 | F74: 2249,21 14865,00/1,18/ИндексСМР | J74: 8997
A75: 10 | B75: ТЕРм08-03-593-10 | C75: Монтаж. Световые настенные указатели НР (13 руб.): 95% от ФОТ (14 руб.) СП (9 руб.): 65% от ФОТ (14 руб.) | D75: 100 шт. | E75: 0,01 1 / 100 | F75: 2523.44 | G75: 1371.85 | H75: 556.95 | I75: 20.38 | J75: 25 | K75: 14 | L75: 6 | N75: 98.2 | O75: 0.98 | P75: 1.12 | Q75: 0.01
C76: Затраты труда рабочих (ср 4,2) | D76: чел.час | E76: 98,2 0,98 | F76: 13.97 | G76: 13.97 | J76: 13.69 | K76: 13.69
B77: 1. 021102 | C77: Краны на автомобильном ходу при работе на монтаже технологического оборудования 10 т | D77: маш.-ч | E77: 1,12 0,01 | F77: 172.79 | H77: 172.79 | I77: 18.2 | J77: 1.73 | L77: 1.73 | M77: 0.18
B78: 2. 040502 | C78: Установки для сварки ручной дуговой (постоянного тока) | D78: маш.-ч | E78: 25,6 0,26 | F78: 8.97 | H78: 8.97 | J78: 2.33 | L78: 2.33
B79: 3. 400002 | C79: Автомобили бортовые, грузоподъемность до 8 т | D79: маш.-ч | E79: 1,12 0,01 | F79: 119.46 | H79: 119.46 | J79: 1.19 | L79: 1.19
B80: 4. 101-2493 | C80: Лента липкая изоляционная на поликасиновом компаунде марки ЛСЭПЛ, шириной 20-30 мм, толщиной от 0,14 до 0,19 мм | D80: кг | E80: 0,21 0,0021 | F80: 200.94 | J80: 0.42
B81: 5. 101-3914 | C81: Дюбели распорные полипропиленовые | D81: 100 шт. | E81: 4,08 0,0408 | F81: 92.85 | J81: 3.79
B82: 6. 502-0246 | C82: Провода неизолированные для воздушных линий электропередачи медные марки М, сечением 4 мм2 | D82: т | E82: 0,00153 | F82: 95536.1
B83: 7. 999-9950 | C83: Вспомогательные ненормируемые ресурсы | D83: руб. | E83: 27,44 0,2744 | F83: 1 | J83: 0.27
A84: 11 | B84: Материалы | C84: Cветильник настенный 220В, 50Гц с LED 1.2Вт , IP41 настенный c батареей, с пиктограммой "Насосная". ДСО70-1,2-731 Тwins LED кат.70112731 (Транспортные расходы на МАТ по прайсам МАТ=0,3% к расх.; Заготовительно-складские расходы на МАТ по прайсам МАТ=2% к расх.) | D84: шт. | E84: 1 | F84: 346,95 2293,00/1,18/ИндексСМР | J84: 347
A85: 12 | B85: ТСЦ-509-0677 | C85: Лампы газоразрядные высокого давления типа ДНаТ 150 | D85: 10 шт. | E85: 1,6 16 / 10 | F85: 666.4 | J85: 1066
A86: 13 | B86: ТСЦ-509-0696 | C86: Лампа 220В, 50Гц, 60Вт цоколь Е14 | D86: 10 шт. | E86: 0,1 1 / 10 | F86: 113.9 | J86: 11
A87: 21 | B87: ТЕРм08-02-413-01 | C87: Провод, количество проводов в резинобитумной трубке до 2, сечение провода до 6 мм2 НР (465 руб.): 95% от ФОТ (489 руб.) СП (318 руб.): 65% от ФОТ (489 руб.) | D87: 100 м трубок | E87: 1,8 180/100 | F87: 1497.34 | G87: 267.65 | H87: 64.3 | I87: 4 | J87: 2695 | K87: 482 | L87: 116 | M87: 7 | N87: 20.2 | O87: 36.36 | P87: 0.22 | Q87: 0.4
C88: Затраты труда рабочих (ср 3,8) | D88: чел.час | E88: 20,2 36,36 | F88: 13.25 | G88: 13.25 | J88: 481.77 | K88: 481.77
B89: 1. 021102 | C89: Краны на автомобильном ходу при работе на монтаже технологического оборудования 10 т | D89: маш.-ч | E89: 0,22 0,4 | F89: 172.79 | H89: 172.79 | I89: 18.2 | J89: 69.12 | L89: 69.12 | M89: 7.28
B90: 2. 400002 | C90: Автомобили бортовые, грузоподъемность до 8 т | D90: маш.-ч | E90: 0,22 0,4 | F90: 119.46 | H90: 119.46 | J90: 47.78 | L90: 47.78
B91: 3. 101-0319 | C91: Картон строительный прокладочный марки Б | D91: т | E91: 0,00033 0,0006 | F91: 21267.68 | J91: 12.76
B92: 4. 101-0612 | C92: Мастика клеящая морозостойкая битумно-масляная МБ-50 | D92: т | E92: 0,0014 0,0025 | F92: 3321.83 | J92: 8.3
B93: 5. 101-0813 | C93: Проволока стальная низкоуглеродистая разного назначения оцинкованная диаметром 3,0 мм | D93: т | E93: 0,0021 0,0038 | F93: 10329.2 | J93: 39.25
B94: 6. 101-1764 | C94: Тальк молотый, сорт I | D94: т | E94: 0,0003 0,0005 | F94: 1955.17 | J94: 0.98
B95: 7. 101-2143 | C95: Краска | D95: кг | E95: 0,04 0,072 | F95: 29.75 | J95: 2.14
B96: 8. 101-2493 | C96: Лента липкая изоляционная на поликасиновом компаунде марки ЛСЭПЛ, шириной 20-30 мм, толщиной от 0,14 до 0,19 мм | D96: кг | E96: 0,16 0,288 | F96: 200.94 | J96: 57.87
B97: 9. 101-3914 | C97: Дюбели распорные полипропиленовые | D97: 100 шт. | E97: 0,32 0,576 | F97: 92.85 | J97: 53.48
B98: 10. 111-0086 | C98: Бирки маркировочные | D98: 100 шт. | E98: 0,04 0,072 | F98: 47.59 | J98: 3.43
B99: 11. 301-0041 | C99: Патрубки | D99: 10 шт. | E99: 3,2 5,76 | F99: 298.1 | J99: 1717.06
B100: 12. 405-0219 | C100: Гипсовые вяжущие, марка Г3 | D100: т | E100: 0,021 0,0378 | F100: 784.21 | J100: 29.64
B101: 13. 509-0033 | C101: Сжимы ответвительные | D101: 100 шт. | E101: 0,16 0,288 | F101: 567.16 | J101: 163.34
B102: 14. 999-9950 | C102: Вспомогательные ненормируемые ресурсы | D102: руб. | E102: 5,35 9,63 | F102: 1 | J102: 9.63
A103: 15 | B103: Материалы | C103: Труба гофрированная D=20мм (Транспортные расходы на МАТ по прайсам МАТ=0,3% к расх.; Заготовительно-складские расходы на МАТ по прайсам МАТ=2% к расх.) | D103: м | E103: 180 | F103: 1,15 7,60/1,18/ИндексСМР | J103: 207
A104: 17 | B104: Материалы | C104: Кабель с медными жилами, с изоляцией из ПВХ пластиката, в_x000D_ оболочке из ПВХ пластиката пониженной пожароопасности ВВГнг(А)-LS 5х2,5 мм2-0,66 кВ (Транспортные расходы на МАТ по прайсам МАТ=0,3% к расх.; Заготовительно-складские расходы на МАТ по прайсам МАТ=2% к расх.) | D104: м | E104: 20 | F104: 8,58 56,70/1,18/ИндексСМР | J104: 172
A105: 18 | B105: Материалы | C105: Кабель с медными жилами, с изоляцией из ПВХ пластиката, в_x000D_ оболочке из ПВХ пластиката пониженной пожароопасности ВВГнг(А)-LS 3х2,5 мм2-0,66 кВ (Транспортные расходы на МАТ по прайсам МАТ=0,3% к расх.; Заготовительно-складские расходы на МАТ по прайсам МАТ=2% к расх.) | D105: м | E105: 100 | F105: 5,05 33,40/1,18/ИндексСМР | J105: 505
A106: 19 | B106: Материалы | C106: Кабели с медными жилами, с изоляцией и оболочкой из полимерных композиций, не_x000D_ содержащих галогенов ВВГнг(А)-FRLS 5х2,5 мм2-0,66 кВ (Транспортные расходы на МАТ по прайсам МАТ=0,3% к расх.; Заготовительно-складские расходы на МАТ по прайсам МАТ=2% к расх.) | D106: м | E106: 20 | F106: 15,44 102,00/1,18/ИндексСМР | J106: 309
A107: 20 | B107: Материалы | C107: Кабели с медными жилами, с изоляцией и оболочкой из полимерных композиций, не_x000D_ содержащих галогенов ВВГнг(А)-FRLS 3х2,5 мм2-0,66 кВ (Транспортные расходы на МАТ по прайсам МАТ=0,3% к расх.; Заготовительно-складские расходы на МАТ по прайсам МАТ=2% к расх.) | D107: м | E107: 45 | F107: 9,51 62,90/1,18/ИндексСМР | J107: 428
...

Sheet 02-01-06
A1: СОГЛАСОВАНО: | M1: УТВЕРЖДАЮ:
A4: _________________ | M4: _________________
A5: " _____ " ________________ 2013 г. | M5: "____" ______________2013 г.
H6: ФГУП "Комбинат "Электрохимприбор" г. Лесной, Свердловской области
H7: (наименование стройки)
H9: ЛОКАЛЬНЫЙ СМЕТНЫЙ РАСЧЕТ № 02-01-06 (14-057-КМ.СМ)
H10: (локальная смета)
G12: на Конструкции металлические. Опоры трубопроводов к проекту: Реконструкция системы технологической водоподготовки бассейна профилактория комбината
H13: (наименование работ и затрат, наименование объекта)
D15: Основание: 14-057-КМ
D16: Сметная стоимость строительных работ _______________________________________________________________________________________________ | J16: ___________________________2,139 | L16: тыс. руб.
D17: Средства на оплату труда _______________________________________________________________________________________________ | J17: ___________________________0,182 | L17: тыс. руб.
D18: Сметная трудоемкость _______________________________________________________________________________________________ | J18: _______________________________________________________________________________________________11,54 | L18: чел.час
D19: Составлен(а) в текущих (прогнозных) ценах по состоянию на 2001г.
A22: № пп | B22: Обосно- вание | C22: Наименование | D22: Ед. изм. | E22: Кол. на ед./ всего | F22: Стоимость единицы, руб. | J22: Общая стоимость, руб. | N22: Т/з осн. раб.на ед. | O22: Т/з осн. раб. Всего | P22: Т/з мех. на ед. | Q22: Т/з мех. Всего
F23: Всего | G23: В том числе | J23: Всего | K23: В том числе
G24: Осн.З/п | H24: Эк.Маш | I24: З/пМех | K24: Осн.З/п | L24: Эк.Маш | M24: З/пМех
A25: 1 | B25: 2 | C25: 3 | D25: 4 | E25: 5 | F25: 6 | G25: 7 | H25: 8 | I25: 9 | J25: 10 | K25: 11 | L25: 12 | M25: 13 | N25: 14 | O25: 15 | P25: 16 | Q25: 17
A26: Раздел 1. Опоры трубопроводов
A27: 1 | B27: ТЕР09-03-039-01 | C27: Монтаж опорных конструкций для крепления трубопроводов внутри зданий и сооружений массой до 0,1 т НР (66 руб.): 81%=90%*0.9 от ФОТ (82 руб.) СП (59 руб.): 72%=85%*0.85 от ФОТ (82 руб.) | D27: 1 т конструкций | E27: 0,0797 (9,5*6,89+1,0*14,2)/1000 | F27: 1711.14 | G27: 1025.21 | H27: 386.58 | I27: 2 | J27: 136 | K27: 82 | L27: 31 | N27: 80.22 | O27: 6.39 | P27: 0.11 | Q27: 0.01
C28: Затраты труда рабочих (ср 3,5) | D28: чел.час | E28: 80,22 6,39 | F28: 12.78 | G28: 12.78 | J28: 81.66 | K28: 81.66
B29: 1. 021141 | C29: Краны на автомобильном ходу при работе на других видах строительства 10 т | D29: маш.-ч | E29: 0,11 0,01 | F29: 127.47 | H29: 127.47 | I29: 18.2 | J29: 1.27 | L29: 1.27 | M29: 0.18
B30: 2. 030404 | C30: Лебедки электрические тяговым усилием до 31,39 кН (3,2 т) | D30: маш.-ч | E30: 4,29 0,34 | F30: 7.34 | H30: 7.34 | J30: 2.5 | L30: 2.5
B31: 3. 040504 | C31: Аппарат для газовой сварки и резки | D31: маш.-ч | E31: 2,32 0,18 | F31: 1.24 | H31: 1.24 | J31: 0.22 | L31: 0.22
B32: 4. 041000 | C32: Преобразователи сварочные с номинальным сварочным током 315-500 А | D32: маш.-ч | E32: 18,91 1,51 | F32: 16.43 | H32: 16.43 | J32: 24.81 | L32: 24.81
B33: 5. 041400 | C33: Электрические печи для сушки сварочных материалов с регулированием температуры в пределах от 80 °С до 500 °С | D33: маш.-ч | E33: 1,19 0,09 | F33: 8.43 | H33: 8.43 | J33: 0.76 | L33: 0.76
B34: 6. 400001 | C34: Автомобили бортовые, грузоподъемность до 5 т | D34: маш.-ч | E34: 0,16 0,01 | F34: 109.17 | H34: 109.17 | J34: 1.09 | L34: 1.09
B35: 7. 101-0309 | C35: Канаты пеньковые пропитанные | D35: т | E35: 0,0001 | F35: 40709.9
B36: 8. 101-0324 | C36: Кислород технический газообразный | D36: м3 | E36: 1,95 0,1554 | F36: 11.89 | J36: 1.85
B37: 9. 101-0797 | C37: Проволока горячекатаная в мотках, диаметром 6,3-6,5 мм | D37: т | E37: 3E-5 | F37: 4786.18
B38: 10. 101-1019 | C38: Швеллеры № 40 из стали марки Ст0 | D38: т | E38: 0,00194 0,0002 | F38: 5607.98 | J38: 1.12
B39: 11. 101-1515 | C39: Электроды диаметром 4 мм Э46 | D39: т | E39: 0,014 0,0011 | F39: 10924.19 | J39: 12.02
B40: 12. 101-1714 | C40: Болты с гайками и шайбами строительные | D40: т | E40: 0,005 0,0004 | F40: 16800 | J40: 6.72
B41: 13. 101-1805 | C41: Гвозди строительные | D41: т | E41: 1E-5 | F41: 10317.3
B42: 14. 101-2278 | C42: Пропан-бутан, смесь техническая | D42: кг | E42: 0,59 0,047 | F42: 9.16 | J42: 0.43
B43: 15. 101-2467 | C43: Растворитель марки Р-4 | D43: т | E43: 0,0006 | F43: 11900
B44: 16. 102-0023 | C44: Бруски обрезные хвойных пород длиной 4-6,5 м, шириной 75-150 мм, толщиной 40-75 мм, I сорта | D44: м3 | E44: 0,00103 0,0001 | F44: 2003.96 | J44: 0.2
B45: 17. 113-0021 | C45: Грунтовка ГФ-021 красно-коричневая | D45: т | E45: 0,00031 | F45: 23800
B46: 18. 508-0097 | C46: Канат двойной свивки типа ТК, конструкции 6х19(1+6+12)+1 о.с., оцинкованный из проволок марки В, маркировочная группа 1770 н/мм2, диаметром 5,5 мм | D46: 10 м | E46: 0,0187 0,0015 | F46: 109.23 | J46: 0.16
A47: 2 | B47: ТСЦ-201-0888 | C47: Опоры скользящие и катковые, крепежные детали, хомуты | D47: т | E47: 0,0797 (9,5*6,89+1,0*14,2)/1000 | F47: 12993 | J47: 1036
A48: 3 | B48: ТЕР46-03-001-01 | C48: Сверление вертикальных отверстий глубиной 200 мм (80 мм) диаметром 21 мм НР (73 руб.): 99%=110%*0.9 от ФОТ (74 руб.) СП (44 руб.): 60%=70%*0.85 от ФОТ (74 руб.) | D48: 100 отверстий | E48: 0,16 16 / 100 | F48: 2712.24 | G48: 234.42 | H48: 872.51 | I48: 222.22 | J48: 434 | K48: 38 | L48: 140 | M48: 36 | N48: 17.3 | O48: 2.77 | P48: 16.4 | Q48: 2.62
C49: Затраты труда рабочих (ср 4) | D49: чел.час | E49: 17,3 2,77 | F49: 13.55 | G49: 13.55 | J49: 37.53 | K49: 37.53
B50: 1. 330210 | C50: Установки для сверления отверстий в железобетоне диаметром до 160 мм | D50: маш.-ч | E50: 16,4 2,62 | F50: 41.22 | H50: 41.22 | I50: 13.55 | J50: 108 | L50: 108 | M50: 35.5
B51: 2. 400001 | C51: Автомобили бортовые, грузоподъемность до 5 т | D51: маш.-ч | E51: 1,8 0,29 | F51: 109.17 | H51: 109.17 | J51: 31.66 | L51: 31.66
B52: 3. 101-1913 | C52: Сверла кольцевые алмазные диаметром 20 мм | D52: шт. | E52: 2,52 0,4032 | F52: 636.17 | J52: 256.5
B53: 4. 411-0001 | C53: Вода | D53: м3 | E53: 0,443 0,0709 | F53: 4.88 | J53: 0.35
A54: 4 | B54: ТЕР46-03-001-17 | C54: На каждые 10 мм изменения глубины сверления добавляется или исключается к расценке 46-03-001-01 (ПЗ=12 (ОЗП=12; ЭМ=12 к расх.; ЗПМ=12; МАТ=12 к расх.; ТЗ=12; ТЗМ=12)) НР (-26 руб.): 99%=110%*0.9 от ФОТ (-26 руб.) СП (-16 руб.): 60%=70%*0.85 от ФОТ (-26 руб.) | D54: 100 отверстий | E54: -0,16 -16 / 100 | F54: 1399.56 | G54: 30.84 | H54: 405.6 | I54: 133.32 | J54: -224 | K54: -5 | L54: -65 | M54: -21 | N54: 2.28 | O54: -0.36 | P54: 9.84 | Q54: -1.57
C55: Затраты труда рабочих (ср 4) | D55: чел.час | E55: 2,28 -0,36 | F55: 13.55 | G55: 13.55 | J55: -4.88 | K55: -4.88
B56: 1. 330210 | C56: Установки для сверления отверстий в железобетоне диаметром до 160 мм | D56: маш.-ч | E56: 9,84 -1,57 | F56: 41.22 | H56: 41.22 | I56: 13.55 | J56: -64.72 | L56: -64.72 | M56: -21.27
B57: 2. 101-1913 | C57: Сверла кольцевые алмазные диаметром 20 мм | D57: шт. | E57: 1,512 -0,2419 | F57: 636.17 | J57: -153.89
B58: 3. 411-0001 | C58: Вода | D58: м3 | E58: 0,264 -0,0422 | F58: 4.88 | J58: -0.21
A59: 5 | B59: ТЕР46-03-002-01 | C59: Сверление горизонтальных отверстий глубиной 200 мм (80 мм) диаметром 21 мм НР (73 руб.): 99%=110%*0.9 от ФОТ (74 руб.) СП (44 руб.): 60%=70%*0.85 от ФОТ (74 руб.) | D59: 100 отверстий | E59: 0,12 12 / 100 | F59: 3025.12 | G59: 315.72 | H59: 1103.35 | I59: 298.1 | J59: 363 | K59: 38 | L59: 132 | M59: 36 | N59: 23.3 | O59: 2.8 | P59: 22 | Q59: 2.64
C60: Затраты труда рабочих (ср 4) | D60: чел.час | E60: 23,3 2,8 | F60: 13.55 | G60: 13.55 | J60: 37.94 | K60: 37.94
B61: 1. 330210 | C61: Установки для сверления отверстий в железобетоне диаметром до 160 мм | D61: маш.-ч | E61: 22 2,64 | F61: 41.22 | H61: 41.22 | I61: 13.55 | J61: 108.82 | L61: 108.82 | M61: 35.77
B62: 2. 400001 | C62: Автомобили бортовые, грузоподъемность до 5 т | D62: маш.-ч | E62: 1,8 0,22 | F62: 109.17 | H62: 109.17 | J62: 24.02 | L62: 24.02
B63: 3. 101-1913 | C63: Сверла кольцевые алмазные диаметром 20 мм | D63: шт. | E63: 2,52 0,3024 | F63: 636.17 | J63: 192.38
B64: 4. 411-0001 | C64: Вода | D64: м3 | E64: 0,594 0,0713 | F64: 4.88 | J64: 0.35
A65: 6 | B65: ТЕР46-03-002-17 | C65: На каждые 10 мм изменения глубины сверления добавляется или исключается к расценке 46-03-002-01 (ПЗ=12 (ОЗП=12; ЭМ=12 к расх.; ЗПМ=12; МАТ=12 к расх.; ТЗ=12; ТЗМ=12)) НР (-28 руб.): 99%=110%*0.9 от ФОТ (-28 руб.) СП (-17 руб.): 60%=70%*0.85 от ФОТ (-28 руб.) | D65: 100 отверстий | E65: -0,12 -12 / 100 | F65: 1567.8 | G65: 60.12 | H65: 544.08 | I65: 178.92 | J65: -188 | K65: -7 | L65: -65 | M65: -21 | N65: 4.44 | O65: -0.53 | P65: 13.2 | Q65: -1.58
C66: Затраты труда рабочих (ср 4) | D66: чел.час | E66: 4,44 -0,53 | F66: 13.55 | G66: 13.55 | J66: -7.18 | K66: -7.18
B67: 1. 330210 | C67: Установки для сверления отверстий в железобетоне диаметром до 160 мм | D67: маш.-ч | E67: 13,2 -1,58 | F67: 41.22 | H67: 41.22 | I67: 13.55 | J67: -65.13 | L67: -65.13 | M67: -21.41
B68: 2. 101-1913 | C68: Сверла кольцевые алмазные диаметром 20 мм | D68: шт. | E68: 1,512 -0,1814 | F68: 636.17 | J68: -115.4
B69: 3. 411-0001 | C69: Вода | D69: м3 | E69: 0,36 -0,0432 | F69: 4.88 | J69: -0.21
A70: 7 | B70: ТЕР06-01-015-01 | C70: Установка анкерных болтов в готовые гнезда с заделкой длиной до 1 м 4 007,90 = 14 827,90 - 1 x 10 820,00 НР (3 руб.): 95%=105%*0.9 от ФОТ (3 руб.) СП (2 руб.): 55%=65%*0.85 от ФОТ (3 руб.) | D70: 1 т | E70: 0,00084 0,042*20/1000 | F70: 4007.9 | G70: 3931.32 | H70: 72.26 | I70: 4.55 | J70: 3 | K70: 3 | N70: 315.01 | O70: 0.26 | P70: 0.25
C71: Затраты труда рабочих (ср 3,3) | D71: чел.час | E71: 315,01 0,26 | F71: 12.48 | G71: 12.48 | J71: 3.24 | K71: 3.24
B72: 1. 021141 | C72: Краны на автомобильном ходу при работе на других видах строительства 10 т | D72: маш.-ч | E72: 0,25 | F72: 127.47 | H72: 127.47 | I72: 18.2
B73: 2. 400001 | C73: Автомобили бортовые, грузоподъемность до 5 т | D73: маш.-ч | E73: 0,37 | F73: 109.17 | H73: 109.17
B74: 3. 201-0798 | C74: Кондуктор инвентарный металлический | D74: шт. | E74: 0,01 | F74: 432
A75: 8 | B75: Материалы | C75: Шпилька VMU-A 8-10/100 (Транспортные расходы на МАТ по прайсам МАТ=0,3% к расх.; Заготовительно-складские расходы на МАТ по прайсам МАТ=2% к расх.) | D75: шт | E75: 28 | F75: 4,4 29,08/1,18/ИндексСМР | J75: 123
A76: 9 | B76: Материалы | C76: Анкер химический (Транспортные расходы на МАТ по прайсам МАТ=0,3% к расх.; Заготовительно-складские расходы на МАТ по прайсам МАТ=2% к расх.) | D76: шт | E76: 1 | F76: 156,26 1032,74/1,18/ИндексСМР | J76: 156
A77: 10 | B77: ТЕР13-03-002-04 | C77: Огрунтовка металлических поверхностей за один раз грунтовкой ГФ-021 НР (2 руб.): 81%=90%*0.9 от ФОТ (3 руб.) СП (2 руб.): 60%=70%*0.85 от ФОТ (3 руб.) | D77: 100 м2 окрашиваемой поверхности | E77: 0,04 (65,5*0,052+14,2*0,0416) / 100 | F77: 417.46 | G77: 79.65 | H77: 10.15 | I77: 0.16 | J77: 17 | K77: 3 | N77: 5.31 | O77: 0.21 | P77: 0.01
C78: Затраты труда рабочих (ср 4,7) | D78: чел.час | E78: 5,31 0,21 | F78: 15 | G78: 15 | J78: 3.15 | K78: 3.15
B79: 1. 030101 | C79: Автопогрузчики 5 т | D79: маш.-ч | E79: 0,01 | F79: 76.88 | H79: 76.88 | I79: 15.62
B80: 2. 030401 | C80: Лебедки электрические тяговым усилием до 5,79 кН (0,59 т) | D80: маш.-ч | E80: 0,01 | F80: 1.93 | H80: 1.93
B81: 3. 340101 | C81: Агрегаты окрасочные высокого давления для окраски поверхностей конструкций мощностью 1 кВт | D81: маш.-ч | E81: 1,12 0,04 | F81: 7.38 | H81: 7.38 | J81: 0.3 | L81: 0.3
B82: 4. 400001 | C82: Автомобили бортовые, грузоподъемность до 5 т | D82: маш.-ч | E82: 0,01 | F82: 109.17 | H82: 109.17
B83: 5. 113-0021 | C83: Грунтовка ГФ-021 красно-коричневая | D83: т | E83: 0,012 0,0005 | F83: 23800 | J83: 11.9
B84: 6. 113-0077 | C84: Ксилол нефтяной марки А | D84: т | E84: 0,002 0,0001 | F84: 21030.01 | J84: 2.1
A85: Итого прямые затраты по разделу в ценах 2001г. | J85: 1856 | K85: 152 | L85: 173 | M85: 30 | O85: 11.54 | Q85: 2.12
A86: Накладные расходы | J86: 164
A87: Сметная прибыль | J87: 119
A88: Итоги по разделу 1 Опоры трубопроводов :
A89: Строительные металлические конструкции | J89: 261 | O89: 6.39 | Q89: 0.01
A90: Материалы для строительных работ | J90: 1036
A91: Работы по реконструкции зданий и сооружений (усиление и замена существующих конструкций, разборка и возведение отдельных конструктивных элементов) | J91: 534 | O91: 4.68 | Q91: 2.11
A92: Бетонные и железобетонные монолитные конструкции в промышленном строительстве | J92: 8 | O92: 0.26
A93: Материалы для строительных работ по прайсам | J93: 279
A94: Защита строительных конструкций и оборудования от коррозии | J94: 21 | O94: 0.21
A95: Итого | J95: 2139 | O95: 11.54 | Q95: 2.12
A96: В том числе:
A97: Материалы | J97: 1531
A98: Машины и механизмы | J98: 173
A99: ФОТ | J99: 182
A100: Накладные расходы | J100: 164
A101: Сметная прибыль | J101: 119
A102: Итого по разделу 1 Опоры трубопроводов | J102: 2139 | O102: 11.54 | Q102: 2.12
A103: ИТОГИ ПО СМЕТЕ:
A104: Итого прямые затраты по смете в ценах 2001г. | J104: 1856 | K104: 152 | L104: 173 | M104: 30 | O104: 11.54 | Q104: 2.12
A105: Накладные расходы | J105: 164
A106: Сметная прибыль | J106: 119
A107: Итоги по смете:
...

Sheet 09-01
A1: СОГЛАСОВАНО: | M1: УТВЕРЖДАЮ:
A4: _________________ | M4: _________________
A5: " _____ " ________________ 2013 г. | M5: "____" ______________2013 г.
H6: ФГУП "Комбинат "Электрохимприбор" г. Лесной, Свердловской области
H7: (наименование стройки)
H9: ЛОКАЛЬНЫЙ СМЕТНЫЙ РАСЧЕТ № 09-01
H10: (локальная смета)
G12: на Пуско-наладочные работы. Технологическая часть к проекту: Реконструкция системы технологической водоподготовки бассейна профилактория комбината
H13: (наименование работ и затрат, наименование объекта)
D15: Основание:
D16: Сметная стоимость прочих _______________________________________________________________________________________________ | J16: ___________________________35,990 | L16: тыс. руб.
D17: Средства на оплату труда _______________________________________________________________________________________________ | J17: ___________________________17,556 | L17: тыс. руб.
D18: Сметная трудоемкость _______________________________________________________________________________________________ | J18: _______________________________________________________________________________________________855 | L18: чел.час
D19: Составлен(а) в текущих (прогнозных) ценах по состоянию на 2001г.
A22: № пп | B22: Обосно- вание | C22: Наименование | D22: Ед. изм. | E22: Кол. на ед./ всего | F22: Стоимость единицы, руб. | J22: Общая стоимость, руб. | N22: Т/з осн. раб.на ед. | O22: Т/з осн. раб. Всего | P22: Т/з мех. на ед. | Q22: Т/з мех. Всего
F23: Всего | G23: В том числе | J23: Всего | K23: В том числе
G24: Осн.З/п | H24: Эк.Маш | I24: З/пМех | K24: Осн.З/п | L24: Эк.Маш | M24: З/пМех
A25: 1 | B25: 2 | C25: 3 | D25: 4 | E25: 5 | F25: 6 | G25: 7 | H25: 8 | I25: 9 | J25: 10 | K25: 11 | L25: 12 | M25: 13 | N25: 14 | O25: 15 | P25: 16 | Q25: 17
A26: Раздел 1. Технологическая часть
A27: 1 | B27: ТЕРп09-02-050-01 | C27: Установка насосная НР (1426 руб.): 65% от ФОТ (2194 руб.) СП (878 руб.): 40% от ФОТ (2194 руб.) | D27: 1 установка | E27: 5 | F27: 438.82 | G27: 438.82 | J27: 2194 | K27: 2194 | N27: 20 | O27: 100
C28: Главный технолог | D28: чел.час | E28: 1 5 | F28: 25.83 | G28: 25.83 | J28: 129.15 | K28: 129.15
C29: Ведущий инженер | D29: чел.час | E29: 4 20 | F29: 23.86 | G29: 23.86 | J29: 477.2 | K29: 477.2
C30: Инженер I категории | D30: чел.час | E30: 10 50 | F30: 21.83 | G30: 21.83 | J30: 1091.5 | K30: 1091.5
C31: Инженер II категории | D31: чел.час | E31: 5 25 | F31: 19.85 | G31: 19.85 | J31: 496.25 | K31: 496.25
A32: 2 | B32: ТЕРп07-04-019-01 | C32: Установка для обезараживания воды НР (4457 руб.): 65% от ФОТ (6857 руб.) СП (2743 руб.): 40% от ФОТ (6857 руб.) | D32: 1 установка | E32: 1 | F32: 6857.11 | G32: 6857.11 | J32: 6857 | K32: 6857 | N32: 337 | O32: 337
C33: Инженер-теплотехник I категории | D33: чел.час | E33: 168,5 168,5 | F33: 21.83 | G33: 21.83 | J33: 3678.36 | K33: 3678.36
C34: Инженер-теплотехник II категории | D34: чел.час | E34: 84,25 84,25 | F34: 19.85 | G34: 19.85 | J34: 1672.36 | K34: 1672.36
C35: Инженер-теплотехник III категории | D35: чел.час | E35: 84,25 84,25 | F35: 17.88 | G35: 17.88 | J35: 1506.39 | K35: 1506.39
A36: 3 | B36: ТЕРп07-04-008-01 | C36: Установка для механического фильтрования воды ( из 2-х фильтров) НР (5528 руб.): 65% от ФОТ (8505 руб.) СП (3402 руб.): 40% от ФОТ (8505 руб.) | D36: 1 установка | E36: 1 | F36: 8505.26 | G36: 8505.26 | J36: 8505 | K36: 8505 | N36: 418 | O36: 418
C37: Инженер-теплотехник I категории | D37: чел.час | E37: 209 209 | F37: 21.83 | G37: 21.83 | J37: 4562.47 | K37: 4562.47
C38: Инженер-теплотехник II категории | D38: чел.час | E38: 104,5 104,5 | F38: 19.85 | G38: 19.85 | J38: 2074.33 | K38: 2074.33
C39: Инженер-теплотехник III категории | D39: чел.час | E39: 104,5 104,5 | F39: 17.88 | G39: 17.88 | J39: 1868.46 | K39: 1868.46
A40: Итого прямые затраты по разделу в ценах 2001г. | J40: 17556 | K40: 17556 | O40: 855
A41: Накладные расходы | J41: 11411
A42: Сметная прибыль | J42: 7023
A43: Итоги по разделу 1 Технологическая часть :
A44: Пусконаладочные работы: 'вхолостую' - 30%, 'под нагрузкой' - 70% | J44: 4498 | O44: 100
A45: Пусконаладочные работы: 'вхолостую' - 60%, 'под нагрузкой' - 40% | J45: 31492 | O45: 755
A46: Итого | J46: 35990 | O46: 855
A47: В том числе:
A48: ФОТ | J48: 17556
A49: Накладные расходы | J49: 11411
A50: Сметная прибыль | J50: 7023
A51: Итого по разделу 1 Технологическая часть | J51: 35990 | O51: 855
A52: ИТОГИ ПО СМЕТЕ:
A53: Итого прямые затраты по смете в ценах 2001г. | J53: 17556 | K53: 17556 | O53: 855
A54: Накладные расходы | J54: 11411
A55: Сметная прибыль | J55: 7023
A56: Итоги по смете:
A57: Пусконаладочные работы: 'вхолостую' - 30%, 'под нагрузкой' - 70% | J57: 4498 | O57: 100
A58: Пусконаладочные работы: 'вхолостую' - 60%, 'под нагрузкой' - 40% | J58: 31492 | O58: 755
A59: Итого | J59: 35990 | O59: 855
A60: В том числе:
A61: ФОТ | J61: 17556
A62: Накладные расходы | J62: 11411
A63: Сметная прибыль | J63: 7023
A64: ВСЕГО по смете | J64: 35990 | O64: 855
A67: Список переменных по смете:
A69: Наименование переменной | D69: Иденти- фикатор | E69: Значение | F69: Результат
A70: Индекс инфляции на СМР на III квартал 2014г. Прочие Приложение 1 к письму №15285-ЕС/08 от 04.08.14г. | D70: ИндексСМР | E70: 5.73 | F70: 5.73
A71: Индекс инфляции на Оборудование на III квартал 2014г. Электроэнергетика. Приложение 5 к письму №15285-ЕС/08 от 04.08.14г. | D71: ИндексОБ | E71: 4.04 | F71: 4.04
A72: Евро на 05.09.14 | D72: Евро | E72: 48.38 | F72: 48.38
A76: Составил: ___________________________
A77: (должность, подпись, расшифровка)
A79: Проверил: ___________________________
A80: (должность, подпись, расшифровка)

Sheet 09-02
A1: СОГЛАСОВАНО: | M1: УТВЕРЖДАЮ:
A4: _________________ | M4: _________________
A5: " _____ " ________________ 2013 г. | M5: "____" ______________2013 г.
H6: ФГУП "Комбинат "Электрохимприбор" г. Лесной, Свердловской области
H7: (наименование стройки)
H9: ЛОКАЛЬНЫЙ СМЕТНЫЙ РАСЧЕТ № 09-02
H10: (локальная смета)
G12: на Пуско-наладочные работы. Отопление к проекту: Реконструкция системы технологической водоподготовки бассейна профилактория комбината
H13: (наименование работ и затрат, наименование объекта)
D15: Основание: 14-057-ОВ
D16: Сметная стоимость прочих _______________________________________________________________________________________________ | J16: ___________________________0,303 | L16: тыс. руб.
D17: Средства на оплату труда _______________________________________________________________________________________________ | J17: ___________________________0,148 | L17: тыс. руб.
D18: Сметная трудоемкость _______________________________________________________________________________________________ | J18: _______________________________________________________________________________________________8 | L18: чел.час
D19: Составлен(а) в текущих (прогнозных) ценах по состоянию на 2001г.
A22: № пп | B22: Обосно- вание | C22: Наименование | D22: Ед. изм. | E22: Кол. на ед./ всего | F22: Стоимость единицы, руб. | J22: Общая стоимость, руб. | N22: Т/з осн. раб.на ед. | O22: Т/з осн. раб. Всего | P22: Т/з мех. на ед. | Q22: Т/з мех. Всего
F23: Всего | G23: В том числе | J23: Всего | K23: В том числе
G24: Осн.З/п | H24: Эк.Маш | I24: З/пМех | K24: Осн.З/п | L24: Эк.Маш | M24: З/пМех
A25: 1 | B25: 2 | C25: 3 | D25: 4 | E25: 5 | F25: 6 | G25: 7 | H25: 8 | I25: 9 | J25: 10 | K25: 11 | L25: 12 | M25: 13 | N25: 14 | O25: 15 | P25: 16 | Q25: 17
A26: Раздел 1. Отопление
A27: 1 | B27: ТЕРп03-01-004-01 | C27: Установка теплообменная НР (96 руб.): 65% от ФОТ (148 руб.) СП (59 руб.): 40% от ФОТ (148 руб.) | D27: 1 установка | E27: 2 | F27: 73.79 | G27: 73.79 | J27: 148 | K27: 148 | N27: 4 | O27: 8
C28: Рабочий наладчик 6 разряда (ср 6) | D28: чел.час | E28: 0,4 0,8 | F28: 18.2 | G28: 18.2 | J28: 14.56 | K28: 14.56
C29: Ведущий инженер | D29: чел.час | E29: 0,4 0,8 | F29: 23.86 | G29: 23.86 | J29: 19.09 | K29: 19.09
C30: Инженер I категории | D30: чел.час | E30: 1 2 | F30: 21.83 | G30: 21.83 | J30: 43.66 | K30: 43.66
C31: Инженер III категории | D31: чел.час | E31: 1 2 | F31: 17.88 | G31: 17.88 | J31: 35.76 | K31: 35.76
C32: Техник I категории | D32: чел.час | E32: 1,2 2,4 | F32: 14.38 | G32: 14.38 | J32: 34.51 | K32: 34.51
A33: Итого прямые затраты по разделу в ценах 2001г. | J33: 148 | K33: 148 | O33: 8
A34: Накладные расходы | J34: 96
A35: Сметная прибыль | J35: 59
A36: Итоги по разделу 1 Отопление :
A37: Пусконаладочные работы: 'вхолостую' - 75%, 'под нагрузкой' - 25% | J37: 303 | O37: 8
A38: Итого | J38: 303 | O38: 8
A39: В том числе:
A40: ФОТ | J40: 148
A41: Накладные расходы | J41: 96
A42: Сметная прибыль | J42: 59
A43: Итого по разделу 1 Отопление | J43: 303 | O43: 8
A44: ИТОГИ ПО СМЕТЕ:
A45: Итого прямые затраты по смете в ценах 2001г. | J45: 148 | K45: 148 | O45: 8
A46: Накладные расходы | J46: 96
A47: Сметная прибыль | J47: 59
A48: Итоги по смете:
A49: Пусконаладочные работы: 'вхолостую' - 75%, 'под нагрузкой' - 25% | J49: 303 | O49: 8
A50: Итого | J50: 303 | O50: 8
A51: В том числе:
A52: ФОТ | J52: 148
A53: Накладные расходы | J53: 96
A54: Сметная прибыль | J54: 59
A55: ВСЕГО по смете | J55: 303 | O55: 8

Sheet 09-03
G2: на Пуско-наладочные работы. Автоматика к проекту: Реконструкция системы технологической водоподготовки бассейна профилактория комбината
H3: (наименование работ и затрат, наименование объекта)
D5: Основание:
D6: Сметная стоимость прочих _______________________________________________________________________________________________ | J6: ___________________________2,399 | L6: тыс. руб.
D7: Средства на оплату труда _______________________________________________________________________________________________ | J7: ___________________________1,170 | L7: тыс. руб.
D8: Сметная трудоемкость _______________________________________________________________________________________________ | J8: _______________________________________________________________________________________________58,55 | L8: чел.час
D9: Составлен(а) в текущих (прогнозных) ценах по состоянию на 2001г.
A12: № пп | B12: Обосно- вание | C12: Наименование | D12: Ед. изм. | E12: Кол. на ед./ всего | F12: Стоимость единицы, руб. | J12: Общая стоимость, руб. | N12: Т/з осн. раб.на ед. | O12: Т/з осн. раб. Всего | P12: Т/з мех. на ед. | Q12: Т/з мех. Всего
F13: Всего | G13: В том числе | J13: Всего | K13: В том числе
G14: Осн.З/п | H14: Эк.Маш | I14: З/пМех | K14: Осн.З/п | L14: Эк.Маш | M14: З/пМех
A15: 1 | B15: 2 | C15: 3 | D15: 4 | E15: 5 | F15: 6 | G15: 7 | H15: 8 | I15: 9 | J15: 10 | K15: 11 | L15: 12 | M15: 13 | N15: 14 | O15: 15 | P15: 16 | Q15: 17
A16: Раздел 1. Автоматика
A17: 1 | B17: ТЕРп02-01-001-01 | C17: Автоматизированная система управления I категории технической сложности с количеством каналов (Кобщ) 2 НР (174 руб.): 65% от ФОТ (268 руб.) СП (107 руб.): 40% от ФОТ (268 руб.) | D17: 1 система | E17: 1 | F17: 267.73 | G17: 267.73 | J17: 268 | K17: 268 | N17: 13.4 | O17: 13.4
C18: Ведущий инженер | D18: чел.час | E18: 1,34 1,34 | F18: 23.86 | G18: 23.86 | J18: 31.97 | K18: 31.97
C19: Инженер I категории | D19: чел.час | E19: 2,68 2,68 | F19: 21.83 | G19: 21.83 | J19: 58.5 | K19: 58.5
C20: Инженер II категории | D20: чел.час | E20: 6,03 6,03 | F20: 19.85 | G20: 19.85 | J20: 119.7 | K20: 119.7
C21: Инженер III категории | D21: чел.час | E21: 2,68 2,68 | F21: 17.88 | G21: 17.88 | J21: 47.92 | K21: 47.92
C22: Техник I категории | D22: чел.час | E22: 0,67 0,67 | F22: 14.38 | G22: 14.38 | J22: 9.63 | K22: 9.63
A23: 2 | B23: ТЕРп02-01-001-02 | C23: Автоматизированная система управления I категории технической сложности с количеством каналов (Кобщ) за каждый канал свыше 2 до 9 добавлять к расценке 02-01-001-01 НР (586 руб.): 65% от ФОТ (902 руб.) СП (361 руб.): 40% от ФОТ (902 руб.) | D23: 1 канал | E23: 7 | F23: 128.87 | G23: 128.87 | J23: 902 | K23: 902 | N23: 6.45 | O23: 45.15
C24: Ведущий инженер | D24: чел.час | E24: 0,645 4,52 | F24: 23.86 | G24: 23.86 | J24: 107.85 | K24: 107.85
C25: Инженер I категории | D25: чел.час | E25: 1,29 9,03 | F25: 21.83 | G25: 21.83 | J25: 197.12 | K25: 197.12
C26: Инженер II категории | D26: чел.час | E26: 2,9025 20,32 | F26: 19.85 | G26: 19.85 | J26: 403.35 | K26: 403.35
C27: Инженер III категории | D27: чел.час | E27: 1,29 9,03 | F27: 17.88 | G27: 17.88 | J27: 161.46 | K27: 161.46
C28: Техник I категории | D28: чел.час | E28: 0,3225 2,26 | F28: 14.38 | G28: 14.38 | J28: 32.5 | K28: 32.5
A29: Итого прямые затраты по разделу в ценах 2001г. | J29: 1170 | K29: 1170 | O29: 58.55
A30: Накладные расходы | J30: 761
A31: Сметная прибыль | J31: 468
A32: Итоги по разделу 1 Автоматика :
A33: Пусконаладочные работы: 'вхолостую' - 80%, 'под нагрузкой' - 20% | J33: 2399 | O33: 58.55
A34: Итого | J34: 2399 | O34: 58.55
A35: В том числе:
A36: ФОТ | J36: 1170
A37: Накладные расходы | J37: 761
A38: Сметная прибыль | J38: 468
A39: Итого по разделу 1 Автоматика | J39: 2399 | O39: 58.55
A40: ИТОГИ ПО СМЕТЕ:
A41: Итого прямые затраты по смете в ценах 2001г. | J41: 1170 | K41: 1170 | O41: 58.55
A42: Накладные расходы | J42: 761
A43: Сметная прибыль | J43: 468
A44: Итоги по смете:
A45: Пусконаладочные работы: 'вхолостую' - 80%, 'под нагрузкой' - 20% | J45: 2399 | O45: 58.55
A46: Итого | J46: 2399 | O46: 58.55
A47: В том числе:
A48: ФОТ | J48: 1170
A49: Накладные расходы | J49: 761
A50: Сметная прибыль | J50: 468
A51: ВСЕГО по смете | J51: 2399 | O51: 58.55

Sheet 7086-1
A1: СОГЛАСОВАНО: | M1: УТВЕРЖДАЮ:
A4: _________________ | M4: _________________Е.В. Гордеев
A5: " _____ " ________________ 2015 г. | M5: "______ " _______________2015 г.
G6: ФГУП"Комбинат"Электрохимприбор", г. Лесной, Свердловская область
G7: (наименование стройки)
G9: ЛОКАЛЬНЫЙ СМЕТНЫЙ РАСЧЕТ № 7086/1
G10: (локальная смета)
C12: на | D12: Пусконаладочные работы "вхолостую". Электрооборудование
D13: Реконструкция системы технологической водоподготовки бассейна профилактория комбината (инв.№ 6200391)
G14: (наименование работ и затрат, наименование объекта)
D16: Основание: р.д. инв.№ 12-027-ЭМ; 12-027-АТХ
D17: Сметная стоимость прочих _______________________________________________________________________________________________ | J17: ___________________________47,046 | L17: тыс. руб.
D18: Средства на оплату труда _______________________________________________________________________________________________ | J18: ___________________________22,949 | L18: тыс. руб.
D19: Сметная трудоемкость _______________________________________________________________________________________________ | J19: _______________________________________________________________________________________________999,98 | L19: чел.час
D20: Составлен(а) в базовых ценах по состоянию на 01.01.2000г. (в редакции 2009г.)
A23: № пп | B23: Обосно- вание | C23: Наименование | D23: Ед. изм. | E23: Кол. | F23: Стоимость единицы, руб. | J23: Общая стоимость, руб. | O23: Т/з осн. раб.на ед. | P23: Т/з осн. раб. Всего | Q23: Общая масса обору-дования, т
F24: Всего | G24: В том числе | J24: Обору- дование | K24: Всего | L24: В том числе
G25: Осн.З/п | H25: Эк.Маш | I25: З/пМех | L25: Осн.З/п | M25: Эк.Маш | N25: З/пМех
A26: 1 | B26: 2 | C26: 3 | D26: 4 | E26: 5 | F26: 6 | G26: 7 | H26: 8 | I26: 9 | J26: 10 | K26: 11 | L26: 12 | M26: 13 | N26: 14 | O26: 15 | P26: 16 | Q26: 17
A27: Раздел 1.
A28: 1 | B28: ТЕРп02-01-003-11 поз.18 остаток по смете 7086 | C28: Автоматизированная система управления III категории технической сложности с количеством каналов (Кобщ) 160 | D28: 1 система | E28: 0,83 1-0,17 | F28: 34561.19 | G28: 34561.19 | K28: 28686 | L28: 28686 | O28: 1506 | P28: 1249.98
A29: Итого прямые затраты по смете в ценах 2001г. | K29: 28686 | L29: 28686 | P29: 1249.98
A30: Итого прямые затраты по смете с учетом коэффициентов к итогам | K30: 22949 | L30: 22949 | P30: 999.98
A31: В том числе, справочно:
A32: Доля пусконаладочных работ "вхолостую" ОЗП=0,8; ТЗ=0,8 (Поз. 1) | K32: -5737 | L32: -5737 | P32: -249.996
A33: Накладные расходы | K33: 14917
A34: Сметная прибыль | K34: 9180
A35: ВСЕГО по смете | K35: 47046 | P35: 999.98
A36: Пусконаладочные работы: 'вхолостую' - 80% | K36: 47046 | P36: 999.98
A37: Итого | K37: 47046 | P37: 999.98
A38: В том числе:
A39: ФОТ | K39: 22949
A40: Накладные расходы | K40: 14917
A41: Сметная прибыль | K41: 9180
A42: ВСЕГО по смете | K42: 47046 | P42: 999.98
A46: Составил: ___________________________Ю.А. Воеводина
A47: (должность, подпись, расшифровка)
A49: Проверил: ___________________________В.А. Великанов
A50: (должность, подпись, расшифровка)

Sheet 7162
A1: СОГЛАСОВАНО: | M1: УТВЕРЖДАЮ:
A4: _________________ | M4: _________________Е.В. Гордеев
A5: " _____ " ________________ 2015 г. | M5: "______ " _______________2015 г.
G6: ФГУП"Комбинат"Электрохимприбор", г. Лесной, Свердловская область
G7: (наименование стройки)
G9: ЛОКАЛЬНЫЙ СМЕТНЫЙ РАСЧЕТ № 7162 (к смете 12-027-АТХ1.СМ)
G10: (локальная смета)
C12: на | D12: Пусконаладочные работы "вхолостую". Автоматика
D13: Реконструкция системы технологической водоподготовки бассейна профилактория комбината (инв.№ 6200391)
G14: (наименование работ и затрат, наименование объекта)
D16: Основание: 12-027-АТХ.С1
D17: Сметная стоимость прочих _______________________________________________________________________________________________ | J17: ___________________________5,162 | L17: тыс. руб.
D18: Средства на оплату труда _______________________________________________________________________________________________ | J18: ___________________________2,518 | L18: тыс. руб.
D19: Сметная трудоемкость _______________________________________________________________________________________________ | J19: _______________________________________________________________________________________________114,75 | L19: чел.час
D20: Составлен(а) в базовых ценах по состоянию на 01.01.2000г. (в редакции 2009г.)
A23: № пп | B23: Обосно- вание | C23: Наименование | D23: Ед. изм. | E23: Кол. | F23: Стоимость единицы, руб. | J23: Общая стоимость, руб. | O23: Т/з осн. раб.на ед. | P23: Т/з осн. раб. Всего | Q23: Общая масса обору-дования, т
F24: Всего | G24: В том числе | J24: Обору- дование | K24: Всего | L24: В том числе
G25: Осн.З/п | H25: Эк.Маш | I25: З/пМех | L25: Осн.З/п | M25: Эк.Маш | N25: З/пМех
